Workbook
Name Constr: '1'!#REF!
Name Constr: '2'!#REF!
Name FOT: '1'!#REF!
Name FOT: '2'!#REF!
Name Ind: '1'!#REF!
Name Ind: '2'!#REF!
Name Obj: '1'!#REF!
Name Obj: '2'!#REF!
Name Obosn: '1'!#REF!
Name Obosn: '2'!#REF!
Name SmPr: '1'!#REF!
Name SmPr: '2'!#REF!
Name аааааппппппрррппппппп: #REF!
Name аараооооооооооооо: #REF!
Name автом: #REF!
Name алшрльоплварл: #REF!
Name аолвлддддддддддддддддввввввввв: #REF!
Name апарв: #REF!
Name апрлдджаоырыфрпопрлпрлпрлп: #REF!
Name арлггаджаш: #REF!
Name ароррбллтблпроорапииас: #REF!
Name арррррблллпдрлдддддддддд: #REF!
Name варпаааааааааа: #REF!
Name ввпьььььлднд: #REF!
Name вед: #REF!
Name вертикальная: #REF!
Name вертикплан: #REF!
Name волен: #REF!
Name вп: #REF!
Name впырпфдыпл: #REF!
Name впьглорьтитттттттттт: #REF!
Name всввввввввввввввввввввввввв: #REF!
Name выб: #REF!
Name выпуск: #REF!
Name выьлепвввввпмп: #REF!
Name еваопродолжэрщэрзшщщх: #REF!
Name измен: #REF!
Name итого: #REF!
Name итого_сантех: #REF!
Name итого_стр: #REF!
Name итого_строит: #REF!
Name итого_технол: #REF!
Name итого_электр: #REF!
Name квота: #REF!
Name кккккккккк: #REF!
Name корек: #REF!
Name корект: #REF!
Name корректир: #REF!
Name лен: #REF!
Name лот: #REF!
Name мамиааааааааааааааааааааааааааааа: #REF!
Name ммпоослччччччччччрччапппппппппр: #REF!
Name мрол: #REF!
Name оз: #REF!
Name озелен: #REF!
Name озеленение: #REF!
Name озеленение2: #REF!
Name ОСР: #REF!
Name ОСР110: #REF!
Name ОСР111: #REF!

Sheet 1
A1: СОГЛАСОВАНО: | M1: УТВЕРЖДАЮ:
A4: _________________ | M4: _________________
A5: " _____ " ________________ 2013 г. | M5: "____" ______________2013 г.
H6: ФГУП "Комбинат "Электрохимприбор" г.Лесной, Свердловской области
H7: (наименование стройки)
H9: ЛОКАЛЬНЫЙ СМЕТНЫЙ РАСЧЕТ № 1
H10: (локальная смета)
C12: на | D12: Конструкции железобетонные, Автоматическая мойка цеха 013
H13: (наименование работ и затрат, наименование объекта)
D15: Основание: 13-044-01-КЖ1
D16: Сметная стоимость _______________________________________________________________________________________________ | J16: ___________________________289,826 | L16: тыс. руб.
D17: строительных работ _______________________________________________________________________________________________ | J17: _______________________________________________________________________________________________275,012 | L17: тыс. руб.
D18: монтажных работ _______________________________________________________________________________________________ | J18: _______________________________________________________________________________________________14,814 | L18: тыс. руб.
D19: Средства на оплату труда _______________________________________________________________________________________________ | J19: ___________________________24,014 | L19: тыс. руб.
D20: Сметная трудоемкость _______________________________________________________________________________________________ | J20: _______________________________________________________________________________________________1587,75 | L20: чел.час
D21: Составлен(а) в текущих (прогнозных) ценах по состоянию на ______________
A24: № пп | B24: Обосно- вание | C24: Наименование | D24: Ед. изм. | E24: Кол. | F24: Стоимость единицы, руб. | J24: Общая стоимость, руб. | N24: Т/з осн. раб.на ед. | O24: Т/з осн. раб. Всего | P24: Т/з мех. на ед. | Q24: Т/з мех. Всего
F25: Всего | G25: В том числе | J25: Всего | K25: В том числе
G26: Осн.З/п | H26: Эк.Маш | I26: З/пМех | K26: Осн.З/п | L26: Эк.Маш | M26: З/пМех
A27: 1 | B27: 2 | C27: 3 | D27: 4 | E27: 5 | F27: 6 | G27: 7 | H27: 8 | I27: 9 | J27: 10 | K27: 11 | L27: 12 | M27: 13 | N27: 14 | O27: 15 | P27: 16 | Q27: 17
A28: Раздел 1.
A29: 1 | B29: ТЕР04-01-037-03 | C29: Шнековое бурение скважин станками типа ЛБУ-50 глубиной бурения до 10 м в грунтах группы 3 | D29: 100 м бурения скважины | E29: 1.2 | F29: 7616.91 | G29: 880.75 | H29: 5219.2 | I29: 601.69 | J29: 9140 | K29: 1057 | L29: 6263 | M29: 722 | N29: 65 | O29: 78 | P29: 33.06 | Q29: 39.67
A30: 2 | B30: ТСЦ-109-0013 | C30: Долота трехшарошечные типа Ш76К-ЦВ | D30: шт. | E30: 0.804 | F30: 1606.5 | J30: 1292
A31: 3 | B31: ТЕР05-01-061-01 | C31: Установка в скважину арматурного каркаса | D31: 1 скважина | E31: 26 | F31: 531.86 | G31: 47.04 | H31: 472.21 | I31: 61.15 | J31: 13828 | K31: 1223 | L31: 12277 | M31: 1590 | N31: 3.55 | O31: 92.3 | P31: 3.36 | Q31: 87.36
A32: 4 | B32: ТСЦ-204-0025 | C32: Горячекатаная арматурная сталь периодического профиля класса А-III, диаметром 20-22 мм | D32: т | E32: 2.5676 | F32: 4533.96 | J32: 11641
A33: 5 | B33: ТСЦ-204-0040 | C33: Надбавки к ценам заготовок за сборку и сварку каркасов и сеток плоских, диаметром 20-22 мм | D33: т | E33: 2.5676 | F33: 1533.9 | J33: 3938
A34: 6 | B34: ТСЦ-204-0022 | C34: Горячекатаная арматурная сталь периодического профиля класса А-III, диаметром 12 мм | D34: т | E34: 0.156 | F34: 4874.75 | J34: 760
A35: 7 | B35: ТСЦ-204-0037 | C35: Надбавки к ценам заготовок за сборку и сварку каркасов и сеток плоских, диаметром 12 мм | D35: т | E35: 0.156 | F35: 2069.7 | J35: 323
A36: 8 | B36: ТСЦ-204-0003 | C36: Горячекатаная арматурная сталь гладкая класса А-I, диаметром 10 мм | D36: т | E36: 0.4162 | F36: 4445.05 | J36: 1850
A37: 9 | B37: ТСЦ-204-0036 | C37: Надбавки к ценам заготовок за сборку и сварку каркасов и сеток плоских, диаметром 10 мм | D37: т | E37: 0.4162 | F37: 2208.6 | J37: 919
A38: 10 | B38: ТЕР05-01-062-01 | C38: Бетонирование свай | D38: 1 м3 конструктивного объема свай | E38: 31 | F38: 236.2 | G38: 8.28 | H38: 58 | I38: 6.37 | J38: 7322 | K38: 257 | L38: 1798 | M38: 197 | N38: 0.64 | O38: 19.84 | P38: 0.35 | Q38: 10.85
A39: 11 | B39: ТСЦ-401-0067 | C39: Бетон тяжелый, крупность заполнителя 20 мм, класс В20 (М250) W6 (Тех. часть таб.2 ПЗ=1,015 (ОЗП=1,015; ЭМ=1,015 к расх.; ЗПМ=1,015; МАТ=1,015 к расх.; ТЗ=1,015; ТЗМ=1,015)) | D39: м3 | E39: 31 | F39: 636.49 | J39: 19731
A40: 12 | B40: ТЕР06-01-015-08 | C40: Установка закладных деталей весом до 20 кг | D40: 1 т | E40: 1.248 | F40: 7992.38 | G40: 807.95 | H40: 42.05 | I40: 2.73 | J40: 9974 | K40: 1008 | L40: 52 | M40: 3 | N40: 63.22 | O40: 78.9 | P40: 0.15 | Q40: 0.19
A41: 13 | B41: ТЕР01-02-057-03 | C41: Разработка грунта вручную в траншеях глубиной до 2 м без креплений с откосами, группа грунтов 3 | D41: 100 м3 грунта | E41: 0.23 | F41: 2725.52 | G41: 2725.52 | J41: 627 | K41: 627 | N41: 248 | O41: 57.04
A42: 14 | B42: ФССЦпг03-21-01-001 | C42: Перевозка грузов автомобилями-самосвалами грузоподъемностью 10 т, работающих вне карьера, на расстояние: до 1 км I класс груза (15 Поясные коэффициенты к сметным ценам на перевозку грузов автомобильным транспортом: Республика Башкортостан, Алтайский край, Вологодская, Кемеровская, Кировская, Курганская, Омская, Оренбургская, Новосибирская, Свердловская, Челябинская и Пермская области (за исключением Коми-Пермяцкого автономного округа). ПЗ=1,1 (ОЗП=1,1; ЭМ=1,1; ЗПМ=1,1; МАТ=1,1)) | D42: 1 т груза | E42: 27.3 | F42: 3.2 | H42: 3.2 | J42: 87 | L42: 87
A43: 15 | B43: ТЕР01-01-016-02 | C43: Работа на отвале, группа грунтов 2-3 | D43: 1000 м3 грунта | E43: 0.014 | F43: 478.65 | G43: 40.11 | H43: 433.44 | I43: 67.17 | J43: 7 | K43: 1 | L43: 6 | M43: 1 | N43: 3.65 | O43: 0.05 | P43: 3.97 | Q43: 0.06
A44: 16 | B44: ТЕР01-02-061-02 | C44: Засыпка вручную траншей, пазух котлованов и ям, группа грунтов 2 | D44: 100 м3 грунта | E44: 0.09 | F44: 1027.4 | G44: 1027.4 | J44: 92 | K44: 92 | N44: 97.2 | O44: 8.75
A45: 17 | B45: ТЕР06-01-001-01 | C45: Устройство бетонной подготовки 9 627,53 = 64 980,89 - 102 x 542,68 | D45: 100 м3 бетона, бутобетона и железобетона в деле | E45: 0.04 | F45: 9627.53 | G45: 1978.2 | H45: 4648.35 | I45: 327.6 | J45: 385 | K45: 79 | L45: 186 | M45: 13 | N45: 180 | O45: 7.2 | P45: 18 | Q45: 0.72
A46: Уд | B46: 1. 401-0061 | C46: Бетон тяжелый, крупность заполнителя 20 мм, класс В3,5 (М50) | D46: м3 | E46: 102 4,08 | F46: 542.68 | J46: 2214.13
A47: 18 | B47: ТСЦ-401-0064 | C47: Бетон тяжелый, крупность заполнителя 20 мм, класс В10 (М150) | D47: м3 | E47: 4.08 | F47: 562.22 | J47: 2294
A48: 19 | B48: ТЕР06-01-013-01 | C48: Устройство подливки толщиной 20 мм | D48: 100 м2 подливки под оборудование | E48: 0.4 | F48: 2001.18 | G48: 578.2 | H48: 17.02 | I48: 1.46 | J48: 800 | K48: 231 | L48: 7 | M48: 1 | N48: 45.78 | O48: 18.31 | P48: 0.08 | Q48: 0.03
A49: 20 | B49: ТЕР06-01-013-02 | C49: На каждые 10 мм изменения толщины добавлять или исключать к расценке 06-01-013-01 (ПЗ=3 (ОЗП=3; ЭМ=3 к расх.; ЗПМ=3; МАТ=3 к расх.; ТЗ=3; ТЗМ=3)) | D49: 100 м2 подливки под оборудование | E49: 0.4 | F49: 2513.91 | G49: 495.6 | H49: 23.01 | I49: 2.19 | J49: 1006 | K49: 198 | L49: 9 | M49: 1 | N49: 39.24 | O49: 15.7 | P49: 0.12 | Q49: 0.05
A50: 21 | B50: ТЕР06-01-001-05 | C50: Устройство железобетонных фундаментов общего назначения под колонны объемом до 3 м3 (Ростверки рабочая документация КЖ лист 6) 24 021,86 = 84 260,08 - 101,5 x 593,48 | D50: 100 м3 бетона, бутобетона и железобетона в деле | E50: 0.132 | F50: 24021.86 | G50: 9438.42 | H50: 8067.04 | I50: 569.03 | J50: 3171 | K50: 1246 | L50: 1065 | M50: 75 | N50: 785.88 | O50: 103.74 | P50: 31.3 | Q50: 4.13
A51: Уд | B51: 1. 401-0066 | C51: Бетон тяжелый, крупность заполнителя 20 мм, класс В15 (М200) | D51: м3 | E51: 101,5 13,4 | F51: 593.48 | J51: 7952.63
A52: 21.1 | B52: ТСЦ-401-0067 | C52: Бетон тяжелый, крупность заполнителя 20 мм, класс В20 (М250) W6 (Тех. часть таб. 2 ПЗ=1,015 (ОЗП=1,015; ЭМ=1,015 к расх.; ЗПМ=1,015; МАТ=1,015 к расх.; ТЗ=1,015; ТЗМ=1,015)) | D52: м3 | E52: 13.4 | F52: 636.49 | J52: 8529
A53: 22 | B53: ТСЦ-204-0022 | C53: Горячекатаная арматурная сталь периодического профиля класса А-III, диаметром 12 мм | D53: т | E53: 0.33 | F53: 4874.75 | J53: 1609
A54: 23 | B54: ТСЦ-204-0037 | C54: Надбавки к ценам заготовок за сборку и сварку каркасов и сеток плоских, диаметром 12 мм | D54: т | E54: 0.33 | F54: 2069.7 | J54: 683
A55: 24 | B55: ТСЦ-204-0002 | C55: Горячекатаная арматурная сталь гладкая класса А-I, диаметром 8 мм | D55: т | E55: 0.267 | F55: 4637.68 | J55: 1238
A56: 25 | B56: ТСЦ-204-0035 | C56: Надбавки к ценам заготовок за сборку и сварку каркасов и сеток плоских, диаметром 8 мм | D56: т | E56: 0.267 | F56: 2484.5 | J56: 663
A57: 26 | B57: ТЕР06-01-015-03 | C57: Установка анкерных болтов при бетонировании со связями из арматуры | D57: 1 т | E57: 0.128 | F57: 12950.9 | G57: 1643.76 | H57: 76.42 | I57: 4 | J57: 1658 | K57: 210 | L57: 10 | M57: 1 | N57: 128.62 | O57: 16.46 | P57: 0.22 | Q57: 0.03
A58: 27 | B58: ТЕР06-01-015-08 | C58: Установка закладных деталей весом до 20 кг | D58: 1 т | E58: 0.0768 | F58: 7992.38 | G58: 807.95 | H58: 42.05 | I58: 2.73 | J58: 614 | K58: 62 | L58: 3 | N58: 63.22 | O58: 4.86 | P58: 0.15 | Q58: 0.01
A59: 28 | B59: ТЕР06-01-041-07 | C59: Устройство монолитных бетонных участков 52 638,72 = 112 876,94 - 101,5 x 593,48 | D59: 100 м3 в деле | E59: 0.055 | F59: 52638.72 | G59: 20392.05 | H59: 13519.07 | I59: 829.55 | J59: 2895 | K59: 1122 | L59: 744 | M59: 46 | N59: 1675.6 | O59: 92.16 | P59: 45.63 | Q59: 2.51
A60: Уд | B60: 1. 401-0066 | C60: Бетон тяжелый, крупность заполнителя 20 мм, класс В15 (М200) | D60: м3 | E60: 101,5 5,583 | F60: 593.48 | J60: 3313.4
A61: 29 | B61: ТСЦ-401-0067 | C61: Бетон тяжелый, крупность заполнителя 20 мм, класс В20 (М250) W6 (Тех. часть таб. 2 ПЗ=1,015 (ОЗП=1,015; ЭМ=1,015 к расх.; ЗПМ=1,015; МАТ=1,015 к расх.; ТЗ=1,015; ТЗМ=1,015)) | D61: м3 | E61: 5.583 | F61: 636.49 | J61: 3554
A62: 31 | B62: ТЕР07-05-001-02 | C62: Установка блоков стен подвалов массой до 1 т | D62: 100 шт. сборных конструкций | E62: 0.01 | F62: 5953.9 | G62: 913.53 | H62: 3509.02 | I62: 442.26 | J62: 60 | K62: 9 | L62: 35 | M62: 4 | N62: 74.15 | O62: 0.74 | P62: 24.3 | Q62: 0.24
A63: 32 | B63: ТСЦ-403-8008 | C63: Блоки бетонные стен подвалов сплошные (ГОСТ13579-78) ФБС12-4-6-Т /бетон В7,5 (М100), объем 0,265 м3, расход арматуры 1,46 кг/ | D63: шт. | E63: 1 | F63: 180.37 | J63: 180
A64: 33 | B64: ТЕР07-05-007-01 | C64: Укладка балок ростверка массой до 1 т | D64: 100 шт. сборных конструкций | E64: 0.14 | F64: 7880.22 | G64: 2406.48 | H64: 4795.6 | I64: 626.08 | J64: 1103 | K64: 337 | L64: 671 | M64: 88 | N64: 177.6 | O64: 24.86 | P64: 34.4 | Q64: 4.82
A65: 34 | B65: прайс-лист | C65: Балка фундаментная 2БФ-24 _x000D_ Ц:1920/1.18/5,59х1.02х1.003 | D65: шт | E65: 2 | F65: 297,79 1920/1,18/5,59*1,02*1,003 | J65: 596
A66: 35 | B66: прайс-лист | C66: Балка фундаментная 2БФ55-1 _x000D_ Ц:7639/1.18/5,59х1.02х1.003 | D66: шт | E66: 12 | F66: 1184,8 7639/1,18/5,59*1,02*1,003 | J66: 14218
A67: 36 | B67: ТЕР01-02-057-03 | C67: Разработка грунта вручную в траншеях глубиной до 2 м без креплений с откосами, группа грунтов 3 | D67: 100 м3 грунта | E67: 0.52 | F67: 2725.52 | G67: 2725.52 | J67: 1417 | K67: 1417 | N67: 248 | O67: 128.96
A68: 37 | B68: ФССЦпг03-21-01-001 | C68: Перевозка грузов автомобилями-самосвалами грузоподъемностью 10 т, работающих вне карьера, на расстояние: до 1 км I класс груза (15 Поясные коэффициенты к сметным ценам на перевозку грузов автомобильным транспортом: Республика Башкортостан, Алтайский край, Вологодская, Кемеровская, Кировская, Курганская, Омская, Оренбургская, Новосибирская, Свердловская, Челябинская и Пермская области (за исключением Коми-Пермяцкого автономного округа). ПЗ=1,1 (ОЗП=1,1; ЭМ=1,1; ЗПМ=1,1; МАТ=1,1)) | D68: 1 т груза | E68: 74.1 | F68: 3.2 | H68: 3.2 | J68: 237 | L68: 237
A69: 38 | B69: ТЕР01-01-016-02 | C69: Работа на отвале, группа грунтов 2-3 | D69: 1000 м3 грунта | E69: 0.038 | F69: 478.65 | G69: 40.11 | H69: 433.44 | I69: 67.17 | J69: 18 | K69: 2 | L69: 16 | M69: 3 | N69: 3.65 | O69: 0.14 | P69: 3.97 | Q69: 0.15
A70: 39 | B70: ТЕР01-02-061-02 | C70: Засыпка вручную траншей, пазух котлованов и ям, группа грунтов 2 | D70: 100 м3 грунта | E70: 0.12 | F70: 1027.4 | G70: 1027.4 | J70: 123 | K70: 123 | N70: 97.2 | O70: 11.66
A71: 40 | B71: ТЕР06-01-001-01 | C71: Устройство бетонной подготовки 9 627,53 = 64 980,89 - 102 x 542,68 | D71: 100 м3 бетона, бутобетона и железобетона в деле | E71: 0.085 | F71: 9627.53 | G71: 1978.2 | H71: 4648.35 | I71: 327.6 | J71: 818 | K71: 168 | L71: 395 | M71: 28 | N71: 180 | O71: 15.3 | P71: 18 | Q71: 1.53
A72: Уд | B72: 1. 401-0061 | C72: Бетон тяжелый, крупность заполнителя 20 мм, класс В3,5 (М50) | D72: м3 | E72: 102 8,67 | F72: 542.68 | J72: 4705.04
A73: 41 | B73: ТСЦ-401-0064 | C73: Бетон тяжелый, крупность заполнителя 20 мм, класс В10 (М150) | D73: м3 | E73: 8.5 | F73: 562.22 | J73: 4779
A74: 42 | B74: ТЕР06-01-062-03 | C74: Устройство стен и плоских днищ при толщине до 150 мм прямоугольных сооружений 42 186,17 = 110 765,66 - 101,5 x 675,66 | D74: 100 м3 железобетона в деле | E74: 0.31 | F74: 42186.17 | G74: 18535.16 | H74: 16487.82 | I74: 2482.39 | J74: 13078 | K74: 5746 | L74: 5111 | M74: 770 | N74: 1398.88 | O74: 433.65 | P74: 136.47 | Q74: 42.31
A75: Уд | B75: 1. 401-0246 | C75: Бетон песчаный, класс В15 (М200) | D75: м3 | E75: 101,5 31,47 | F75: 675.66 | J75: 21263.02
A76: 43 | B76: ТСЦ-401-0247 | C76: Бетон песчаный, класс В20 (М250) W6 (Тех. часть таб. 2 ПЗ=1,015 (ОЗП=1,015; ЭМ=1,015 к расх.; ЗПМ=1,015; МАТ=1,015 к расх.; ТЗ=1,015; ТЗМ=1,015)) | D76: м3 | E76: 31.47 | F76: 732.71 | J76: 23058
A77: 44 | B77: ТЕР06-01-015-08 | C77: Установка закладных деталей весом до 20 кг | D77: 1 т | E77: 1.14 | F77: 7992.38 | G77: 807.95 | H77: 42.05 | I77: 2.73 | J77: 9111 | K77: 921 | L77: 48 | M77: 3 | N77: 63.22 | O77: 72.07 | P77: 0.15 | Q77: 0.17
A78: 45 | B78: ТЕР08-02-007-03 | C78: Установка металлических решеток приямков | D78: 1 т металлических изделий | E78: 2.251 | F78: 13548.91 | G78: 591.3 | H78: 373.12 | I78: 12.56 | J78: 30499 | K78: 1331 | L78: 840 | M78: 28 | N78: 47.38 | O78: 106.65 | P78: 0.69 | Q78: 1.55
A79: 46 | B79: ТЕР22-01-011-06 | C79: Укладка стальных водопроводных труб с гидравлическим испытанием диаметром 200 мм 292 857,25 = 293 568,11 - 30 x 13,48 - 62,8 x 4,88 | D79: 1 км трубопровода | E79: 0.012 | F79: 292857.25 | G79: 7134.51 | H79: 14952.12 | I79: 1849.99 | J79: 3514 | K79: 86 | L79: 179 | M79: 22 | N79: 489 | O79: 5.87 | P79: 121.47 | Q79: 1.46
A80: Уд | B80: 1. 042901 | C80: Установки для гидравлических испытаний трубопроводов, давление нагнетания низкое 0,1 МПа (1 кгс/см2), высокое 10 МПа (100 кгс/см2) при работе от передвижных электростанций | D80: маш.-ч | E80: 30 0,36 | F80: 13.48 | H80: 13.48 | J80: 4.85 | L80: 4.85
A81: Уд | B81: 2. 411-0001 | C81: Вода | D81: м3 | E81: 62,8 0,7536 | F81: 4.88 | J81: 3.68
A82: 47 | B82: ТЕР22-01-011-01 | C82: Укладка стальных водопроводных труб с гидравлическим испытанием диаметром 50 мм 45 476,72 = 45 604,08 - 8 x 13,48 - 4 x 4,88 | D82: 1 км трубопровода | E82: 0.0075 | F82: 45476.72 | G82: 4639.62 | H82: 2304.77 | I82: 302.08 | J82: 341 | K82: 35 | L82: 17 | M82: 2 | N82: 318 | O82: 2.39 | P82: 20.62 | Q82: 0.15
A83: Уд | B83: 1. 042901 | C83: Установки для гидравлических испытаний трубопроводов, давление нагнетания низкое 0,1 МПа (1 кгс/см2), высокое 10 МПа (100 кгс/см2) при работе от передвижных электростанций | D83: маш.-ч | E83: 8 0,06 | F83: 13.48 | H83: 13.48 | J83: 0.81 | L83: 0.81
A84: Уд | B84: 2. 411-0001 | C84: Вода | D84: м3 | E84: 4 0,03 | F84: 4.88 | J84: 0.15
A85: 48 | B85: ТЕР16-07-006-01 | C85: Заделка сальников при проходе труб через фундаменты или стены подвала диаметром до 100 мм | D85: 1 сальник | E85: 1 | F85: 25.97 | G85: 23 | J85: 26 | K85: 23 | N85: 1.8 | O85: 1.8
A86: 49 | B86: ТЕРр65-17-1 | C86: Установка заглушек диаметром трубопроводов до 100 мм | D86: 100 заглушек | E86: 0.01 | F86: 3906 | G86: 1397.76 | H86: 10.92 | J86: 39 | K86: 14 | N86: 112 | O86: 1.12
A87: 50 | B87: ТСЦ-101-2544 | C87: Сталь угловая 63х63 мм | D87: т | E87: 0.0048 | F87: 7307.25 | J87: 35
A88: 51 | B88: ТСЦ-204-0022 | C88: Горячекатаная арматурная сталь периодического профиля класса А-III, диаметром 12 мм | D88: т | E88: 0.1954 | F88: 4874.75 | J88: 953
A89: 52 | B89: ТСЦ-204-0006 | C89: Горячекатаная арматурная сталь гладкая класса А-I, диаметром 16-18 мм | D89: т | E89: 0.0064 | F89: 4178.36 | J89: 27
A90: 53 | B90: ТСЦ-507-1966 | C90: Отводы гнутые под углом 90 град. на Ру 16,0 МПа (160 кгс/см2), диаметром условного прохода 50 мм, наружным диаметром 57 мм, толщиной стенки 4,5 мм | D90: т | E90: 0.001 | F90: 35304 | J90: 35
A91: 54 | B91: ТЕР06-01-001-01 | C91: Устройство бетонной подготовки 9 627,53 = 64 980,89 - 102 x 542,68 | D91: 100 м3 бетона, бутобетона и железобетона в деле | E91: 0.009 | F91: 9627.53 | G91: 1978.2 | H91: 4648.35 | I91: 327.6 | J91: 87 | K91: 18 | L91: 42 | M91: 3 | N91: 180 | O91: 1.62 | P91: 18 | Q91: 0.16
A92: Уд | B92: 1. 401-0061 | C92: Бетон тяжелый, крупность заполнителя 20 мм, класс В3,5 (М50) | D92: м3 | E92: 102 0,918 | F92: 542.68 | J92: 498.18
A93: 55 | B93: ТСЦ-401-0064 | C93: Бетон тяжелый, крупность заполнителя 20 мм, класс В10 (М150) | D93: м3 | E93: 0.0918 | F93: 562.22 | J93: 52
A94: 56 | B94: ТЕР06-01-062-04 | C94: Устройство стен и плоских днищ при толщине более 150 мм прямоугольных сооружений (Приямок монолитный 13-044-01-КЖ1 лист 8) 24 112,79 = 92 692,28 - 101,5 x 675,66 | D94: 100 м3 железобетона в деле | E94: 0.17 | F94: 24112.79 | G94: 9660.84 | H94: 9682.35 | I94: 1367.71 | J94: 4099 | K94: 1642 | L94: 1646 | M94: 233 | N94: 729.12 | O94: 123.95 | P94: 75.19 | Q94: 12.78
A95: Уд | B95: 1. 401-0246 | C95: Бетон песчаный, класс В15 (М200) | D95: м3 | E95: 101,5 17,26 | F95: 675.66 | J95: 11661.89
A96: 56.1 | B96: ТСЦ-401-0247 | C96: Бетон песчаный, класс В20 (М250) W8 (Тех. часть таб. 2 ПЗ=1,015 (ОЗП=1,015; ЭМ=1,015 к расх.; ЗПМ=1,015; МАТ=1,015 к расх.; ТЗ=1,015; ТЗМ=1,015)) | D96: м3 | E96: 17.26 | F96: 732.71 | J96: 12647
A97: 57 | B97: ТСЦ-204-0001 | C97: Горячекатаная арматурная сталь гладкая класса А-I, диаметром 6 мм | D97: т | E97: 0.0075 | F97: 4815.5 | J97: 36
A98: 58 | B98: ТСЦ-204-0034 | C98: Надбавки к ценам заготовок за сборку и сварку каркасов и сеток плоских, диаметром 5-6 мм | D98: т | E98: 0.0075 | F98: 3145.5 | J98: 24
A99: 59 | B99: ТСЦ-204-0022 | C99: Горячекатаная арматурная сталь периодического профиля класса А-III, диаметром 12 мм | D99: т | E99: 0.8855 | F99: 4874.75 | J99: 4317
A100: 60 | B100: ТСЦ-204-0037 | C100: Надбавки к ценам заготовок за сборку и сварку каркасов и сеток плоских, диаметром 12 мм | D100: т | E100: 0.8855 | F100: 2069.7 | J100: 1833
A101: 61 | B101: ТЕР06-01-015-08 | C101: Установка закладных деталей весом до 20 кг | D101: 1 т | E101: 0.1838 | F101: 7992.38 | G101: 807.95 | H101: 42.05 | I101: 2.73 | J101: 1469 | K101: 149 | L101: 8 | M101: 1 | N101: 63.22 | O101: 11.62 | P101: 0.15 | Q101: 0.03
A102: 62 | B102: ТЕР08-01-003-07 | C102: Гидроизоляция боковая обмазочная битумная в 2 слоя по выровненной поверхности бутовой кладки, кирпичу, бетону | D102: 100 м2 изолируемой поверхности | E102: 0.7 | F102: 1496.69 | G102: 284.08 | H102: 104.01 | J102: 1048 | K102: 199 | L102: 73 | N102: 21.2 | O102: 14.84
A103: 63 | B103: ТЕР13-03-002-16 | C103: Огрунтовка металлических поверхностей за один раз грунтовкой «Унигрэм» (ПЗ=2 (ОЗП=2; ЭМ=2 к расх.; ЗПМ=2; МАТ=2 к расх.; ТЗ=2; ТЗМ=2)) | D103: 100 м2 окрашиваемой поверхности | E103: 2.68 | F103: 2439.96 | G103: 143.1 | H103: 20.3 | I103: 0.32 | J103: 6539 | K103: 384 | L103: 54 | M103: 1 | N103: 9.28 | O103: 24.87 | P103: 0.02 | Q103: 0.05
A104: 64 | B104: ТЕР06-01-030-01 | C104: Устройство вентшахт (13-044-01-КЖ1 лист 9) | D104: 100 м3 в деле | E104: 0,004 0,4 / 100 | F104: 176547.5 | G104: 35916.1 | H104: 35548.18 | I104: 2503.85 | J104: 706 | K104: 144 | L104: 142 | M104: 10 | N104: 2951.2 | O104: 11.8 | P104: 137.65 | Q104: 0.55
A105: 65 | B105: ТЕР08-02-007-03 применительно | C105: Установка настиля над вентшахтой 1 880,77 = 13 548,91 - 1 x 11 668,14 | D105: 1 т металлических изделий | E105: 0,0112 11,2/1000 | F105: 1880.77 | G105: 591.3 | H105: 373.12 | I105: 12.56 | J105: 21 | K105: 7 | L105: 4 | N105: 47.38 | O105: 0.53 | P105: 0.69 | Q105: 0.01
A106: Уд | B106: 1. 201-0774 | C106: Конструктивные элементы вспомогательного назначения массой не более 50 кг с преобладанием толстолистовой стали собираемые из двух и более деталей, с отверстиями и без отверстий, соединяемые на сварке | D106: т | E106: 1 0,0112 | F106: 11668.14 | J106: 130.68
A107: 66 | B107: ТСЦ-101-3832 | C107: Профилированный лист оцинкованный Н60-845-0,9 | D107: т | E107: 0.0112 | F107: 13417 | J107: 150
...

Sheet 2
A1: СОГЛАСОВАНО: | M1: УТВЕРЖДАЮ:
A4: _________________ | M4: _________________
A5: " _____ " ________________ 2013 г. | M5: "____" ______________2013 г.
H6: ФГУП "Комбинат "Электрохимприбор" г.Лесной, Свердловской области
H7: (наименование стройки)
H9: ЛОКАЛЬНЫЙ СМЕТНЫЙ РАСЧЕТ № 2
H10: (локальная смета)
C12: на | D12: Конструкции металлические, Автоматическая мойка цеха 013
H13: (наименование работ и затрат, наименование объекта)
D15: Основание: 13-044-01-КМ1
D16: Сметная стоимость строительных работ _______________________________________________________________________________________________ | J16: ___________________________497,931 | L16: тыс. руб.
D17: Средства на оплату труда _______________________________________________________________________________________________ | J17: ___________________________14,016 | L17: тыс. руб.
D18: Сметная трудоемкость _______________________________________________________________________________________________ | J18: _______________________________________________________________________________________________928,95 | L18: чел.час
D19: Составлен(а) в текущих (прогнозных) ценах по состоянию на ______________
A22: № пп | B22: Обосно- вание | C22: Наименование | D22: Ед. изм. | E22: Кол. | F22: Стоимость единицы, руб. | J22: Общая стоимость, руб. | N22: Т/з осн. раб.на ед. | O22: Т/з осн. раб. Всего | P22: Т/з мех. на ед. | Q22: Т/з мех. Всего
F23: Всего | G23: В том числе | J23: Всего | K23: В том числе
G24: Осн.З/п | H24: Эк.Маш | I24: З/пМех | K24: Осн.З/п | L24: Эк.Маш | M24: З/пМех
A25: 1 | B25: 2 | C25: 3 | D25: 4 | E25: 5 | F25: 6 | G25: 7 | H25: 8 | I25: 9 | J25: 10 | K25: 11 | L25: 12 | M25: 13 | N25: 14 | O25: 15 | P25: 16 | Q25: 17
A26: Раздел 1.
A27: 1 | B27: ТЕР09-03-002-01 | C27: Монтаж колонн одноэтажных и многоэтажных зданий и крановых эстакад высотой до 25 м цельного сечения массой до 1,0 т | D27: 1 т конструкций | E27: 13.799 | F27: 524.12 | G27: 135.48 | H27: 333.46 | I27: 34.95 | J27: 7232 | K27: 1869 | L27: 4601 | M27: 482 | N27: 10.47 | O27: 144.48 | P27: 1.91 | Q27: 26.36
A28: 2 | B28: ТСЦ-201-0757 | C28: Отдельные конструктивные элементы зданий и сооружений с преобладанием горячекатаных профилей, средняя масса сборочной единицы от 0,5 до 1 т | D28: т | E28: 13.799 | F28: 10805.17 | J28: 149101
A29: 3 | B29: ТЕР09-03-014-01 | C29: Монтаж связей и распорок из одиночных и парных уголков, гнутосварных профилей для пролетов до 24 м при высоте здания до 25 м | D29: 1 т конструкций | E29: 1.509 | F29: 1773.81 | G29: 779.61 | H29: 583.19 | I29: 69.72 | J29: 2677 | K29: 1176 | L29: 880 | M29: 105 | N29: 63.28 | O29: 95.49 | P29: 3.82 | Q29: 5.76
A30: 4 | B30: ТСЦ-201-0756 | C30: Отдельные конструктивные элементы зданий и сооружений с преобладанием горячекатаных профилей, средняя масса сборочной единицы от 0,1 до 0,5 т | D30: т | E30: 1.509 | F30: 10984.95 | J30: 16576
A31: 5 | B31: ТЕР09-03-002-12 | C31: Монтаж балок, ригелей перекрытия, покрытия и под установку оборудования многоэтажных зданий при высоте здания до 25 м | D31: 1 т конструкций | E31: 11.774 | F31: 1348.89 | G31: 262.44 | H31: 933.9 | I31: 51.76 | J31: 15882 | K31: 3090 | L31: 10996 | M31: 609 | N31: 18.25 | O31: 214.88 | P31: 2.57 | Q31: 30.26
A32: 6 | B32: ТСЦ-201-0757 | C32: Отдельные конструктивные элементы зданий и сооружений с преобладанием горячекатаных профилей, средняя масса сборочной единицы от 0,5 до 1 т | D32: т | E32: 3.717 | F32: 10805.17 | J32: 40163
A33: 6.1 | B33: ТСЦ-201-0758 | C33: Отдельные конструктивные элементы зданий и сооружений с преобладанием горячекатаных профилей, средняя масса сборочной единицы свыше 1 до 3 т | D33: т | E33: 8.057 | F33: 10068.04 | J33: 81118
A34: 7 | B34: ТЕР09-03-002-12 | C34: Монтаж балок, ригелей перекрытия, покрытия и под установку оборудования многоэтажных зданий при высоте здания до 25 м | D34: 1 т конструкций | E34: 1.575 | F34: 1348.89 | G34: 262.44 | H34: 933.9 | I34: 51.76 | J34: 2125 | K34: 413 | L34: 1471 | M34: 82 | N34: 18.25 | O34: 28.74 | P34: 2.57 | Q34: 4.05
A35: 8 | B35: ТСЦ-201-0756 | C35: Отдельные конструктивные элементы зданий и сооружений с преобладанием горячекатаных профилей, средняя масса сборочной единицы от 0,1 до 0,5 т | D35: т | E35: 1.575 | F35: 10984.95 | J35: 17301
A36: 9 | B36: ТЕР09-03-012-12 | C36: Монтаж опорных стоек для пролетов до 24 м | D36: 1 т конструкций | E36: 3.299 | F36: 652.22 | G36: 83.23 | H36: 380.25 | I36: 39.65 | J36: 2152 | K36: 275 | L36: 1254 | M36: 131 | N36: 6.59 | O36: 21.74 | P36: 2.09 | Q36: 6.89
A37: 10 | B37: ТСЦ-201-0755 | C37: Отдельные конструктивные элементы зданий и сооружений с преобладанием горячекатаных профилей, средняя масса сборочной единицы до 0,1 т | D37: т | E37: 3.299 | F37: 11650.16 | J37: 38434
A38: 11 | B38: ТЕР09-03-037-01 | C38: Монтаж рам коробчатого сечения пролетом до 24 м | D38: 1 т конструкций | E38: 0.314 | F38: 1471.73 | G38: 252.2 | H38: 775.45 | I38: 128.25 | J38: 462 | K38: 79 | L38: 243 | M38: 40 | N38: 19.49 | O38: 6.12 | P38: 7.58 | Q38: 2.38
A39: 12 | B39: ТСЦ-201-0755 | C39: Отдельные конструктивные элементы зданий и сооружений с преобладанием горячекатаных профилей, средняя масса сборочной единицы до 0,1 т | D39: т | E39: 0.314 | F39: 11650.16 | J39: 3658
A40: 13 | B40: ТЕР09-03-029-01 | C40: Монтаж лестниц прямолинейных и криволинейных, пожарных с ограждением | D40: 1 т конструкций | E40: 1.012 | F40: 1387.54 | G40: 428.9 | H40: 850.09 | I40: 102.76 | J40: 1404 | K40: 434 | L40: 860 | M40: 104 | N40: 32.37 | O40: 32.76 | P40: 5.64 | Q40: 5.71
A41: 14 | B41: ТСЦ-201-0650 | C41: Ограждения лестничных проемов, лестничные марши, пожарные лестницы | D41: т | E41: 1.012 | F41: 13627.82 | J41: 13791
A42: 15 | B42: ТЕР09-03-037-01 | C42: Монтаж рам коробчатого сечения пролетом до 24 м | D42: 1 т конструкций | E42: 1.517 | F42: 1471.73 | G42: 252.2 | H42: 775.45 | I42: 128.25 | J42: 2233 | K42: 383 | L42: 1176 | M42: 195 | N42: 19.49 | O42: 29.57 | P42: 7.58 | Q42: 11.5
A43: 16 | B43: ТСЦ-201-0755 | C43: Отдельные конструктивные элементы зданий и сооружений с преобладанием горячекатаных профилей, средняя масса сборочной единицы до 0,1 т | D43: т | E43: 1.517 | F43: 11650.16 | J43: 17673
A44: 17 | B44: ТЕР09-03-039-01 | C44: Монтаж опорных конструкций для крепления трубопроводов внутри зданий и сооружений массой до 0,1 т | D44: 1 т конструкций | E44: 2.516 | F44: 1711.14 | G44: 1025.21 | H44: 386.58 | I44: 2 | J44: 4305 | K44: 2579 | L44: 973 | M44: 5 | N44: 80.22 | O44: 201.83 | P44: 0.11 | Q44: 0.28
A45: 18 | B45: ТСЦ-201-0889 | C45: Опоры неподвижные из горячекатаных профилей для трубопроводов | D45: т | E45: 2.516 | F45: 9785 | J45: 24619
A46: 19 | B46: ТЕР06-01-015-01 | C46: Установка анкерных болтов в готовые гнезда с заделкой длиной до 1 м 4 007,90 = 14 827,90 - 1 x 10 820,00 | D46: 1 т | E46: 0.048 | F46: 4007.9 | G46: 3931.32 | H46: 72.26 | I46: 4.55 | J46: 192 | K46: 189 | L46: 3 | N46: 315.01 | O46: 15.12 | P46: 0.25 | Q46: 0.01
A47: Уд | B47: 1. 204-0059 | C47: Анкерные детали из прямых или гнутых круглых стержней с резьбой (в комплекте с шайбами и гайками или без них), поставляемые отдельно | D47: т | E47: 1 0,048 | F47: 10820 | J47: 519.36
A48: 20 | B48: ТСЦ-101-1809 | C48: Болты высокопрочные | D48: т | E48: 0.048 | F48: 46011 | J48: 2209
A49: 21 | B49: ТЕР13-03-004-06 | C49: Окраска металлических огрунтованных поверхностей эмалью ХВ-124 (за два раза ПЗ=2 (ОЗП=2; ЭМ=2 к расх.; ЗПМ=2; МАТ=2 к расх.; ТЗ=2; ТЗМ=2)) | D49: 100 м2 окрашиваемой поверхности | E49: 27.98 | F49: 1085.52 | G49: 63.14 | H49: 15.54 | I49: 0.32 | J49: 30373 | K49: 1767 | L49: 435 | M49: 9 | N49: 4.94 | O49: 138.22 | P49: 0.02 | Q49: 0.56
A50: Итого прямые затраты по разделу в ценах 2001г. | J50: 473680 | K50: 12254 | L50: 22892 | M50: 1762 | O50: 928.95 | Q50: 93.76
A51: Накладные расходы | J51: 12642
A52: Сметная прибыль | J52: 11609
A53: Итоги по разделу 1 :
A54: Итого | J54: 497931 | O54: 928.95 | Q54: 93.76
A55: В том числе:
A56: Материалы | J56: 438534
A57: Машины и механизмы | J57: 22892
A58: ФОТ | J58: 14016
A59: Накладные расходы | J59: 12642
A60: Сметная прибыль | J60: 11609
A61: Итого по разделу 1 | J61: 497931 | O61: 928.95 | Q61: 93.76
A62: ИТОГИ ПО СМЕТЕ:
A63: Итого прямые затраты по смете в ценах 2001г. | J63: 473680 | K63: 12254 | L63: 22892 | M63: 1762 | O63: 928.95 | Q63: 93.76
A64: Накладные расходы | J64: 12642
A65: Сметная прибыль | J65: 11609
A66: Итоги по смете:
A67: Итого | J67: 497931 | O67: 928.95 | Q67: 93.76
A68: В том числе:
A69: Материалы | J69: 438534
A70: Машины и механизмы | J70: 22892
A71: ФОТ | J71: 14016
A72: Накладные расходы | J72: 12642
A73: Сметная прибыль | J73: 11609
A74: ВСЕГО по смете | J74: 497931 | O74: 928.95 | Q74: 93.76
A78: Составил: ___________________________Пронина Г.С.
A79: (должность, подпись, расшифровка)
A81: Проверил: ___________________________Стрижов Ю.А.
A82: (должность, подпись, расшифровка)

Sheet 3
A1: СОГЛАСОВАНО: | M1: УТВЕРЖДАЮ:
A4: _________________ | M4: _________________
A5: " _____ " ________________ 2013 г. | M5: "____" ______________2013 г.
H6: ФГУП "Комбинат "Электрохимприбор" г.Лесной, Свердловской области
H7: (наименование стройки)
H9: ЛОКАЛЬНЫЙ СМЕТНЫЙ РАСЧЕТ № 3
H10: (локальная смета)
C12: на | D12: Стеновые и кровельные панели, Автоматическая мойка цеха 013
H13: (наименование работ и затрат, наименование объекта)
D15: Основание: 13-044-01-АР
D16: Сметная стоимость _______________________________________________________________________________________________ | J16: ___________________________1123,335 | L16: тыс. руб.
D17: строительных работ _______________________________________________________________________________________________ | J17: _______________________________________________________________________________________________1096,331 | L17: тыс. руб.
D18: монтажных работ _______________________________________________________________________________________________ | J18: _______________________________________________________________________________________________2,611 | L18: тыс. руб.
D19: оборудования _______________________________________________________________________________________________ | J19: _______________________________________________________________________________________________24,393 | L19: тыс. руб.
D20: Средства на оплату труда _______________________________________________________________________________________________ | J20: ___________________________51,126 | L20: тыс. руб.
D21: Сметная трудоемкость _______________________________________________________________________________________________ | J21: _______________________________________________________________________________________________3259,71 | L21: чел.час
D22: Составлен(а) в текущих (прогнозных) ценах по состоянию на ______________
A25: № пп | B25: Обосно- вание | C25: Наименование | D25: Ед. изм. | E25: Кол. | F25: Стоимость единицы, руб. | J25: Общая стоимость, руб. | N25: Т/з осн. раб.на ед. | O25: Т/з осн. раб. Всего | P25: Т/з мех. на ед. | Q25: Т/з мех. Всего
F26: Всего | G26: В том числе | J26: Всего | K26: В том числе
G27: Осн.З/п | H27: Эк.Маш | I27: З/пМех | K27: Осн.З/п | L27: Эк.Маш | M27: З/пМех
A28: 1 | B28: 2 | C28: 3 | D28: 4 | E28: 5 | F28: 6 | G28: 7 | H28: 8 | I28: 9 | J28: 10 | K28: 11 | L28: 12 | M28: 13 | N28: 14 | O28: 15 | P28: 16 | Q28: 17
A29: Раздел 1. Стеновые и кровельные сэндвич-панели
A30: 1 | B30: ТЕР09-04-002-03 | C30: Монтаж кровельного покрытия из многослойных панелей заводской готовности при высоте до 50 м | D30: 100 м2 покрытия | E30: 6.1712 | F30: 2690.79 | G30: 577.66 | H30: 1925.66 | I30: 172.5 | J30: 16605 | K30: 3565 | L30: 11884 | M30: 1065 | N30: 45.2 | O30: 278.94 | P30: 9.74 | Q30: 60.11
A31: 2 | B31: ТСЦ-201-0259прим | C31: Панели металлические трехслойные стеновые с утеплителем из пенополиуретана. Способ изготовления стендовый 1ПТС1016.61.6-СО.8 | D31: м2 | E31: 617.12 | F31: 420.74 | J31: 259647
A32: 3 | B32: ТЕР09-04-006-04 | C32: Монтаж ограждающих конструкций стен из многослойных панелей заводской готовности при высоте здания до 50 м | D32: 100 м2 | E32: 8.48512 | F32: 9095.31 | G32: 2255.68 | H32: 6203.95 | I32: 586.48 | J32: 77175 | K32: 19140 | L32: 52641 | M32: 4976 | N32: 170.24 | O32: 1444.51 | P32: 34.58 | Q32: 293.42
A33: 4 | B33: ТСЦ-201-0258прим | C33: Панели металлические трехслойные стеновые с утеплителем из пенополиуретана. Способ изготовления стендовый 1ПТС1016.46.6-СО.8 | D33: м2 | E33: 848.512 | F33: 374.02 | J33: 317360
A34: 5 | B34: ТЕР12-01-010-01прим | C34: Устройство мелких покрытий (брандмауэры, парапеты, свесы и т.п.) из листовой оцинкованной стали. Фасонные элементы | D34: 100 м2 покрытия | E34: 0.65 | F34: 15322.3 | G34: 1354.13 | H34: 58.83 | I34: 3.64 | J34: 9959 | K34: 880 | L34: 38 | M34: 2 | N34: 112.75 | O34: 73.29 | P34: 0.2 | Q34: 0.13
A35: 6 | B35: ТЕР07-05-039-07 | C35: Устройство герметизации горизонтальных и вертикальных стыков стеновых панелей мастикой герметизирующей нетвердеющей | D35: 100 м шва | E35: 5.42 | F35: 2930.61 | G35: 257.26 | H35: 1266.84 | I35: 105.12 | J35: 15884 | K35: 1394 | L35: 6866 | M35: 570 | N35: 20.13 | O35: 109.1 | P35: 6.73 | Q35: 36.48
A36: Итого прямые затраты по разделу в ценах 2001г. | J36: 696630 | K36: 24979 | L36: 71429 | M36: 6613 | O36: 1905.84 | Q36: 390.14
A37: Накладные расходы | J37: 29973
A38: Сметная прибыль | J38: 26971
A39: Итого по разделу 1 Стеновые и кровельные сэндвич-панели | J39: 753574 | O39: 1905.84 | Q39: 390.14
A40: Раздел 2. Шкафы
A41: 7 | B41: прайс-лист | C41: Шкаф МД-40.2 со скамейкой Ц:13600/1,18/3,94х1.012х1.03 | D41: шт | E41: 8 | F41: 3049.15 | J41: 24393
A42: 7.1 | B42: МДС81-37.2004 п.4.7 | C42: Мебель поставляемая в собранном виде 1% от 13600 руб. | D42: шт | E42: 8 | F42: 136 | G42: 136 13600*0,01 | J42: 1088 | K42: 1088
A43: Итого прямые затраты по разделу в ценах 2001г. | J43: 25481 | K43: 1088
A44: Накладные расходы | J44: 870
A45: Сметная прибыль | J45: 653
A46: Итого по разделу 2 Шкафы | J46: 27004
A47: Раздел 3. Окна
A48: 8 | B48: ТЕР10-01-034-08 | C48: Установка в жилых и общественных зданиях оконных блоков из ПВХ профилей поворотных (откидных, поворотно-откидных) с площадью проема более 2 м2 трехстворчатых, в том числе при наличии створок глухого остекления | D48: 100 м2 проемов | E48: 0.288 | F48: 177508.22 | G48: 1837.65 | H48: 534.04 | I48: 10.31 | J48: 51122 | K48: 529 | L48: 154 | M48: 3 | N48: 149.16 | O48: 42.96 | P48: 0.66 | Q48: 0.19
A49: Итого прямые затраты по разделу в ценах 2001г. | J49: 51122 | K49: 529 | L49: 154 | M49: 3 | O49: 42.96 | Q49: 0.19
A50: Накладные расходы | J50: 628
A51: Сметная прибыль | J51: 335
A52: Итого по разделу 3 Окна | J52: 52085 | O52: 42.96 | Q52: 0.19
A53: Раздел 4. Снегозащитные устройства
A54: 9 | B54: ТЕР12-01-010-01прим | C54: Устройство мелких покрытий (брандмауэры, парапеты, свесы и т.п.) из листовой оцинкованной стали. | D54: 100 м2 покрытия | E54: 0.12 | F54: 15322.3 | G54: 1354.13 | H54: 58.83 | I54: 3.64 | J54: 1839 | K54: 162 | L54: 7 | N54: 112.75 | O54: 13.53 | P54: 0.2 | Q54: 0.02
A55: Итого прямые затраты по разделу в ценах 2001г. | J55: 1839 | K55: 162 | L55: 7 | O55: 13.53 | Q55: 0.02
A56: Накладные расходы | J56: 194
A57: Сметная прибыль | J57: 105
A58: Итого по разделу 4 Снегозащитные устройства | J58: 2138 | O58: 13.53 | Q58: 0.02
A59: Раздел 5. Двери, ворота
A60: 10 | B60: ТЕР10-01-046-01 | C60: Установка ворот с коробками стальными, с раздвижными или распахивающимися неутепленными полотнами и калитками | D60: 100 м2 полотен и проемов | E60: 0.6441 | F60: 100716.48 | G60: 2993.16 | H60: 1860.23 | I60: 166.17 | J60: 64871 | K60: 1928 | L60: 1198 | M60: 107 | N60: 228.66 | O60: 147.28 | P60: 9.13 | Q60: 5.88
A61: 11 | B61: ТЕР10-01-047-01 | C61: Установка блоков из ПВХ в наружных и внутренних дверных проемах в каменных стенах площадью проема до 3 м2 | D61: 100 м2 проемов | E61: 0.252 | F61: 149886.9 | G61: 2508.48 | H61: 618.36 | I61: 16.4 | J61: 37771 | K61: 632 | L61: 156 | M61: 4 | N61: 201 | O61: 50.65 | P61: 1.05 | Q61: 0.26
A62: Итого прямые затраты по разделу в ценах 2001г. | J62: 102642 | K62: 2560 | L62: 1354 | M62: 111 | O62: 197.93 | Q62: 6.14
A63: Накладные расходы | J63: 3152
A64: Сметная прибыль | J64: 1683
A65: Итого по разделу 5 Двери, ворота | J65: 107477 | O65: 197.93 | Q65: 6.14
A66: Раздел 6. Полы
A67: Тип пола № 2
A68: 12 | B68: ТЕР11-01-001-02 | C68: Уплотнение грунта щебнем | D68: 100 м2 площади уплотнения | E68: 0.4903 | F68: 835.84 | G68: 90.94 | H68: 93.47 | I68: 13.75 | J68: 410 | K68: 45 | L68: 46 | M68: 7 | N68: 7.7 | O68: 3.78 | P68: 0.88 | Q68: 0.43
A69: 13 | B69: ТЕР11-01-002-09 | C69: Устройство подстилающих слоев бетонных 52,12 = 613,48 - 1,02 x 550,35 | D69: 1 м3 подстилающего слоя | E69: 4,903 49,03*0,1 | F69: 52.12 | G69: 43.22 | H69: 0.27 | J69: 256 | K69: 212 | L69: 1 | N69: 3.66 | O69: 17.95
A70: Уд | B70: 1. 401-0005 | C70: Бетон тяжелый, класс В12,5 (М150) | D70: м3 | E70: 1,02 5,001 | F70: 550.35 | J70: 2752.3
A71: 14 | B71: ТСЦ-401-0008 | C71: Бетон тяжелый, класс В22,5 (М300) | D71: м3 | E71: 5.001 | F71: 625.24 | J71: 3127
A72: 15 | B72: ТЕР11-01-011-01 | C72: Устройство стяжек цементных толщиной 20 мм 515,46 = 1 959,54 - 2,04 x 707,88 | D72: 100 м2 стяжки | E72: 0,4903 49,03/100 | F72: 515.46 | G72: 442.12 | H72: 56.26 | I72: 19.84 | J72: 253 | K72: 217 | L72: 28 | M72: 10 | N72: 39.51 | O72: 19.37 | P72: 1.27 | Q72: 0.62
A73: Уд | B73: 1. 402-0005 | C73: Раствор готовый кладочный цементный марки 150 | D73: м3 | E73: 2,04 1 | F73: 707.88 | J73: 707.88
A74: 16 | B74: ТСЦ-402-0002 | C74: Раствор готовый кладочный цементный марки 50 | D74: м3 | E74: 1 | F74: 613.29 | J74: 613
A75: 17 | B75: ТЕР11-01-004-01 | C75: Устройство гидроизоляции оклеечной рулонными материалами на мастике Битуминоль, первый слой 2 734,92 = 3 452,96 - 116 x 6,19 | D75: 100 м2 изолируемой поверхности | E75: 0.4903 | F75: 2734.92 | G75: 733.34 | H75: 439.45 | I75: 6.09 | J75: 1341 | K75: 360 | L75: 215 | M75: 3 | N75: 46.18 | O75: 22.64 | P75: 0.39 | Q75: 0.19
A76: Уд | B76: 1. 101-1742 | C76: Толь с крупнозернистой посыпкой гидроизоляционный марки ТГ-350 | D76: м2 | E76: 116 56,87 | F76: 6.19 | J76: 352.03
A77: 17.1 | B77: ТСЦ-101-3322 | C77: Гидроизол, марка ГИ-Г для подземных сооружений | D77: м2 | E77: 56.87 | F77: 9.06 | J77: 515
A78: 18 | B78: ТЕР11-01-004-02 | C78: Устройство гидроизоляции оклеечной рулонными материалами на мастике Битуминоль, последующий слой 1 445,56 = 2 163,60 - 116 x 6,19 | D78: 100 м2 изолируемой поверхности | E78: 0.4903 | F78: 1445.56 | G78: 442.42 | H78: 215.45 | I78: 3.59 | J78: 709 | K78: 217 | L78: 106 | M78: 2 | N78: 27.86 | O78: 13.66 | P78: 0.23 | Q78: 0.11
A79: Уд | B79: 1. 101-1742 | C79: Толь с крупнозернистой посыпкой гидроизоляционный марки ТГ-350 | D79: м2 | E79: 116 56,87 | F79: 6.19 | J79: 352.03
A80: 18.1 | B80: ТСЦ-101-3322 | C80: Гидроизол, марка ГИ-Г для подземных сооружений | D80: м2 | E80: 56.87 | F80: 9.06 | J80: 515
A81: 19 | B81: ТЕР26-01-041-02 | C81: Изоляция изделиями из пенопласта на битуме холодных поверхностей покрытий и перекрытий сверху | D81: 1 м3 изоляции | E81: 1.47 | F81: 1427.07 | G81: 122.83 | H81: 52.51 | J81: 2098 | K81: 181 | L81: 77 | N81: 9.27 | O81: 13.63
A82: 20 | B82: ТЕР11-01-011-01 | C82: Устройство стяжек цементных толщиной 20 мм | D82: 100 м2 стяжки | E82: 0.4903 | F82: 1959.54 | G82: 442.12 | H82: 56.26 | I82: 19.84 | J82: 961 | K82: 217 | L82: 28 | M82: 10 | N82: 39.51 | O82: 19.37 | P82: 1.27 | Q82: 0.62
A83: 21 | B83: ТЕР11-01-027-06 применительно | C83: Устройство покрытий на растворе их сухой смеси с приготовлением раствора в построечных условиях из плиток гладких неглазурованных керамических для полов одноцветных | D83: 100 м2 покрытия | E83: 0.4903 | F83: 10157.72 | G83: 1475.69 | H83: 181.39 | I83: 62.67 | J83: 4980 | K83: 724 | L83: 89 | M83: 31 | N83: 119.78 | O83: 58.73 | P83: 4.22 | Q83: 2.07
A84: Тп пола №1
A85: 23 | B85: ТЕР11-01-001-02 | C85: Уплотнение грунта щебнем | D85: 100 м2 площади уплотнения | E85: 0.5151 | F85: 835.84 | G85: 90.94 | H85: 93.47 | I85: 13.75 | J85: 431 | K85: 47 | L85: 48 | M85: 7 | N85: 7.7 | O85: 3.97 | P85: 0.88 | Q85: 0.45
A86: 24 | B86: ТЕР11-01-002-09 | C86: Устройство подстилающих слоев бетонных 52,12 = 613,48 - 1,02 x 550,35 | D86: 1 м3 подстилающего слоя | E86: 51,51 515,1*0,1 | F86: 52.12 | G86: 43.22 | H86: 0.27 | J86: 2685 | K86: 2226 | L86: 14 | N86: 3.66 | O86: 188.53
A87: Уд | B87: 1. 401-0005 | C87: Бетон тяжелый, класс В12,5 (М150) | D87: м3 | E87: 1,02 52,54 | F87: 550.35 | J87: 28915.39
A88: 25 | B88: ТСЦ-401-0008 | C88: Бетон тяжелый, класс В22,5 (М300) | D88: м3 | E88: 52.54 | F88: 625.24 | J88: 32850
A89: 28 | B89: ТЕР11-01-004-01 | C89: Устройство гидроизоляции оклеечной рулонными материалами на мастике Битуминоль, первый слой 2 734,92 = 3 452,96 - 116 x 6,19 | D89: 100 м2 изолируемой поверхности | E89: 5,151 515,1/100 | F89: 2734.92 | G89: 733.34 | H89: 439.45 | I89: 6.09 | J89: 14088 | K89: 3777 | L89: 2264 | M89: 31 | N89: 46.18 | O89: 237.87 | P89: 0.39 | Q89: 2.01
A90: Уд | B90: 1. 101-1742 | C90: Толь с крупнозернистой посыпкой гидроизоляционный марки ТГ-350 | D90: м2 | E90: 116 597,5 | F90: 6.19 | J90: 3698.53
A91: 28.1 | B91: ТСЦ-101-3322 | C91: Гидроизол, марка ГИ-Г для подземных сооружений | D91: м2 | E91: 597.5 | F91: 9.06 | J91: 5413
A92: 29 | B92: ТЕР11-01-004-02 | C92: Устройство гидроизоляции оклеечной рулонными материалами на мастике Битуминоль, последующий слой 1 445,56 = 2 163,60 - 116 x 6,19 | D92: 100 м2 изолируемой поверхности | E92: 5.151 | F92: 1445.56 | G92: 442.42 | H92: 215.45 | I92: 3.59 | J92: 7446 | K92: 2279 | L92: 1110 | M92: 18 | N92: 27.86 | O92: 143.51 | P92: 0.23 | Q92: 1.18
A93: Уд | B93: 1. 101-1742 | C93: Толь с крупнозернистой посыпкой гидроизоляционный марки ТГ-350 | D93: м2 | E93: 116 597,5 | F93: 6.19 | J93: 3698.53
A94: 29.1 | B94: ТСЦ-101-3322 | C94: Гидроизол, марка ГИ-Г для подземных сооружений | D94: м2 | E94: 597.5 | F94: 9.06 | J94: 5413
A95: 26 | B95: ТЕР11-01-015-01 | C95: Устройство покрытий бетонных толщиной 30 мм 681,12 = 2 445,67 - 3,06 x 576,65 | D95: 100 м2 покрытия | E95: 5.151 | F95: 681.12 | G95: 452.41 | H95: 211.63 | I95: 44.36 | J95: 3508 | K95: 2330 | L95: 1090 | M95: 228 | N95: 40.43 | O95: 208.25 | P95: 2.84 | Q95: 14.63
A96: Уд | B96: 1. 401-0046 | C96: Бетон тяжелый, крупность заполнителя 40 мм, класс В15 (М200) | D96: м3 | E96: 3,06 15,76 | F96: 576.65 | J96: 9088
A97: 27 | B97: ТЕР11-01-015-02 | C97: Устройство покрытий на каждые 5 мм изменения толщины покрытия добавлять или исключать к расценке 11-01-015-01 21,43 = 315,52 - 0,51 x 576,65 ((85-30)/5=11 ПЗ=11 (ОЗП=11; ЭМ=11 к расх.; ЗПМ=11; МАТ=11 к расх.; ТЗ=11; ТЗМ=11)) | D97: 100 м2 покрытия | E97: 5.151 | F97: 235.73 | G97: 146.52 | H97: 89.21 | I97: 32.67 | J97: 1214 | K97: 755 | L97: 459 | M97: 168 | N97: 13.09 | O97: 67.43 | P97: 2.09 | Q97: 10.77
A98: Уд | B98: 1. 401-0046 | C98: Бетон тяжелый, крупность заполнителя 40 мм, класс В15 (М200) | D98: м3 | E98: 5,61 28,9 | F98: 576.65 | J98: 16665.19
A99: 32 | B99: ТСЦ-401-0051 | C99: Бетон тяжелый, крупность заполнителя 40 мм, класс В30 (М400) | D99: м3 | E99: 44,66 15,76+28,9 | F99: 730.28 | J99: 32614
A100: 34 | B100: ТЕР06-01-015-10 | C100: Армирование подстилающих слоев и набетонок | D100: 1 т | E100: 1,745 22*0,154*515,1/1000 | F100: 438.07 | G100: 157.75 | H100: 44.41 | I100: 2.91 | J100: 764 | K100: 275 | L100: 77 | M100: 5 | N100: 12.64 | O100: 22.06 | P100: 0.16 | Q100: 0.28
A101: 35 | B101: ТСЦ-204-0084 | C101: Сетка из проволоки холоднотянутой | D101: т | E101: 1.745 | F101: 7390 | J101: 12896
A102: 22 | B102: ТЕР11-01-030-01 | C102: Устройство покрытий из стальных штампованных перфорированных плит на прослойке из бетона | D102: 100 м2 покрытия | E102: 0.614 | F102: 26421.05 | G102: 1138.6 | H102: 125.07 | J102: 16223 | K102: 699 | L102: 77 | N102: 95.6 | O102: 58.7
A103: Итого прямые затраты по разделу в ценах 2001г. | J103: 151323 | K103: 14561 | L103: 5729 | M103: 520 | O103: 1099.45 | Q103: 33.36
A104: Накладные расходы | J104: 18458
A105: Сметная прибыль | J105: 11274
A106: Итого по разделу 6 Полы | J106: 181055 | O106: 1099.45 | Q106: 33.36
A107: ИТОГИ ПО СМЕТЕ:
...

Sheet 4
A1: СОГЛАСОВАНО: | M1: УТВЕРЖДАЮ:
A4: _________________ | M4: _________________
A5: " _____ " ________________ 2013 г. | M5: "____" ______________2013 г.
H6: ФГУП "Комбинат "Электрохимприбор" г.Лесной, Свердловской области
H7: (наименование стройки)
H9: ЛОКАЛЬНЫЙ СМЕТНЫЙ РАСЧЕТ № 4
H10: (локальная смета)
C12: на | D12: Технологическое оборудование, Автоматическая мойка цеха 013
H13: (наименование работ и затрат, наименование объекта)
D15: Основание: 13-044-01-ТХ.С
D16: Сметная стоимость _______________________________________________________________________________________________ | J16: ___________________________3152,577 | L16: тыс. руб.
D17: строительных работ _______________________________________________________________________________________________ | J17: _______________________________________________________________________________________________89,278 | L17: тыс. руб.
D18: монтажных работ _______________________________________________________________________________________________ | J18: _______________________________________________________________________________________________24,970 | L18: тыс. руб.
D19: оборудования _______________________________________________________________________________________________ | J19: _______________________________________________________________________________________________3038,329 | L19: тыс. руб.
D20: Средства на оплату труда _______________________________________________________________________________________________ | J20: ___________________________13,684 | L20: тыс. руб.
D21: Сметная трудоемкость _______________________________________________________________________________________________ | J21: _______________________________________________________________________________________________991,63 | L21: чел.час
D22: Составлен(а) в текущих (прогнозных) ценах по состоянию на ______________
A25: № пп | B25: Обосно- вание | C25: Наименование | D25: Ед. изм. | E25: Кол. | F25: Стоимость единицы, руб. | J25: Общая стоимость, руб. | N25: Т/з осн. раб.на ед. | O25: Т/з осн. раб. Всего | P25: Т/з мех. на ед. | Q25: Т/з мех. Всего
F26: Всего | G26: В том числе | J26: Всего | K26: В том числе
G27: Осн.З/п | H27: Эк.Маш | I27: З/пМех | K27: Осн.З/п | L27: Эк.Маш | M27: З/пМех
A28: 1 | B28: 2 | C28: 3 | D28: 4 | E28: 5 | F28: 6 | G28: 7 | H28: 8 | I28: 9 | J28: 10 | K28: 11 | L28: 12 | M28: 13 | N28: 14 | O28: 15 | P28: 16 | Q28: 17
A29: Раздел 1.
A30: 1 | B30: ТЕРм37-01-002-07 | C30: Монтаж оборудования без механизмов в помещении, масса оборудования 2 т Вес 1990кг) | D30: 1 шт. | E30: 1 | F30: 3050.93 | G30: 1178.83 | H30: 852.1 | I30: 98.46 | J30: 3051 | K30: 1179 | L30: 852 | M30: 98 | N30: 91.1 | O30: 91.1 | P30: 5.41 | Q30: 5.41
A31: 2 | B31: ТЕР18-05-001-02 | C31: Установка насосов центробежных с электродвигателем, масса агрегата до 0,2 т (насосы к портальной мойке) 517,75 = 5 002,79 - 1 x 4 485,04 | D31: 1 насос | E31: 3 | F31: 517.75 | G31: 232.61 | H31: 29.14 | I31: 1.82 | J31: 1553 | K31: 698 | L31: 87 | M31: 5 | N31: 17.77 | O31: 53.31 | P31: 0.1 | Q31: 0.3
A32: Уд | B32: 1. 301-1495 | C32: Насосы центробежные 45/30 с электродвигателем 4А 112 М2 массой агрегата до 0,2 т | D32: компл. | E32: 1 3 | F32: 4485.04 | J32: 13455.12
A33: 3 | B33: ТЕР18-04-001-09 | C33: Установка баков расширительных круглых и прямоугольных вместимостью 1 м3 206,76 = 1 413,05 - 1 x 1 206,29 | D33: 1 бак | E33: 1 | F33: 206.76 | G33: 151.01 | H33: 45.81 | I33: 1.46 | J33: 207 | K33: 151 | L33: 46 | M33: 1 | N33: 12.1 | O33: 12.1 | P33: 0.08 | Q33: 0.08
A34: Уд | B34: 1. 301-0018 | C34: Баки расширительные круглые вместимостью до 1 м3 | D34: шт. | E34: 1 1 | F34: 1206.29 | J34: 1206.29
A35: 4 | B35: ТЕРм06-03-022-07 | C35: Бак внутренней установки без давления цилиндрический вертикальный, вместимость 16 м3 (бак чистой оборотной воды) | D35: 1 т | E35: 0.17 | F35: 2244.88 | G35: 1326.15 | H35: 757.74 | I35: 49.42 | J35: 382 | K35: 225 | L35: 129 | M35: 8 | N35: 105 | O35: 17.85 | P35: 2.8 | Q35: 0.48
A36: 5 | B36: ТЕРм07-02-029-02 | C36: Газовоздуходувка роторная, масса 0,37 т (вес 0,175 кг) | D36: 1 шт. | E36: 2 | F36: 959.3 | G36: 426.73 | H36: 112.06 | I36: 4 | J36: 1919 | K36: 853 | L36: 224 | M36: 8 | N36: 32.6 | O36: 65.2 | P36: 0.22 | Q36: 0.44
A37: 6 | B37: ТЕР18-05-001-01 | C37: Установка насосов центробежных с электродвигателем, масса агрегата до 0,1 т Насос подачи воды к моечному оборудованию MVIL 506 DM 334,13 = 2 969,90 - 1 x 2 635,77 | D37: 1 насос | E37: 1 | F37: 334.13 | G37: 185.49 | H37: 14.31 | I37: 0.91 | J37: 334 | K37: 185 | L37: 14 | M37: 1 | N37: 14.17 | O37: 14.17 | P37: 0.05 | Q37: 0.05
A38: Уд | B38: 1. 301-1494 | C38: Насосы центробежные 8/18 с электродвигателем 4А 180 А2 массой агрегата до 0,1 т | D38: компл. | E38: 1 1 | F38: 2635.77 | J38: 2635.77
A39: 7 | B39: ТЕР18-05-001-01 | C39: Установка насосов центробежных с электродвигателем, масса агрегата до 0,1 т Насос подачи воды к электрокоагулятору MVIL102 DM 334,13 = 2 969,90 - 1 x 2 635,77 | D39: 1 насос | E39: 1 | F39: 334.13 | G39: 185.49 | H39: 14.31 | I39: 0.91 | J39: 334 | K39: 185 | L39: 14 | M39: 1 | N39: 14.17 | O39: 14.17 | P39: 0.05 | Q39: 0.05
A40: Уд | B40: 1. 301-1494 | C40: Насосы центробежные 8/18 с электродвигателем 4А 180 А2 массой агрегата до 0,1 т | D40: компл. | E40: 1 1 | F40: 2635.77 | J40: 2635.77
A41: 8 | B41: ТЕР18-05-001-01 | C41: Установка насосов центробежных с электродвигателем, масса агрегата до 0,1 т Насос подачи воды к моечному оборудованию MVIL 106 DM 334,13 = 2 969,90 - 1 x 2 635,77 | D41: 1 насос | E41: 1 | F41: 334.13 | G41: 185.49 | H41: 14.31 | I41: 0.91 | J41: 334 | K41: 185 | L41: 14 | M41: 1 | N41: 14.17 | O41: 14.17 | P41: 0.05 | Q41: 0.05
A42: Уд | B42: 1. 301-1494 | C42: Насосы центробежные 8/18 с электродвигателем 4А 180 А2 массой агрегата до 0,1 т | D42: компл. | E42: 1 1 | F42: 2635.77 | J42: 2635.77
A43: 9 | B43: ТЕР18-05-001-01 | C43: Установка насосов центробежных с электродвигателем, масса агрегата до 0,1 т Насос подачи воды на промывку фильтров MVIL 5202 DM 334,13 = 2 969,90 - 1 x 2 635,77 | D43: 1 насос | E43: 1 | F43: 334.13 | G43: 185.49 | H43: 14.31 | I43: 0.91 | J43: 334 | K43: 185 | L43: 14 | M43: 1 | N43: 14.17 | O43: 14.17 | P43: 0.05 | Q43: 0.05
A44: Уд | B44: 1. 301-1494 | C44: Насосы центробежные 8/18 с электродвигателем 4А 180 А2 массой агрегата до 0,1 т | D44: компл. | E44: 1 1 | F44: 2635.77 | J44: 2635.77
A45: 10 | B45: ТЕР18-05-001-01 | C45: Установка насосов центробежных с электродвигателем, масса агрегата до 0,1 т Насос подачи воды на очистные сооружения Drain TS 40/14 DM 334,13 = 2 969,90 - 1 x 2 635,77 | D45: 1 насос | E45: 1 | F45: 334.13 | G45: 185.49 | H45: 14.31 | I45: 0.91 | J45: 334 | K45: 185 | L45: 14 | M45: 1 | N45: 14.17 | O45: 14.17 | P45: 0.05 | Q45: 0.05
A46: Уд | B46: 1. 301-1494 | C46: Насосы центробежные 8/18 с электродвигателем 4А 180 А2 массой агрегата до 0,1 т | D46: компл. | E46: 1 1 | F46: 2635.77 | J46: 2635.77
A47: Монтаж установки очистки стоков автомобильных моек
A48: 11 | B48: ТЕРм37-01-002-08 | C48: Монтаж оборудования без механизмов в помещении, масса оборудования 3 т Монтаж отстойника, 2,5 тонн) (Общие указания к ТЕРм 2001 корректировка по весу п.4.3.1 ПЗ=0,95 (ОЗП=0,95; ЭМ=0,95 к расх.; ЗПМ=0,95; МАТ=0,95 к расх.; ТЗ=0,95; ТЗМ=0,95)) | D48: 1 шт. | E48: 1 | F48: 3562.97 | G48: 1413.7 | H48: 1167.37 | I48: 143.34 | J48: 3563 | K48: 1414 | L48: 1167 | M48: 143 | N48: 109.25 | O48: 109.25 | P48: 7.88 | Q48: 7.88
A49: 12 | B49: ТЕРм37-01-002-05 | C49: Монтаж оборудования без механизмов в помещении, масса оборудования 1 т (монтаж фильтра) вес 0,8 т (ОУ к Терм корректировка по весу п.4.3.1 ПЗ=0,9 (ОЗП=0,9; ЭМ=0,9 к расх.; ЗПМ=0,9; МАТ=0,9 к расх.; ТЗ=0,9; ТЗМ=0,9)) | D49: 1 шт. | E49: 1 | F49: 1386.83 | G49: 494.96 | H49: 230.39 | I49: 19.66 | J49: 1387 | K49: 495 | L49: 230 | M49: 20 | N49: 38.25 | O49: 38.25 | P49: 1.08 | Q49: 1.08
A50: 13 | B50: ТЕР18-05-001-01 | C50: Установка насосов центробежных с электродвигателем, масса агрегата до 0,1 т 334,13 = 2 969,90 - 1 x 2 635,77 | D50: 1 насос | E50: 4 2+2 | F50: 334.13 | G50: 185.49 | H50: 14.31 | I50: 0.91 | J50: 1337 | K50: 742 | L50: 57 | M50: 4 | N50: 14.17 | O50: 56.68 | P50: 0.05 | Q50: 0.2
A51: Уд | B51: 1. 301-1494 | C51: Насосы центробежные 8/18 с электродвигателем 4А 180 А2 массой агрегата до 0,1 т | D51: компл. | E51: 1 4 | F51: 2635.77 | J51: 10543.08
A52: 14 | B52: ТЕРм37-01-002-03 | C52: Монтаж оборудования без механизмов в помещении, масса оборудования 0,1 т (монтаж установки обезвоживания осадка) | D52: 1 шт. | E52: 1 | F52: 606 | G52: 324.79 | H52: 83.52 | I52: 5.46 | J52: 606 | K52: 325 | L52: 84 | M52: 5 | N52: 25.1 | O52: 25.1 | P52: 0.3 | Q52: 0.3
A53: 15 | B53: ТЕРм37-01-002-03 | C53: Монтаж оборудования без механизмов в помещении, масса оборудования 0,1 т (Установка приготовления и дохирования гипохлорида) 0,145 т (ОУ к Терм корректировка по весу п.4.3.1 ПЗ=1,25 (ОЗП=1,25; ЭМ=1,25 к расх.; ЗПМ=1,25; МАТ=1,25 к расх.; ТЗ=1,25; ТЗМ=1,25)) | D53: 1 шт. | E53: 1 | F53: 757.5 | G53: 405.99 | H53: 104.4 | I53: 6.83 | J53: 758 | K53: 406 | L53: 104 | M53: 7 | N53: 31.38 | O53: 31.38 | P53: 0.38 | Q53: 0.38
A54: Сборка технологической мебели
A55: 16 | B55: МДС 81-37.2014 п.4.7 | C55: Сборка технологической мебели (1% от стоимости п.28-34) | D55: компл | E55: 1 | F55: 123,2 (3587+549+1199+2266+1300+1850+1569)*0,01 | J55: 123
A56: Итого прямые затраты по разделу в ценах 2001г. | J56: 16556 | K56: 7413 | L56: 3050 | M56: 304 | O56: 571.07 | Q56: 16.8
A57: Накладные расходы | J57: 7389
A58: Сметная прибыль | J58: 5213
A59: Итого по разделу 1 | J59: 29158 | O59: 571.07 | Q59: 16.8
A60: Раздел 2. Оборудование
A61: 17 | B61: прайс лист | C61: Портальная мойка Softcare PRO Classic 10|20 Ц:6111985/1,18/3,94х1.012х1.03 | D61: компл | E61: 1 | F61: 1370319.3 | J61: 1370319
A62: 18 | B62: прайс-лист | C62: Аппарат высокого давления с нагревом Karcher HDC 10|20 Ц:133906/1,18/3,94х1.012х1.03 | D62: шт | E62: 3 | F62: 30022 | J62: 90066
A63: 19 | B63: прайс-лист | C63: Пеногенератор V=24л IDROSISTEM Ц:12500/1,18/3,94х1.012х1.03 | D63: шт | E63: 2 | F63: 2802.53 | J63: 5605
A64: 20 | B64: прайс-лист | C64: Пылесос PUZZI 100 SUPER моющий Ц:21821/1,18/3,94х1.012х1.03 | D64: шт | E64: 1 | F64: 4892.31 | J64: 4892
A65: 21 | B65: прайс-лист | C65: Пылесос профессиональный NT 65/2 АР Ц:27590/1,18/3,94х1.012х1.03 | D65: шт | E65: 1 | F65: 6185.73 | J65: 6186
A66: 22 | B66: прайс-лист | C66: Бак чистой оборотной воды 8м3 Ц:118000/1,18/3,94х1.012х1.03 | D66: шт | E66: 1 | F66: 26455.84 | J66: 26456
A67: 23 | B67: прайс-лист | C67: Бак свежей воды 1м3 Ц:14400/1,18/3,94х1.012х1.03 | D67: шт | E67: 1 | F67: 3228.51 | J67: 3229
A68: 24 | B68: прайс-лист | C68: Компрессор Fiac FDМ 300|670 Ц:55440/1,18/3,94х1.012х1.03 | D68: шт | E68: 2 | F68: 12429.76 | J68: 24860
A69: 25 | B69: прайс-лист | C69: Насос подачи воды к моечному оборудованию MVIL 506 DM Ц:23110/1,18/3,94х1.012х1.03 | D69: шт | E69: 2 | F69: 5181.31 | J69: 10363
A70: 26 | B70: прайс-лист | C70: Насос подачи воды к электрокоагулятору MVIL102 DM Ц:17590/1,18/3,94х1.012х1.03 | D70: шт | E70: 2 | F70: 3943.71 | J70: 7887
A71: 27 | B71: прайс-лист | C71: Насос подачи воды к моечному оборудованию MVIL 106 DM Ц:19520/1,18/3,94х1.012х1.03 | D71: шт | E71: 2 | F71: 4376.42 | J71: 8753
A72: 28 | B72: прайс-лист | C72: Насос подачи воды на промывку фильтров MVIL 5202 DM Ц:59160/1,18/3,94х1.012х1.03 | D72: шт | E72: 2 | F72: 13263.79 | J72: 26528
... A81: 37 | B81: прайс-лист | C81: Штора из тентового материала с пвх покрытием 4х7м Ц:250/1,18/3,94х1.012х1.03 | D81: м2 | E81: 28 | F81: 56.05 | J81: 1569
A82: Итого прямые затраты по разделу в ценах 2001г. | J82: 2682490
A83: Итого по разделу 2 Оборудование | J83: 2682490
A84: Раздел 3. Система В10.1
A85: 38 | B85: ТСЦ-302-1835 | C85: Кран шаровой муфтовый 11Б27П1, диаметром 40 мм | D85: шт. | E85: 1 | F85: 161.84 | J85: 162
A86: 39 | B86: ТЕР16-02-002-03 | C86: Прокладка трубопроводов водоснабжения из стальных водогазопроводных оцинкованных труб диаметром 25 мм | D86: 100 м трубопровода | E86: 0.45 | F86: 6208.42 | G86: 502.3 | H86: 79.16 | I86: 2.73 | J86: 2794 | K86: 226 | L86: 36 | M86: 1 | N86: 37.07 | O86: 16.68 | P86: 0.15 | Q86: 0.07
A87: 40 | B87: ТЕР16-02-002-05 | C87: Прокладка трубопроводов водоснабжения из стальных водогазопроводных оцинкованных труб диаметром 40 мм | D87: 100 м трубопровода | E87: 0.005 | F87: 8494.65 | G87: 502.3 | H87: 79.16 | I87: 2.73 | J87: 42 | K87: 3 | N87: 37.07 | O87: 0.19 | P87: 0.15
A88: 41 | B88: ТЕР16-07-005-01 | C88: Гидравлическое испытание трубопроводов систем отопления, водопровода и горячего водоснабжения диаметром до 50 мм | D88: 100 м трубопровода | E88: 0.455 | F88: 104.4 | G88: 82.16 | H88: 15.29 | J88: 48 | K88: 37 | L88: 7 | N88: 5.01 | O88: 2.28
A89: 42 | B89: ТСЦ-301-1224 | C89: Крепления для трубопроводов: кронштейны, планки, хомуты | D89: кг | E89: 2.2 | F89: 17.02 | J89: 37
A90: Итого прямые затраты по разделу в ценах 2001г. | J90: 3083 | K90: 266 | L90: 43 | M90: 1 | O90: 19.15 | Q90: 0.07
A91: Накладные расходы | J91: 342
A92: Сметная прибыль | J92: 222
A93: Итого по разделу 3 Система В10.1 | J93: 3647 | O93: 19.15 | Q93: 0.07
A94: Раздел 4. Система В10.2
A95: 43 | B95: ТЕР16-05-001-02 | C95: Установка вентилей, задвижек, затворов, клапанов обратных, кранов проходных на трубопроводах из стальных труб диаметром до 50 мм | D95: 1 шт. | E95: 1 | F95: 138.58 | G95: 18.79 | H95: 5.32 | J95: 139 | K95: 19 | L95: 5 | N95: 1.47 | O95: 1.47
A96: 44 | B96: прайс-лист | C96: Задвижка VAG ЕКOplus Д50 Ц:8703,25/1,18/5,59х1.02х1.003 (Материалы (МАТ=МАТ/1,18/5,59*1,02*1,003-МАТ)) | D96: шт | E96: 1 | F96: 1349.86 | J96: 1350
A97: 45 | B97: ТЕР16-02-004-01 | C97: Прокладка трубопроводов отопления и газоснабжения из стальных бесшовных труб диаметром до 50 мм | D97: 100 м трубопровода | E97: 0.45 | F97: 7249.68 | G97: 837.02 | H97: 157.48 | I97: 3.46 | J97: 3262 | K97: 377 | L97: 71 | M97: 2 | N97: 60.83 | O97: 27.37 | P97: 0.19 | Q97: 0.09
A98: 46 | B98: ТЕР16-02-002-06 | C98: Прокладка трубопроводов водоснабжения из стальных водогазопроводных оцинкованных труб диаметром 50 мм | D98: 100 м трубопровода | E98: 0.005 | F98: 10345.12 | G98: 645.39 | H98: 142.18 | I98: 3.82 | J98: 52 | K98: 3 | L98: 1 | N98: 47.63 | O98: 0.24 | P98: 0.21
A99: 47 | B99: ТЕР16-07-005-01 | C99: Гидравлическое испытание трубопроводов систем отопления, водопровода и горячего водоснабжения диаметром до 50 мм | D99: 100 м трубопровода | E99: 0.455 | F99: 104.4 | G99: 82.16 | H99: 15.29 | J99: 48 | K99: 37 | L99: 7 | N99: 5.01 | O99: 2.28
A100: 48 | B100: ТСЦ-301-1224 | C100: Крепления для трубопроводов: кронштейны, планки, хомуты | D100: кг | E100: 6.2 | F100: 17.02 | J100: 106
A101: Итого прямые затраты по разделу в ценах 2001г. | J101: 4957 | K101: 436 | L101: 84 | M101: 2 | O101: 31.36 | Q101: 0.09
A102: Накладные расходы | J102: 561
A103: Сметная прибыль | J103: 364
A104: Итого по разделу 4 Система В10.2 | J104: 5882 | O104: 31.36 | Q104: 0.09
A105: Раздел 5. Система В10.3, В10.4
A106: 49 | B106: ТСЦ-302-1831 | C106: Кран шаровой муфтовый 11Б27П1, диаметром 15 мм | D106: шт. | E106: 5 | F106: 25.14 | J106: 126
A107: 50 | B107: ТСЦ-302-1833 | C107: Кран шаровой муфтовый 11Б27П1, диаметром 25 мм | D107: шт. | E107: 1 | F107: 56.62 | J107: 57
A108: 51 | B108: ТСЦ-302-1835 | C108: Кран шаровой муфтовый 11Б27П1, диаметром 40 мм | D108: шт. | E108: 1 | F108: 161.84 | J108: 162
A109: 52 | B109: прайс-лист Промкомплект | C109: Клапаны обратные подъемные муфтовые 16кч11р для воды давлением 1,6 МПа (16 кгс/см2), диаметром 25 мм Цена=114р (Материалы (МАТ=МАТ/1,18/5,59*1,02*1,003-МАТ)) | D109: шт | E109: 1 | F109: 17.68 | J109: 18
A110: 53 | B110: ТЕР16-02-007-01 | C110: Установка фланцевых соединений на стальных трубопроводах диаметром 50 мм 37,43 = 125,49 - 2 x 44,03 | D110: 1 соединение | E110: 2 (2+1+1)/2 | F110: 37.43 | G110: 13.41 | H110: 5.04 | J110: 75 | K110: 27 | L110: 10 | N110: 0.96 | O110: 1.92
A111: Уд | B111: 1. 507-0983 | C111: Фланцы стальные плоские приварные из стали ВСт3сп2, ВСт3сп3, давлением 1,0 МПа (10 кгс/см2), диаметром 50 мм | D111: шт. | E111: 2 4 | F111: 44.03 | J111: 176.12
A112: 54 | B112: ТСЦ-507-0981 | C112: Фланцы стальные плоские приварные из стали ВСт3сп2, ВСт3сп3, давлением 1,0 МПа (10 кгс/см2), диаметром 32 мм | D112: шт. | E112: 2 | F112: 24.1 | J112: 48
A113: 55 | B113: ТСЦ-507-0983 | C113: Фланцы стальные плоские приварные из стали ВСт3сп2, ВСт3сп3, давлением 1,0 МПа (10 кгс/см2), диаметром 50 мм | D113: шт. | E113: 1 | F113: 44.03 | J113: 44
A114: 56 | B114: ТСЦ-507-1000 | C114: Фланцы стальные плоские приварные из стали ВСт3сп2, ВСт3сп3, давлением 1,6 МПа (16 кгс/см2), диаметром 50 мм | D114: шт. | E114: 1 | F114: 47.6 | J114: 48
A115: 57 | B115: ТЕР16-02-002-01 | C115: Прокладка трубопроводов водоснабжения из стальных водогазопроводных оцинкованных труб диаметром 15 мм | D115: 100 м трубопровода | E115: 0.57 | F115: 5020.27 | G115: 502.3 | H115: 79.16 | I115: 2.73 | J115: 2862 | K115: 286 | L115: 45 | M115: 2 | N115: 37.07 | O115: 21.13 | P115: 0.15 | Q115: 0.09
...

Sheet 5
A1: СОГЛАСОВАНО: | M1: УТВЕРЖДАЮ:
A4: _________________ | M4: _________________
A5: " _____ " ________________ 2013 г. | M5: "____" ______________2013 г.
H6: ФГУП "Комбинат "Электрохимприбор" г.Лесной, Свердловской области
H7: (наименование стройки)
H9: ЛОКАЛЬНЫЙ СМЕТНЫЙ РАСЧЕТ № 5
H10: (локальная смета)
C12: на | D12: Отстойник для летней мойки, Автоматическая мойка цеха 013
H13: (наименование работ и затрат, наименование объекта)
D15: Основание: 13-044-02-КЖ1
D16: Сметная стоимость строительных работ _______________________________________________________________________________________________ | J16: ___________________________37,406 | L16: тыс. руб.
D17: Средства на оплату труда _______________________________________________________________________________________________ | J17: ___________________________3,357 | L17: тыс. руб.
D18: Сметная трудоемкость _______________________________________________________________________________________________ | J18: _______________________________________________________________________________________________221 | L18: чел.час
D19: Составлен(а) в текущих (прогнозных) ценах по состоянию на ______________
A22: № пп | B22: Обосно- вание | C22: Наименование | D22: Ед. изм. | E22: Кол. | F22: Стоимость единицы, руб. | J22: Общая стоимость, руб. | N22: Т/з осн. раб.на ед. | O22: Т/з осн. раб. Всего | P22: Т/з мех. на ед. | Q22: Т/з мех. Всего
F23: Всего | G23: В том числе | J23: Всего | K23: В том числе
G24: Осн.З/п | H24: Эк.Маш | I24: З/пМех | K24: Осн.З/п | L24: Эк.Маш | M24: З/пМех
A25: 1 | B25: 2 | C25: 3 | D25: 4 | E25: 5 | F25: 6 | G25: 7 | H25: 8 | I25: 9 | J25: 10 | K25: 11 | L25: 12 | M25: 13 | N25: 14 | O25: 15 | P25: 16 | Q25: 17
A26: Раздел 1. Земляные работы
A27: 1 | B27: ТЕР01-01-006-06 | C27: Разработка грунта в отвал в котлованах объемом до 500 м3 экскаваторами с ковшом вместимостью 0,25 м3, группа грунтов 3 | D27: 1000 м3 грунта | E27: 0.103 | F27: 6652.11 | H27: 6652.11 | I27: 1234.92 | J27: 685 | L27: 685 | M27: 127 | P27: 79.06 | Q27: 8.14
A28: 2 | B28: ТЕР01-01-018-05 | C28: Разработка грунта с погрузкой на автомобили-самосвалы в котлованах объемом до 500 м3 экскаваторами с ковшом вместимостью 0,25 м3, группа грунтов 2 | D28: 1000 м3 грунта | E28: 0.045 | F28: 5857.83 | H28: 5857.83 | I28: 1087.46 | J28: 264 | L28: 264 | M28: 49 | P28: 69.62 | Q28: 3.13
A29: 3 | B29: ФССЦпг03-21-01-001 | C29: Перевозка грузов автомобилями-самосвалами грузоподъемностью 10 т, работающих вне карьера, на расстояние: до 1 км I класс груза (15 Поясные коэффициенты к сметным ценам на перевозку грузов автомобильным транспортом: Республика Башкортостан, Алтайский край, Вологодская, Кемеровская, Кировская, Курганская, Омская, Оренбургская, Новосибирская, Свердловская, Челябинская и Пермская области (за исключением Коми-Пермяцкого автономного округа). ПЗ=1,1 (ОЗП=1,1; ЭМ=1,1; ЗПМ=1,1; МАТ=1,1)) | D29: 1 т груза | E29: 87.75 | F29: 3.2 | H29: 3.2 | J29: 281 | L29: 281
A30: 4 | B30: ТЕР01-01-016-01 | C30: Работа на отвале, группа грунтов 1 | D30: 1000 м3 грунта | E30: 0.045 | F30: 391.87 | G30: 32.86 | H30: 356.46 | I30: 55.16 | J30: 18 | K30: 1 | L30: 16 | M30: 2 | N30: 2.99 | O30: 0.13 | P30: 3.26 | Q30: 0.15
A31: 5 | B31: ТЕР01-02-061-02 | C31: Засыпка вручную траншей, пазух котлованов и ям, группа грунтов 2 | D31: 100 м3 грунта | E31: 0.21 | F31: 1027.4 | G31: 1027.4 | J31: 216 | K31: 216 | N31: 97.2 | O31: 20.41
A32: 6 | B32: ТЕР01-01-033-05 | C32: Засыпка траншей и котлованов с перемещением грунта до 5 м бульдозерами мощностью 79 кВт (108 л.с.), группа грунтов 2 | D32: 1000 м3 грунта | E32: 0.082 | F32: 445.76 | H32: 445.76 | I32: 70.73 | J32: 37 | L32: 37 | M32: 6 | P32: 4.18 | Q32: 0.34
A33: 7 | B33: ТЕР01-01-033-11 | C33: При перемещении грунта на каждые последующие 5 м добавлять к расценке 01-01-033-05 | D33: 1000 м3 грунта | E33: 0.082 | F33: 197.28 | H33: 197.28 | I33: 31.3 | J33: 16 | L33: 16 | M33: 3 | P33: 1.85 | Q33: 0.15
A34: 8 | B34: ТЕР01-02-005-01 | C34: Уплотнение грунта пневматическими трамбовками, группа грунтов 1-2 | D34: 100 м3 уплотненного грунта | E34: 0.082 | F34: 604.71 | G34: 150.49 | H34: 454.22 | I34: 47.48 | J34: 50 | K34: 12 | L34: 38 | M34: 4 | N34: 12.53 | O34: 1.03 | P34: 3.04 | Q34: 0.25
A35: Итого прямые затраты по разделу в ценах 2001г. | J35: 1567 | K35: 229 | L35: 1337 | M35: 191 | O35: 21.57 | Q35: 12.16
A36: Накладные расходы | J36: 367
A37: Сметная прибыль | J37: 199
A38: Итого по разделу 1 Земляные работы | J38: 2133 | O38: 21.57 | Q38: 12.16
A39: Раздел 2. Строительные работы
A40: 10 | B40: ТЕР06-01-001-01 | C40: Устройство бетонной подготовки 9 627,53 = 64 980,89 - 102 x 542,68 | D40: 100 м3 бетона, бутобетона и железобетона в деле | E40: 0.026 | F40: 9627.53 | G40: 1978.2 | H40: 4648.35 | I40: 327.6 | J40: 250 | K40: 51 | L40: 121 | M40: 9 | N40: 180 | O40: 4.68 | P40: 18 | Q40: 0.47
A41: Уд | B41: 1. 401-0061 | C41: Бетон тяжелый, крупность заполнителя 20 мм, класс В3,5 (М50) | D41: м3 | E41: 102 2,652 | F41: 542.68 | J41: 1439.19
A42: 11 | B42: ТСЦ-401-0064 | C42: Бетон тяжелый, крупность заполнителя 20 мм, класс В10 (М150) | D42: м3 | E42: 2.652 | F42: 562.22 | J42: 1491
A43: 12 | B43: ТЕР06-01-062-04 | C43: Устройство стен и плоских днищ при толщине более 150 мм прямоугольных сооружений 24 112,79 = 92 692,28 - 101,5 x 675,66 | D43: 100 м3 железобетона в деле | E43: 0.21 | F43: 24112.79 | G43: 9660.84 | H43: 9682.35 | I43: 1367.71 | J43: 5064 | K43: 2029 | L43: 2033 | M43: 287 | N43: 729.12 | O43: 153.12 | P43: 75.19 | Q43: 15.79
A44: Уд | B44: 1. 401-0246 | C44: Бетон песчаный, класс В15 (М200) | D44: м3 | E44: 101,5 21,32 | F44: 675.66 | J44: 14405.07
A45: 13 | B45: ТСЦ-401-0247 | C45: Бетон песчаный, класс В20 (М250) | D45: м3 | E45: 21.32 | F45: 721.88 | J45: 15390
A46: 14 | B46: ТСЦ-204-0022 | C46: Горячекатаная арматурная сталь периодического профиля класса А-III, диаметром 12 мм | D46: т | E46: 0.142 | F46: 4874.75 | J46: 692
A47: 15 | B47: ТСЦ-204-0024 | C47: Горячекатаная арматурная сталь периодического профиля класса А-III, диаметром 16-18 мм | D47: т | E47: 0.271 | F47: 4637.68 | J47: 1257
A48: 16 | B48: ТСЦ-101-1641 | C48: Сталь угловая равнополочная, марка стали ВСт3кп2, размером 50x50x5 мм | D48: т | E48: 0.0072 | F48: 5890.5 | J48: 42
A49: 17 | B49: ТСЦ-103-0159 | C49: Трубы стальные электросварные прямошовные со снятой фаской из стали марок БСт2кп-БСт4кп и БСт2пс-БСт4пс наружный диаметр 108 мм, толщина стенки 3,0 мм | D49: м | E49: 0.7 | F49: 69.49 | J49: 49
A50: 18 | B50: ТЕР06-01-015-08 | C50: Установка закладных деталей весом до 20 кг Мн1 | D50: 1 т | E50: 0.097 | F50: 7992.38 | G50: 807.95 | H50: 42.05 | I50: 2.73 | J50: 775 | K50: 78 | L50: 4 | N50: 63.22 | O50: 6.13 | P50: 0.15 | Q50: 0.01
A51: 19 | B51: ТЕР06-01-015-08 | C51: Установка закладных деталей весом до 20 кг Мн2 | D51: 1 т | E51: 0.0156 | F51: 7992.38 | G51: 807.95 | H51: 42.05 | I51: 2.73 | J51: 125 | K51: 13 | L51: 1 | N51: 63.22 | O51: 0.99 | P51: 0.15
A52: 20 | B52: ТЕР08-02-007-03 | C52: Установка металлических решеток приямков | D52: 1 т металлических изделий | E52: 0.1568 | F52: 13548.91 | G52: 591.3 | H52: 373.12 | I52: 12.56 | J52: 2124 | K52: 93 | L52: 59 | M52: 2 | N52: 47.38 | O52: 7.43 | P52: 0.69 | Q52: 0.11
A53: 21 | B53: ТЕР07-01-044-04 | C53: Установка монтажных изделий массой более 20 кг | D53: 1 т стальных элементов | E53: 0.0418 | F53: 13459.15 | G53: 451.53 | H53: 293.71 | J53: 563 | K53: 19 | L53: 12 | N53: 31.4 | O53: 1.31
A54: 22 | B54: ТЕР08-01-003-07прим | C54: Гидроизоляция боковая обмазочная битумная в 2 слоя по выровненной поверхности бутовой кладки, кирпичу, бетону | D54: 100 м2 изолируемой поверхности | E54: 0.65 | F54: 1496.69 | G54: 284.08 | H54: 104.01 | J54: 973 | K54: 185 | L54: 68 | N54: 21.2 | O54: 13.78
A55: 23 | B55: ТЕР08-01-003-01прим | C55: Гидроизоляция стен, фундаментов горизонтальная цементная с жидким стеклом | D55: 100 м2 изолируемой поверхности | E55: 0.06 | F55: 2387.57 | G55: 458.78 | H55: 43.67 | J55: 143 | K55: 28 | L55: 3 | N55: 38.2 | O55: 2.29
A56: 24 | B56: ТЕР13-03-001-05прим | C56: Огрунтовка бетонных и оштукатуренных поверхностей лаком ХС-76, первый слой | D56: 100 м2 окрашиваемой поверхности | E56: 0.584 | F56: 1007.5 | G56: 111.3 | H56: 6.68 | I56: 0.16 | J56: 588 | K56: 65 | L56: 4 | N56: 7.42 | O56: 4.33 | P56: 0.01 | Q56: 0.01
A57: 25 | B57: ТЕР13-03-001-06прим | C57: Огрунтовка бетонных и оштукатуренных поверхностей лаком ХС-76, последующий слой | D57: 100 м2 окрашиваемой поверхности | E57: 0.584 | F57: 740.65 | G57: 111.3 | H57: 6.68 | I57: 0.16 | J57: 433 | K57: 65 | L57: 4 | N57: 7.42 | O57: 4.33 | P57: 0.01 | Q57: 0.01
A58: 26 | B58: ТЕР13-03-004-06прим | C58: Окраска металлических огрунтованных поверхностей эмалью ХВ-124 (за два раза ПЗ=2 (ОЗП=2; ЭМ=2 к расх.; ЗПМ=2; МАТ=2 к расх.; ТЗ=2; ТЗМ=2)) | D58: 100 м2 окрашиваемой поверхности | E58: 0.21 | F58: 1085.52 | G58: 63.14 | H58: 15.54 | I58: 0.32 | J58: 228 | K58: 13 | L58: 3 | N58: 4.94 | O58: 1.04 | P58: 0.02
A59: Итого прямые затраты по разделу в ценах 2001г. | J59: 30187 | K59: 2639 | L59: 2312 | M59: 298 | O59: 199.43 | Q59: 16.4
A60: Накладные расходы | J60: 3120
A61: Сметная прибыль | J61: 1966
A62: Итого по разделу 2 Строительные работы | J62: 35273 | O62: 199.43 | Q62: 16.4
A63: ИТОГИ ПО СМЕТЕ:
A64: Итого прямые затраты по смете в ценах 2001г. | J64: 31754 | K64: 2868 | L64: 3649 | M64: 489 | O64: 221 | Q64: 28.56
A65: Накладные расходы | J65: 3487
A66: Сметная прибыль | J66: 2165
A67: Итоги по смете:
A68: Итого | J68: 37406 | O68: 221 | Q68: 28.56
A69: В том числе:
A70: Материалы | J70: 25237
A71: Машины и механизмы | J71: 3649
A72: ФОТ | J72: 3357
A73: Накладные расходы | J73: 3487
A74: Сметная прибыль | J74: 2165
A75: ВСЕГО по смете | J75: 37406 | O75: 221 | Q75: 28.56
A79: Составил: ___________________________Пронина Г.С.
A80: (должность, подпись, расшифровка)
A82: Проверил: ___________________________Стрижов Ю.А.
A83: (должность, подпись, расшифровка)

Sheet 6
H1: ФГУП "Комбинат "Электрохимприбор" г.Лесной, Свердловской области
H2: (наименование стройки)
H4: ЛОКАЛЬНЫЙ СМЕТНЫЙ РАСЧЕТ № 6
H5: (локальная смета)
C7: на | D7: Вентиляция, Автоматическая мойка цеха 013
H8: (наименование работ и затрат, наименование объекта)
D10: Основание: 13-044-01-ОВ.С
D11: Сметная стоимость _______________________________________________________________________________________________ | J11: ___________________________565,566 | L11: тыс. руб.
D12: строительных работ _______________________________________________________________________________________________ | J12: _______________________________________________________________________________________________322,386 | L12: тыс. руб.
D13: монтажных работ _______________________________________________________________________________________________ | J13: _______________________________________________________________________________________________14,257 | L13: тыс. руб.
D14: оборудования _______________________________________________________________________________________________ | J14: _______________________________________________________________________________________________228,923 | L14: тыс. руб.
D15: Средства на оплату труда _______________________________________________________________________________________________ | J15: ___________________________12,782 | L15: тыс. руб.
D16: Сметная трудоемкость _______________________________________________________________________________________________ | J16: _______________________________________________________________________________________________945,87 | L16: чел.час
D17: Составлен(а) в текущих (прогнозных) ценах по состоянию на ______________
A20: № пп | B20: Обосно- вание | C20: Наименование | D20: Ед. изм. | E20: Кол. | F20: Стоимость единицы, руб. | J20: Общая стоимость, руб. | N20: Т/з осн. раб.на ед. | O20: Т/з осн. раб. Всего | P20: Т/з мех. на ед. | Q20: Т/з мех. Всего
F21: Всего | G21: В том числе | J21: Всего | K21: В том числе
G22: Осн.З/п | H22: Эк.Маш | I22: З/пМех | K22: Осн.З/п | L22: Эк.Маш | M22: З/пМех
A23: 1 | B23: 2 | C23: 3 | D23: 4 | E23: 5 | F23: 6 | G23: 7 | H23: 8 | I23: 9 | J23: 10 | K23: 11 | L23: 12 | M23: 13 | N23: 14 | O23: 15 | P23: 16 | Q23: 17
A24: Раздел 1.
A25: Система П-1
A26: 1 | B26: ТЕР20-06-002-01 | C26: Установка камер приточных типовых без секции орошения производительностью до 10 тыс.м3/час | D26: 1 камера | E26: 1 | F26: 965.62 | G26: 565.61 | H26: 115.2 | I26: 4 | J26: 966 | K26: 566 | L26: 115 | M26: 4 | N26: 43.71 | O26: 43.71 | P26: 0.22 | Q26: 0.22
A27: 2 | B27: ТЕРм08-01-102-01 | C27: Шкаф управления и регулирования | D27: 1 шкаф | E27: 1 | F27: 569.9 | G27: 197.83 | H27: 233.8 | I27: 14.56 | J27: 570 | K27: 198 | L27: 234 | M27: 15 | N27: 14.6 | O27: 14.6 | P27: 0.8 | Q27: 0.8
A29: Система П-2
A30: 3 | B30: ТЕР20-06-002-01 | C30: Установка камер приточных типовых без секции орошения производительностью до 10 тыс.м3/час | D30: 1 камера | E30: 1 | F30: 965.62 | G30: 565.61 | H30: 115.2 | I30: 4 | J30: 966 | K30: 566 | L30: 115 | M30: 4 | N30: 43.71 | O30: 43.71 | P30: 0.22 | Q30: 0.22
A31: 4 | B31: ТЕРм08-01-102-01 | C31: Шкаф управления и регулирования | D31: 1 шкаф | E31: 1 | F31: 569.9 | G31: 197.83 | H31: 233.8 | I31: 14.56 | J31: 570 | K31: 198 | L31: 234 | M31: 15 | N31: 14.6 | O31: 14.6 | P31: 0.8 | Q31: 0.8
A33: Система П-3
A34: 5 | B34: ТЕР20-03-002-01 | C34: Установка вентиляторов осевых массой до 0,025 т | D34: 1 вентилятор | E34: 1 | F34: 64.49 | G34: 53.93 | H34: 8.24 | I34: 0.18 | J34: 64 | K34: 54 | L34: 8 | N34: 3.98 | O34: 3.98 | P34: 0.01 | Q34: 0.01
A35: 6 | B35: прайс-лист | C35: Вентилятор канальный ВЕНТ-315 Ц:6259 (Материалы (МАТ=МАТ/1,18/5,59*1,02*1,003-МАТ)) | D35: шт | E35: 1 | F35: 970.76 | J35: 971
A36: 7 | B36: ТЕР20-02-005-02 | C36: Установка заслонок воздушных и клапанов воздушных КВР с ручным приводом диаметром до 355 мм | D36: 1 шт. | E36: 1 | F36: 41.25 | G36: 17.18 | H36: 1.95 | J36: 41 | K36: 17 | L36: 2 | N36: 1.36 | O36: 1.36
A37: 8 | B37: прайс-лист | C37: Воздушный клапан Канал-КВ-315 Ц:11041 (Материалы (МАТ=МАТ/1,18/5,59*1,02*1,003-МАТ)) | D37: шт | E37: 1 | F37: 1712.44 | J37: 1712
A38: 9 | B38: ТЕР20-02-004-01прим | C38: Установка фильтра канального диаметром до 355 мм | D38: 1 клапан | E38: 1 | F38: 24.14 | G38: 12.85 | H38: 1.84 | J38: 24 | K38: 13 | L38: 2 | N38: 1.03 | O38: 1.03
A39: 10 | B39: прайс-лист | C39: Фильтр ФКК-315 Ц:1534/ (Материалы (МАТ=МАТ/1,18/5,59*1,02*1,003-МАТ)) | D39: шт | E39: 1 | F39: 237.92 | J39: 238
A40: 11 | B40: ТЕР20-06-006-01 | C40: Установка воздухонагревателей однорядных для обводного канала производительностью до 10 тыс.м3/час | D40: 1 воздухонагреватель | E40: 1 | F40: 241.84 | G40: 108.4 | H40: 17.96 | I40: 0.73 | J40: 242 | K40: 108 | L40: 18 | M40: 1 | N40: 8 | O40: 8 | P40: 0.04 | Q40: 0.04
A41: 12 | B41: прайс-лист | C41: Электрический канальный воздухонагреватель ЭКВ-К-315 Ц:6851 (Материалы (МАТ=МАТ/1,18/5,59*1,02*1,003-МАТ)) | D41: шт | E41: 1 | F41: 1062.58 | J41: 1063
A42: 13 | B42: ТЕР20-02-014-10 | C42: Установка шумоглушителей вентиляционных трубчатых круглого сечения диаметр обечайки 315 мм | D42: 1 шт. | E42: 1 | F42: 29.78 | G42: 19.22 | H42: 2.21 | J42: 30 | K42: 19 | L42: 2 | N42: 1.54 | O42: 1.54
A43: 14 | B43: прайс-лист | C43: Шумоглушитель ГКК-315-900 Ц:3223 (Материалы (МАТ=МАТ/1,18/5,59*1,02*1,003-МАТ)) | D43: шт | E43: 1 | F43: 499.88 | J43: 500
A44: 15 | B44: ТЕРм08-01-102-01 | C44: Шкаф управления и регулирования | D44: 1 шкаф | E44: 1 | F44: 569.9 | G44: 197.83 | H44: 233.8 | I44: 14.56 | J44: 570 | K44: 198 | L44: 234 | M44: 15 | N44: 14.6 | O44: 14.6 | P44: 0.8 | Q44: 0.8
A46: Система П4
A47: 16 | B47: ТЕР20-03-002-01 | C47: Установка вентиляторов осевых массой до 0,025 т | D47: 1 вентилятор | E47: 1 | F47: 64.49 | G47: 53.93 | H47: 8.24 | I47: 0.18 | J47: 64 | K47: 54 | L47: 8 | N47: 3.98 | O47: 3.98 | P47: 0.01 | Q47: 0.01
A48: 17 | B48: прайс-лист | C48: Вентилятор канальный ВЕНТ-250 Ц:4289/ (Материалы (МАТ=МАТ/1,18/5,59*1,02*1,003-МАТ)) | D48: шт | E48: 1 | F48: 665.22 | J48: 665
A49: 18 | B49: ТЕР20-02-005-01 | C49: Установка заслонок воздушных и клапанов воздушных КВР с ручным приводом диаметром до 250 мм | D49: 1 шт. | E49: 1 | F49: 34.49 | G49: 15.41 | H49: 1.86 | J49: 34 | K49: 15 | L49: 2 | N49: 1.22 | O49: 1.22
A50: 19 | B50: прайс-лист | C50: Воздушный клапан Канал-КВ-250 Ц:10894/ (Материалы (МАТ=МАТ/1,18/5,59*1,02*1,003-МАТ)) | D50: шт | E50: 1 | F50: 1689.64 | J50: 1690
A51: 20 | B51: ТЕР20-02-004-01прим | C51: Установка фильтра канального диаметром до 355 мм | D51: 1 клапан | E51: 1 | F51: 24.14 | G51: 12.85 | H51: 1.84 | J51: 24 | K51: 13 | L51: 2 | N51: 1.03 | O51: 1.03
A52: 21 | B52: прайс-лист | C52: Фильтр ФКК-250 Ц:1440/ (Материалы (МАТ=МАТ/1,18/5,59*1,02*1,003-МАТ)) | D52: шт | E52: 1 | F52: 223.34 | J52: 223
A53: 22 | B53: ТЕР20-06-006-01 | C53: Установка воздухонагревателей однорядных для обводного канала производительностью до 10 тыс.м3/час | D53: 1 воздухонагреватель | E53: 1 | F53: 241.84 | G53: 108.4 | H53: 17.96 | I53: 0.73 | J53: 242 | K53: 108 | L53: 18 | M53: 1 | N53: 8 | O53: 8 | P53: 0.04 | Q53: 0.04
A54: 23 | B54: прайс-лист | C54: Электрический канальный воздухонагреватель ЭКВ-К-250 Ц:5700/ (Материалы (МАТ=МАТ/1,18/5,59*1,02*1,003-МАТ)) | D54: шт | E54: 1 | F54: 884.06 | J54: 884
A55: 24 | B55: ТЕР20-02-014-09 | C55: Установка шумоглушителей вентиляционных трубчатых круглого сечения типа ГТК 2-3, диаметр обечайки 250 мм | D55: 1 шт. | E55: 1 | F55: 22.16 | G55: 13.6 | H55: 1.86 | J55: 22 | K55: 14 | L55: 2 | N55: 1.09 | O55: 1.09
A56: 25 | B56: прайс-лист | C56: Шумоглушитель ГКК-250-900 Ц:2390 (Материалы (МАТ=МАТ/1,18/5,59*1,02*1,003-МАТ)) | D56: шт | E56: 1 | F56: 370.69 | J56: 371
A57: 26 | B57: ТЕРм08-01-102-01 | C57: Шкаф управления и регулирования | D57: 1 шкаф | E57: 1 | F57: 569.9 | G57: 197.83 | H57: 233.8 | I57: 14.56 | J57: 570 | K57: 198 | L57: 234 | M57: 15 | N57: 14.6 | O57: 14.6 | P57: 0.8 | Q57: 0.8
A59: Система В1, В2
A60: 27 | B60: ТЕР20-03-003-01 | C60: Установка вентиляторов крышных массой до 0,1 т | D60: 1 вентилятор | E60: 2 | F60: 164.76 | G60: 85.37 | H60: 35.76 | I60: 2 | J60: 330 | K60: 171 | L60: 72 | M60: 4 | N60: 6.3 | O60: 12.6 | P60: 0.11 | Q60: 0.22
A61: 28 | B61: прайс-лист | C61: Вентилятор КРОВ9 4-Н-У1-0 Ц:26347 (Материалы (МАТ=МАТ/1,18/5,59*1,02*1,003-МАТ)) | D61: шт | E61: 2 | F61: 4086.38 | J61: 8173
A62: 29 | B62: ТЕР20-02-013-04 | C62: Установка узлов прохода вытяжных вентиляционных шахт диаметром патрубка до 800 мм | D62: 10 узлов | E62: 0.2 | F62: 769.06 | G62: 555.1 | H62: 20.17 | I62: 0.55 | J62: 154 | K62: 111 | L62: 4 | N62: 46.22 | O62: 9.24 | P62: 0.03 | Q62: 0.01
A63: 30 | B63: прайс-лист | C63: Стакан монтажный с шумоглушителем СТАМ 610-40-Н-1 Ц:23754 (Материалы (МАТ=МАТ/1,18/5,59*1,02*1,003-МАТ)) | D63: шт | E63: 2 | F63: 3684.21 | J63: 7368
A64: 31 | B64: ТЕР20-02-006-07 | C64: Установка заслонок воздушных и клапанов воздушных КВР с электрическим или пневматическим приводом периметром до 1600 мм | D64: 1 шт. | E64: 2 | F64: 38.44 | G64: 23.24 | H64: 2.24 | J64: 77 | K64: 46 | L64: 4 | N64: 1.84 | O64: 3.68
A65: 32 | B65: прайс-лист | C65: Клапан воздушный с эл.приводом Гермик П 400х400 Ц:18755/ (Материалы (МАТ=МАТ/1,18/5,59*1,02*1,003-МАТ)) | D65: шт | E65: 2 | F65: 2908.87 | J65: 5818
A66: 33 | B66: ТЕРм08-01-102-01 | C66: Шкаф управления и регулирования | D66: 1 шкаф | E66: 1 | F66: 569.9 | G66: 197.83 | H66: 233.8 | I66: 14.56 | J66: 570 | K66: 198 | L66: 234 | M66: 15 | N66: 14.6 | O66: 14.6 | P66: 0.8 | Q66: 0.8
A68: Система В3, В4
A69: 34 | B69: ТЕР20-03-003-01 | C69: Установка вентиляторов крышных массой до 0,1 т | D69: 1 вентилятор | E69: 2 | F69: 164.76 | G69: 85.37 | H69: 35.76 | I69: 2 | J69: 330 | K69: 171 | L69: 72 | M69: 4 | N69: 6.3 | O69: 12.6 | P69: 0.11 | Q69: 0.22
A70: 35 | B70: прайс-лист | C70: Вентилятор КРОВ9 4,5-Н-У1-0 Ц:29638/ (Материалы (МАТ=МАТ/1,18/5,59*1,02*1,003-МАТ)) | D70: шт | E70: 2 | F70: 4596.81 | J70: 9194
A71: 36 | B71: ТЕР20-02-013-04 | C71: Установка узлов прохода вытяжных вентиляционных шахт диаметром патрубка до 800 мм | D71: 10 узлов | E71: 0.2 | F71: 769.06 | G71: 555.1 | H71: 20.17 | I71: 0.55 | J71: 154 | K71: 111 | L71: 4 | N71: 46.22 | O71: 9.24 | P71: 0.03 | Q71: 0.01
A72: 37 | B72: прайс-лист | C72: Стакан монтажный с шумоглушителем СТАМ 610-45-Н-1 Ц:25333/ (Материалы (МАТ=МАТ/1,18/5,59*1,02*1,003-МАТ)) | D72: шт | E72: 2 | F72: 3929.11 | J72: 7858
A73: 38 | B73: ТЕР20-02-006-08 | C73: Установка заслонок воздушных и клапанов воздушных КВР с электрическим или пневматическим приводом периметром до 2400 мм | D73: 1 шт. | E73: 2 | F73: 70.98 | G73: 31.7 | H73: 4.89 | I73: 0.18 | J73: 142 | K73: 63 | L73: 10 | N73: 2.51 | O73: 5.02 | P73: 0.01 | Q73: 0.02
A74: 39 | B74: прайс-лист | C74: Клапан воздушный с эл.приводом Гермик П 450х450 Ц:19978/ (Материалы (МАТ=МАТ/1,18/5,59*1,02*1,003-МАТ)) | D74: шт | E74: 2 | F74: 3098.56 | J74: 6197
A75: 40 | B75: ТЕРм08-01-102-01 | C75: Шкаф управления и регулирования | D75: 1 шкаф | E75: 1 | F75: 569.9 | G75: 197.83 | H75: 233.8 | I75: 14.56 | J75: 570 | K75: 198 | L75: 234 | M75: 15 | N75: 14.6 | O75: 14.6 | P75: 0.8 | Q75: 0.8
A77: Система В5
A78: 41 | B78: ТЕР20-03-002-01 | C78: Установка вентиляторов осевых массой до 0,025 т | D78: 1 вентилятор | E78: 1 | F78: 64.49 | G78: 53.93 | H78: 8.24 | I78: 0.18 | J78: 64 | K78: 54 | L78: 8 | N78: 3.98 | O78: 3.98 | P78: 0.01 | Q78: 0.01
A79: 42 | B79: прайс-лист | C79: Вентилятор канальный ВЕНТ-315 Ц:6259/ (Материалы (МАТ=МАТ/1,18/5,59*1,02*1,003-МАТ)) | D79: шт | E79: 1 | F79: 970.76 | J79: 971
A80: 43 | B80: ТЕРм08-01-102-01 | C80: Шкаф управления и регулирования | D80: 1 шкаф | E80: 1 | F80: 569.9 | G80: 197.83 | H80: 233.8 | I80: 14.56 | J80: 570 | K80: 198 | L80: 234 | M80: 15 | N80: 14.6 | O80: 14.6 | P80: 0.8 | Q80: 0.8
A81: 44 | B81: прайс-лист | C81: Быстросъемные хомуты МК-315 Ц:250/ (Материалы (МАТ=МАТ/1,18/5,59*1,02*1,003-МАТ)) | D81: шт | E81: 2 | F81: 38.77 | J81: 78
A83: Система В6
A84: 45 | B84: ТЕР20-03-002-01 | C84: Установка вентиляторов осевых массой до 0,025 т | D84: 1 вентилятор | E84: 1 | F84: 64.49 | G84: 53.93 | H84: 8.24 | I84: 0.18 | J84: 64 | K84: 54 | L84: 8 | N84: 3.98 | O84: 3.98 | P84: 0.01 | Q84: 0.01
A85: 46 | B85: прайс-лист | C85: Вентилятор Вентс 125 ВКО1 к турбо Ц:356/ (Материалы (МАТ=МАТ/1,18/5,59*1,02*1,003-МАТ)) | D85: шт | E85: 1 | F85: 55.22 | J85: 55
A87: Система В7
A88: 47 | B88: ТЕР20-03-002-01 | C88: Установка вентиляторов осевых массой до 0,025 т | D88: 1 вентилятор | E88: 1 | F88: 64.49 | G88: 53.93 | H88: 8.24 | I88: 0.18 | J88: 64 | K88: 54 | L88: 8 | N88: 3.98 | O88: 3.98 | P88: 0.01 | Q88: 0.01
A89: 48 | B89: прайс-лист | C89: Вентилятор Вентс 125 ВКО1 к турбо Ц:356/ (Материалы (МАТ=МАТ/1,18/5,59*1,02*1,003-МАТ)) | D89: шт | E89: 1 | F89: 55.22 | J89: 55
A91: Система В8
A92: 49 | B92: ТЕР20-03-002-01 | C92: Установка вентиляторов осевых массой до 0,025 т | D92: 1 вентилятор | E92: 1 | F92: 64.49 | G92: 53.93 | H92: 8.24 | I92: 0.18 | J92: 64 | K92: 54 | L92: 8 | N92: 3.98 | O92: 3.98 | P92: 0.01 | Q92: 0.01
A93: 50 | B93: прайс-лист | C93: Вентилятор Канал-ВЕНТ-160 Ц:3552/ (Материалы (МАТ=МАТ/1,18/5,59*1,02*1,003-МАТ)) | D93: шт | E93: 1 | F93: 550.91 | J93: 551
A94: 51 | B94: ТЕРм08-01-102-01 | C94: Шкаф управления и регулирования | D94: 1 шкаф | E94: 1 | F94: 569.9 | G94: 197.83 | H94: 233.8 | I94: 14.56 | J94: 570 | K94: 198 | L94: 234 | M94: 15 | N94: 14.6 | O94: 14.6 | P94: 0.8 | Q94: 0.8
A95: 52 | B95: прайс-лист | C95: Быстросъемные хомуты МК-160 Ц:144/ (Материалы (МАТ=МАТ/1,18/5,59*1,02*1,003-МАТ)) | D95: шт | E95: 2 | F95: 22.33 | J95: 45
A97: У1.1-У1.4, У2.1-У2.4
A98: 53 | B98: ТЕР20-04-001-01 | C98: Установка агрегатов воздушно-отопительных массой до 0,25 т | D98: 1 агрегат | E98: 8 | F98: 216.88 | G98: 100.78 | H98: 31.14 | I98: 0.91 | J98: 1735 | K98: 806 | L98: 249 | M98: 7 | N98: 8.18 | O98: 65.44 | P98: 0.05 | Q98: 0.4
A99: 54 | B99: прайс-лист | C99: Воздушно-тепловая завеса КЭВ-П4060А Ц:63800/ (Материалы (МАТ=МАТ/1,18/5,59*1,02*1,003-МАТ)) | D99: шт | E99: 8 | F99: 9895.28 | J99: 79162
A100: 55 | B100: ТЕРм08-01-102-01 | C100: Шкаф управления и регулирования | D100: 1 шкаф | E100: 2 | F100: 569.9 | G100: 197.83 | H100: 233.8 | I100: 14.56 | J100: 1140 | K100: 396 | L100: 468 | M100: 29 | N100: 14.6 | O100: 29.2 | P100: 0.8 | Q100: 1.6
A101: 56 | B101: ТЕРм08-03-526-01 | C101: Автомат одно-, двух-, трехполюсный, устанавливаемый на конструкции на стене или колонне, на ток до 25 А | D101: 1 шт. | E101: 8 | F101: 174.77 | G101: 20.9 | H101: 1.28 | J101: 1398 | K101: 167 | L101: 10 | N101: 1.56 | O101: 12.48
A103: У1.5-У1.8, У2.5-У2.8
A104: 57 | B104: ТЕР20-04-001-01 | C104: Установка агрегатов воздушно-отопительных массой до 0,25 т | D104: 1 агрегат | E104: 8 | F104: 216.88 | G104: 100.78 | H104: 31.14 | I104: 0.91 | J104: 1735 | K104: 806 | L104: 249 | M104: 7 | N104: 8.18 | O104: 65.44 | P104: 0.05 | Q104: 0.4
A105: 58 | B105: прайс-лист | C105: Воздушно-тепловая завеса КЭВ-75П4050W Ц:53900/ (Материалы (МАТ=МАТ/1,18/5,59*1,02*1,003-МАТ)) | D105: шт | E105: 8 | F105: 8359.8 | J105: 66878
A106: 59 | B106: ТЕРм08-01-102-01 | C106: Шкаф управления и регулирования | D106: 1 шкаф | E106: 2 | F106: 569.9 | G106: 197.83 | H106: 233.8 | I106: 14.56 | J106: 1140 | K106: 396 | L106: 468 | M106: 29 | N106: 14.6 | O106: 29.2 | P106: 0.8 | Q106: 1.6
A107: 61 | B107: ТЕРм08-03-526-01 | C107: Автомат одно-, двух-, трехполюсный, устанавливаемый на конструкции на стене или колонне, на ток до 25 А | D107: 1 шт. | E107: 8 | F107: 174.77 | G107: 20.9 | H107: 1.28 | J107: 1398 | K107: 167 | L107: 10 | N107: 1.56 | O107: 12.48
A109: 62 | B109: ТЕР20-02-002-01 | C109: Установка решеток жалюзийных площадью в свету до 0,5 м2 | D109: 1 решетка | E109: 56 | F109: 24.67 | G109: 18.44 | H109: 2.94 | J109: 1382 | K109: 1033 | L109: 165 | N109: 1.46 | O109: 81.76
A110: 63 | B110: прайс-лист | C110: Решетка с регулятором расхода воздуха АРМ 350х150 Ц:1050/ (Материалы (МАТ=МАТ/1,18/5,59*1,02*1,003-МАТ)) | D110: шт | E110: 3 | F110: 162.85 | J110: 489
A111: 64 | B111: прайс-лист | C111: Решетка с регулятором расхода воздуха АРМ 300х200 Ц:1130/ (Материалы (МАТ=МАТ/1,18/5,59*1,02*1,003-МАТ)) | D111: шт | E111: 1 | F111: 175.26 | J111: 175
A112: 65 | B112: прайс-лист | C112: Решетка с регулятором расхода воздуха АРМ 500х150 Ц:1300/ (Материалы (МАТ=МАТ/1,18/5,59*1,02*1,003-МАТ)) | D112: шт | E112: 42 | F112: 201.63 | J112: 8468
A113: 66 | B113: прайс-лист | C113: Решетка с регулятором расхода воздуха АРМ 700х200 Ц:2200/ (Материалы (МАТ=МАТ/1,18/5,59*1,02*1,003-МАТ)) | D113: шт | E113: 10 | F113: 341.22 | J113: 3412
A114: 67 | B114: ТЕР20-02-002-03 | C114: Установка решеток жалюзийных площадью в свету до 1,5 м2 | D114: 1 решетка | E114: 2 | F114: 47.2 | G114: 26.65 | H114: 5.71 | I114: 0.18 | J114: 94 | K114: 53 | L114: 11 | N114: 2.11 | O114: 4.22 | P114: 0.01 | Q114: 0.02
A115: 68 | B115: ТСЦ-301-0596 | C115: Решетки Р50-620х1800 | D115: м2 | E115: 2.232 | F115: 630.7 | J115: 1408
A116: 69 | B116: ТЕР20-02-001-08 | C116: Установка воздухораспределителей, предназначенных для подачи воздуха в верхнюю зону, массой до 10 кг | D116: 1 воздухораспределитель | E116: 9 | F116: 70.34 | G116: 18.1 | H116: 47.04 | J116: 633 | K116: 163 | L116: 423 | N116: 1.45 | O116: 13.05
A117: 70 | B117: прайс-лист | C117: Диффузор ДПУ-М 200 Ц:244/ (Материалы (МАТ=МАТ/1,18/5,59*1,02*1,003-МАТ)) | D117: шт | E117: 2 | F117: 37.84 | J117: 76
...

Sheet 7
A1: СОГЛАСОВАНО: | M1: УТВЕРЖДАЮ:
A4: _________________ | M4: _________________
A5: " _____ " ________________ 2013 г. | M5: "____" ______________2013 г.
H6: ФГУП "Комбинат "Электрохимприбор" г.Лесной, Свердловской области
H7: (наименование стройки)
H9: ЛОКАЛЬНЫЙ СМЕТНЫЙ РАСЧЕТ № 7
H10: (локальная смета)
C12: на | D12: Водоснабжение и канализация, Автоматическая мойка цеха 013
H13: (наименование работ и затрат, наименование объекта)
D15: Основание: 13-044-01-ВК.С
D16: Сметная стоимость _______________________________________________________________________________________________ | J16: ___________________________24,506 | L16: тыс. руб.
D17: строительных работ _______________________________________________________________________________________________ | J17: _______________________________________________________________________________________________20,071 | L17: тыс. руб.
D18: монтажных работ _______________________________________________________________________________________________ | J18: _______________________________________________________________________________________________0,098 | L18: тыс. руб.
D19: оборудования _______________________________________________________________________________________________ | J19: _______________________________________________________________________________________________4,337 | L19: тыс. руб.
D20: Средства на оплату труда _______________________________________________________________________________________________ | J20: ___________________________1,203 | L20: тыс. руб.
D21: Сметная трудоемкость _______________________________________________________________________________________________ | J21: _______________________________________________________________________________________________87,27 | L21: чел.час
D22: Составлен(а) в текущих (прогнозных) ценах по состоянию на ______________
A25: № пп | B25: Обосно- вание | C25: Наименование | D25: Ед. изм. | E25: Кол. | F25: Стоимость единицы, руб. | J25: Общая стоимость, руб. | N25: Т/з осн. раб.на ед. | O25: Т/з осн. раб. Всего | P25: Т/з мех. на ед. | Q25: Т/з мех. Всего
F26: Всего | G26: В том числе | J26: Всего | K26: В том числе
G27: Осн.З/п | H27: Эк.Маш | I27: З/пМех | K27: Осн.З/п | L27: Эк.Маш | M27: З/пМех
A28: 1 | B28: 2 | C28: 3 | D28: 4 | E28: 5 | F28: 6 | G28: 7 | H28: 8 | I28: 9 | J28: 10 | K28: 11 | L28: 12 | M28: 13 | N28: 14 | O28: 15 | P28: 16 | Q28: 17
A29: Раздел 1. Водопрвод, В1
A30: 1 | B30: ТЕР16-06-005-01 | C30: Установка счетчиков (водомеров) диаметром до 40 мм | D30: 1 счетчик (водомер) | E30: 1 | F30: 1266.37 | G30: 5.43 | H30: 1.09 | J30: 1266 | K30: 5 | L30: 1 | N30: 0.41 | O30: 0.41
A31: 2 | B31: ТСЦ-301-3140 | C31: Счетчик холодной воды, марка ВСХ-20 | D31: шт. | E31: 1 | F31: 157.8 | J31: 158
A32: 3 | B32: ТЕРм12-10-001-01 | C32: Бобышки, штуцеры на условное давление до 10 МПа | D32: 100 шт. | E32: 0.01 | F32: 3444.75 | G32: 886.17 | H32: 492.2 | J32: 34 | K32: 9 | L32: 5 | N32: 65.4 | O32: 0.65
A33: 4 | B33: ТЕР18-07-001-02 | C33: Установка манометров с трехходовым краном | D33: 1 компл. | E33: 1 | F33: 244.31 | G33: 3.07 | J33: 244 | K33: 3 | N33: 0.22 | O33: 0.22
A34: 5 | B34: ТЕР16-05-001-02 | C34: Установка вентилей, задвижек, затворов, клапанов обратных, кранов проходных на трубопроводах из стальных труб диаметром до 50 мм ФИЛЬТР | D34: 1 шт. | E34: 1 | F34: 138.58 | G34: 18.79 | H34: 5.32 | J34: 139 | K34: 19 | L34: 5 | N34: 1.47 | O34: 1.47
A35: 6 | B35: ТСЦ-301-1870 | C35: Фильтр магнитный фланцевый ФМФ-50 | D35: шт. | E35: 1 | F35: 537.86 | J35: 538
A36: 7 | B36: ТСЦ-302-1831 | C36: Кран шаровой муфтовый 11Б27П1, диаметром 15 мм | D36: шт. | E36: 1 | F36: 25.14 | J36: 25
A37: 8 | B37: ТЕР16-05-001-02 | C37: Установка вентилей, задвижек, затворов, клапанов обратных, кранов проходных на трубопроводах из стальных труб диаметром до 50 мм | D37: 1 шт. | E37: 2 | F37: 138.58 | G37: 18.79 | H37: 5.32 | J37: 277 | K37: 38 | L37: 11 | N37: 1.47 | O37: 2.94
A38: 9 | B38: ТСЦ-302-1711прим. | C38: Задвижки клиновые с выдвижным шпинделем фланцевые для воды и пара давлением 1 МПа (10 кгс/см2) 30с41нж диаметром 50 мм | D38: шт. | E38: 2 | F38: 810.29 | J38: 1621
A39: 10 | B39: ТСЦ-507-2297 | C39: Переходы концентрические на Ру до 16 МПа (160 кгс/см2) диаметром условного прохода 100х50 мм, наружным диаметром и толщиной стенки 108х4-57х3 мм /ввод в здание/ | D39: шт. | E39: 1 | F39: 70.44 | J39: 70
A40: 11 | B40: ТСЦ-302-1831 | C40: Кран шаровой муфтовый 11Б27П1, диаметром 15 мм | D40: шт. | E40: 2 | F40: 25.14 | J40: 50
A41: 12 | B41: ТСЦ-302-1833 | C41: Кран шаровой муфтовый 11Б27П1, диаметром 25 мм | D41: шт. | E41: 1 | F41: 56.62 | J41: 57
A42: 13 | B42: ТЕР16-02-002-01 | C42: Прокладка трубопроводов водоснабжения из стальных водогазопроводных оцинкованных труб диаметром 15 мм | D42: 100 м трубопровода | E42: 0.1 | F42: 5020.27 | G42: 502.3 | H42: 79.16 | I42: 2.73 | J42: 502 | K42: 50 | L42: 8 | N42: 37.07 | O42: 3.71 | P42: 0.15 | Q42: 0.02
A43: 14 | B43: ТЕР16-02-002-02 | C43: Прокладка трубопроводов водоснабжения из стальных водогазопроводных оцинкованных труб диаметром 20 мм | D43: 100 м трубопровода | E43: 0.03 | F43: 5654.2 | G43: 502.3 | H43: 79.16 | I43: 2.73 | J43: 170 | K43: 15 | L43: 2 | N43: 37.07 | O43: 1.11 | P43: 0.15
A44: 15 | B44: ТЕР16-02-002-03 | C44: Прокладка трубопроводов водоснабжения из стальных водогазопроводных оцинкованных труб диаметром 25 мм | D44: 100 м трубопровода | E44: 0.2 | F44: 6208.42 | G44: 502.3 | H44: 79.16 | I44: 2.73 | J44: 1242 | K44: 100 | L44: 16 | M44: 1 | N44: 37.07 | O44: 7.41 | P44: 0.15 | Q44: 0.03
A45: 16 | B45: ТЕР16-02-002-06 | C45: Прокладка трубопроводов водоснабжения из стальных водогазопроводных оцинкованных труб диаметром 50 мм | D45: 100 м трубопровода | E45: 0.26 | F45: 10345.12 | G45: 645.39 | H45: 142.18 | I45: 3.82 | J45: 2690 | K45: 168 | L45: 37 | M45: 1 | N45: 47.63 | O45: 12.38 | P45: 0.21 | Q45: 0.05
A46: 17 | B46: ТЕР16-07-005-01 | C46: Гидравлическое испытание трубопроводов систем отопления, водопровода и горячего водоснабжения диаметром до 50 мм | D46: 100 м трубопровода | E46: 0.59 | F46: 104.4 | G46: 82.16 | H46: 15.29 | J46: 62 | K46: 48 | L46: 9 | N46: 5.01 | O46: 2.96
A47: 18 | B47: ТСЦ-301-1224 | C47: Крепления для трубопроводов: кронштейны, планки, хомуты | D47: кг | E47: 5 | F47: 17.02 | J47: 85
A48: 19 | B48: ТЕР26-01-017-01 | C48: Изоляция трубопроводов изделиями из вспененного каучука («Армофлекс»), вспененного полиэтилена («Термофлекс») трубками 259,25 = 1 189,41 - 11 x 84,56 | D48: 10 м трубопровода | E48: 4.5 | F48: 259.25 | G48: 49.17 | H48: 28.25 | J48: 1167 | K48: 221 | L48: 127 | N48: 3.52 | O48: 15.84
A49: Уд | B49: 1. 104-0162 | C49: Трубки из вспененного полиэтилена (пенополиэтилен) «Термофлекс» диаметром 108х13 мм | D49: м | E49: 11 49,5 | F49: 84.56 | J49: 4185.72
A50: 20 | B50: ТСЦ-104-0261прим. | C50: Трубки из вспененного полиэтилена, внутренний диаметр 25 мм, толщина 3 мм (ПЗ=0,5 (ОЗП=0,5; ЭМ=0,5 к расх.; ЗПМ=0,5; МАТ=0,5 к расх.; ТЗ=0,5; ТЗМ=0,5)) | D50: м | E50: 14.3 | F50: 3.33 | J50: 48
A51: 21 | B51: ТСЦ-104-0273прим. | C51: Трубки из вспененного полиэтилена, внутренний диаметр 54 мм, толщина 3 мм (ПЗ=0,33 (ОЗП=0,33; ЭМ=0,33 к расх.; ЗПМ=0,33; МАТ=0,33 к расх.; ТЗ=0,33; ТЗМ=0,33)) | D51: м | E51: 35.2 | F51: 8.74 | J51: 308
A52: Итого прямые затраты по разделу в ценах 2001г. | J52: 10753 | K52: 676 | L52: 221 | M52: 2 | O52: 49.1 | Q52: 0.1
A53: Накладные расходы | J53: 801
A54: Сметная прибыль | J54: 532
A55: Итого по разделу 1 Водопрвод, В1 | J55: 12086 | O55: 49.1 | Q55: 0.1
A56: Раздел 2. Водопровод, Т3
A57: 22 | B57: ТЕРм08-03-602-01 | C57: Установка электронагревателя | D57: 1 шт. | E57: 1 | F57: 24.58 | G57: 16.76 | H57: 3.67 | I57: 0.18 | J57: 25 | K57: 17 | L57: 4 | N57: 1.2 | O57: 1.2 | P57: 0.01 | Q57: 0.01
A58: 23 | B58: ТСЦ-302-1831 | C58: Кран шаровой муфтовый 11Б27П1, диаметром 15 мм | D58: шт. | E58: 1 | F58: 25.14 | J58: 25
A59: 24 | B59: ТЕР16-02-002-01 | C59: Прокладка трубопроводов водоснабжения из стальных водогазопроводных оцинкованных труб диаметром 15 мм | D59: 100 м трубопровода | E59: 0.11 | F59: 5020.27 | G59: 502.3 | H59: 79.16 | I59: 2.73 | J59: 552 | K59: 55 | L59: 9 | N59: 37.07 | O59: 4.08 | P59: 0.15 | Q59: 0.02
A60: 25 | B60: ТЕР16-07-005-01 | C60: Гидравлическое испытание трубопроводов систем отопления, водопровода и горячего водоснабжения диаметром до 50 мм | D60: 100 м трубопровода | E60: 0.11 | F60: 104.4 | G60: 82.16 | H60: 15.29 | J60: 11 | K60: 9 | L60: 2 | N60: 5.01 | O60: 0.55
A61: 26 | B61: ТСЦ-301-1224 | C61: Крепления для трубопроводов: кронштейны, планки, хомуты | D61: кг | E61: 1 | F61: 17.02 | J61: 17
A62: Итого прямые затраты по разделу в ценах 2001г. | J62: 630 | K62: 81 | L62: 15 | O62: 5.83 | Q62: 0.03
A63: Накладные расходы | J63: 98
A64: Сметная прибыль | J64: 64
A65: Итого по разделу 2 Водопровод, Т3 | J65: 792 | O65: 5.83 | Q65: 0.03
A66: Раздел 3. Сухотруб, С
A67: 27 | B67: ФССЦ-301-6111 | C67: Головка соединительная муфтовая ГМ-80 (Приведение расценок ФЕР к территориальному уровню (Письмо УРЦЦС Ц-297 от 12.04.2011) ОЗП=1,41; ЭМ=1,242; ЗПМ=1,41; МАТ=1,052) | D67: шт. | E67: 2 | F67: 51.92 | J67: 104
A68: 28 | B68: ТЕР16-02-005-04 | C68: Прокладка трубопроводов отопления и водоснабжения из стальных электросварных труб диаметром 80 мм | D68: 100 м трубопровода | E68: 0.07 | F68: 10756.23 | G68: 1097.36 | H68: 278 | I68: 6.73 | J68: 753 | K68: 77 | L68: 19 | N68: 79.75 | O68: 5.58 | P68: 0.37 | Q68: 0.03
A69: 29 | B69: ТЕР16-07-005-02 | C69: Гидравлическое испытание трубопроводов систем отопления, водопровода и горячего водоснабжения диаметром до 100 мм | D69: 100 м трубопровода | E69: 0.07 | F69: 118.06 | G69: 82.16 | H69: 15.29 | J69: 8 | K69: 6 | L69: 1 | N69: 5.01 | O69: 0.35
A70: 30 | B70: ТЕР09-03-039-01 | C70: Монтаж опорных конструкций для крепления трубопроводов внутри зданий и сооружений массой до 0,1 т | D70: 1 т конструкций | E70: 0.004 | F70: 1711.14 | G70: 1025.21 | H70: 386.58 | I70: 2 | J70: 7 | K70: 4 | L70: 2 | N70: 80.22 | O70: 0.32 | P70: 0.11
A71: 31 | B71: ТСЦ-201-8059 | C71: Опорные части, седла, кронштейны и хомуты | D71: т | E71: 0.004 | F71: 11187 | J71: 45
A72: Итого прямые затраты по разделу в ценах 2001г. | J72: 917 | K72: 87 | L72: 22 | O72: 6.25 | Q72: 0.03
A73: Накладные расходы | J73: 110
A74: Сметная прибыль | J74: 72
A75: Итого по разделу 3 Сухотруб, С | J75: 1099 | O75: 6.25 | Q75: 0.03
A76: Раздел 4. Канализация, К1
A77: 32 | B77: ТЕР17-01-001-14 | C77: Установка умывальников одиночных с подводкой холодной и горячей воды | D77: 10 компл. | E77: 0.2 | F77: 407.19 | G77: 293.36 | H77: 29.83 | I77: 2.03 | J77: 81 | K77: 59 | L77: 6 | N77: 21.65 | O77: 4.33 | P77: 0.13 | Q77: 0.03
A78: 33 | B78: ТСЦ-301-0647 | C78: Умывальники полуфарфоровые и фарфоровые с смесителем с нижней камерой смешивания, кронштейнами, сифоном бутылочным латунным и выпуском, овальные со скрытыми установочными поверхностями без спинки размером 550х420х150 мм | D78: компл. | E78: 2 | F78: 269.82 | J78: 540
A79: 34 | B79: ТЕР17-01-003-01 | C79: Установка унитазов с бачком непосредственно присоединенным | D79: 10 компл. | E79: 0.1 | F79: 5639.05 | G79: 330.18 | H79: 56.04 | I79: 5 | J79: 564 | K79: 33 | L79: 6 | M79: 1 | N79: 24.64 | O79: 2.46 | P79: 0.32 | Q79: 0.03
A80: 35 | B80: ТЕР17-01-001-18 | C80: Установка поддонов душевых чугунных и стальных мелких | D80: 10 компл. | E80: 0.1 | F80: 5313.64 | G80: 147.56 | H80: 76.95 | I80: 3.59 | J80: 531 | K80: 15 | L80: 8 | N80: 10.89 | O80: 1.09 | P80: 0.23 | Q80: 0.02
A81: 36 | B81: ТЕР17-01-002-03 | C81: Установка смесителей 112,27 = 1 246,07 - 10 x 113,38 | D81: 10 шт. | E81: 0.1 | F81: 112.27 | G81: 94.85 | H81: 0.29 | J81: 11 | K81: 9 | N81: 7 | O81: 0.7
A82: Уд | B82: 1. 301-1527 | C82: Смесители латунный с гальванопокрытием для мойки настольный, с верхней камерой смешения | D82: шт. | E82: 10 1 | F82: 113.38 | J82: 113.38
A83: 37 | B83: ТСЦ-301-0623 | C83: Смесители для душевых установок СМ-Д-СТФ со стационарной душевой трубкой и сеткой, фарфоровым корпусом | D83: компл. | E83: 1 | F83: 127 | J83: 127
A84: 38 | B84: прайс-лист | C84: Воздушный клапан HL 900 Д50 Ц:1192/1,18/4,325х1.02х1.01 | D84: шт | E84: 1 | F84: 240.62 | J84: 241
A85: 39 | B85: ТЕР16-04-001-01 | C85: Прокладка трубопроводов канализации из полиэтиленовых труб высокой плотности диаметром 50 мм | D85: 100 м трубопровода | E85: 0.08 | F85: 5197.98 | G85: 897.43 | H85: 15.84 | I85: 0.36 | J85: 416 | K85: 72 | L85: 1 | N85: 64.24 | O85: 5.14 | P85: 0.02
A86: 40 | B86: ТЕР16-04-001-02 | C86: Прокладка трубопроводов канализации из полиэтиленовых труб высокой плотности диаметром 100 мм | D86: 100 м трубопровода | E86: 0.03 | F86: 8610.79 | G86: 860.55 | H86: 36.81 | I86: 1.09 | J86: 258 | K86: 26 | L86: 1 | N86: 61.6 | O86: 1.85 | P86: 0.06
A87: 41 | B87: ТЕР16-01-005-02 | C87: Прокладка по стенам зданий и в каналах трубопроводов из чугунных канализационных труб диаметром 100 мм | D87: 100 м трубопровода | E87: 0.11 | F87: 23792.45 | G87: 1158.12 | H87: 201.32 | I87: 6.55 | J87: 2617 | K87: 127 | L87: 22 | M87: 1 | N87: 85.47 | O87: 9.4 | P87: 0.36 | Q87: 0.04
A88: 42 | B88: ТСЦ-301-1224 | C88: Крепления для трубопроводов: кронштейны, планки, хомуты | D88: кг | E88: 1.2 | F88: 17.02 | J88: 20
A89: 43 | B89: ТЕРр65-17-1 | C89: Установка заглушек диаметром трубопроводов до 100 мм | D89: 100 заглушек | E89: 0.01 | F89: 3906 | G89: 1397.76 | H89: 10.92 | J89: 39 | K89: 14 | N89: 112 | O89: 1.12
A90: Итого прямые затраты по разделу в ценах 2001г. | J90: 5445 | K90: 355 | L90: 44 | M90: 2 | O90: 26.09 | Q90: 0.12
A91: Накладные расходы | J91: 453
A92: Сметная прибыль | J92: 293
A93: Итого по разделу 4 Канализация, К1 | J93: 6191 | O93: 26.09 | Q93: 0.12
A94: Раздел 5. Оборудование
A95: 44 | B95: прайс-лист | C95: Электронагреватель накопительный V=100л ЭВАД 100/2.0 Ц:19342/1.18/3,94х1,012х1,03 | D95: шт | E95: 1 | F95: 4336.52 | J95: 4337
A96: Итого прямые затраты по разделу в ценах 2001г. | J96: 4337
A97: Итого по разделу 5 Оборудование | J97: 4337
A98: ИТОГИ ПО СМЕТЕ:
A99: Итого прямые затраты по смете в ценах 2001г. | J99: 22082 | K99: 1199 | L99: 302 | M99: 4 | O99: 87.27 | Q99: 0.28
A100: Накладные расходы | J100: 1463
A101: Сметная прибыль | J101: 961
A102: Итоги по смете:
A103: Итого Строительные работы | J103: 20071 | O103: 85.42 | Q103: 0.27
A104: Итого Монтажные работы | J104: 98 | O104: 1.85 | Q104: 0.01
A105: Итого Оборудование | J105: 4337
A106: Итого | J106: 24506 | O106: 87.27 | Q106: 0.28
A107: В том числе:
...

Sheet 9
A1: СОГЛАСОВАНО: | M1: УТВЕРЖДАЮ:
A4: _________________ | M4: _________________
A5: " _____ " ________________ 2013 г. | M5: "____" ______________2013 г.
H6: ФГУП "Комбинат "Электрохимприбор" г.Лесной, Свердловской области
H7: (наименование стройки)
H9: ЛОКАЛЬНЫЙ СМЕТНЫЙ РАСЧЕТ № 9
H10: (локальная смета)
C12: на | D12: Индивидуальный тепловой пункт, Автоматическая мойка цеха 013
H13: (наименование работ и затрат, наименование объекта)
D15: Основание: 13-044-01-ТС.С
D16: Сметная стоимость _______________________________________________________________________________________________ | J16: ___________________________87,933 | L16: тыс. руб.
D17: строительных работ _______________________________________________________________________________________________ | J17: _______________________________________________________________________________________________70,392 | L17: тыс. руб.
D18: монтажных работ _______________________________________________________________________________________________ | J18: _______________________________________________________________________________________________1,264 | L18: тыс. руб.
D19: оборудования _______________________________________________________________________________________________ | J19: _______________________________________________________________________________________________16,277 | L19: тыс. руб.
D20: Средства на оплату труда _______________________________________________________________________________________________ | J20: ___________________________2,605 | L20: тыс. руб.
D21: Сметная трудоемкость _______________________________________________________________________________________________ | J21: _______________________________________________________________________________________________188,94 | L21: чел.час
D22: Составлен(а) в текущих (прогнозных) ценах по состоянию на ______________
A25: № пп | B25: Обосно- вание | C25: Наименование | D25: Ед. изм. | E25: Кол. | F25: Стоимость единицы, руб. | J25: Общая стоимость, руб. | N25: Т/з осн. раб.на ед. | O25: Т/з осн. раб. Всего | P25: Т/з мех. на ед. | Q25: Т/з мех. Всего
F26: Всего | G26: В том числе | J26: Всего | K26: В том числе
G27: Осн.З/п | H27: Эк.Маш | I27: З/пМех | K27: Осн.З/п | L27: Эк.Маш | M27: З/пМех
A28: 1 | B28: 2 | C28: 3 | D28: 4 | E28: 5 | F28: 6 | G28: 7 | H28: 8 | I28: 9 | J28: 10 | K28: 11 | L28: 12 | M28: 13 | N28: 14 | O28: 15 | P28: 16 | Q28: 17
A29: Раздел 1. ИТП
A30: 2 | B30: ТЕР16-05-001-01 | C30: Установка вентилей, задвижек, затворов, клапанов обратных, кранов проходных на трубопроводах из стальных труб диаметром до 25 мм | D30: 1 шт. | E30: 1 | F30: 84.1 | G30: 18.79 | H30: 4.23 | J30: 84 | K30: 19 | L30: 4 | N30: 1.47 | O30: 1.47
A31: 3 | B31: ТЕР16-05-001-01 | C31: Установка вентилей, задвижек, затворов, клапанов обратных, кранов проходных на трубопроводах из стальных труб диаметром до 25 мм | D31: 1 шт. | E31: 1 | F31: 84.1 | G31: 18.79 | H31: 4.23 | J31: 84 | K31: 19 | L31: 4 | N31: 1.47 | O31: 1.47
A32: 4 | B32: ТЕР16-05-001-02 | C32: Установка вентилей, задвижек, затворов, клапанов обратных, кранов проходных на трубопроводах из стальных труб диаметром до 50 мм | D32: 1 шт. | E32: 3 | F32: 138.58 | G32: 18.79 | H32: 5.32 | J32: 416 | K32: 56 | L32: 16 | N32: 1.47 | O32: 4.41
A33: 5 | B33: ТЕР16-05-001-03 | C33: Установка вентилей, задвижек, затворов, клапанов обратных, кранов проходных на трубопроводах из стальных труб диаметром до 100 мм | D33: 1 шт. | E33: 1 | F33: 278.39 | G33: 37.19 | H33: 11.67 | I33: 0.36 | J33: 278 | K33: 37 | L33: 12 | N33: 2.91 | O33: 2.91 | P33: 0.02 | Q33: 0.02
A34: 6 | B34: ТЕР18-05-001-01 | C34: Установка насосов центробежных с электродвигателем, масса агрегата до 0,1 т 334,13 = 2 969,90 - 1 x 2 635,77 | D34: 1 насос | E34: 1 | F34: 334.13 | G34: 185.49 | H34: 14.31 | I34: 0.91 | J34: 334 | K34: 185 | L34: 14 | M34: 1 | N34: 14.17 | O34: 14.17 | P34: 0.05 | Q34: 0.05
A35: Уд | B35: 1. 301-1494 | C35: Насосы центробежные 8/18 с электродвигателем 4А 180 А2 массой агрегата до 0,1 т | D35: компл. | E35: 1 1 | F35: 2635.77 | J35: 2635.77
A36: 7 | B36: ТЕР18-06-002-03 | C36: Установка грязевиков наружным диаметром патрубков до 89 мм | D36: 1 шт. | E36: 2 | F36: 1244.97 | G36: 51.05 | H36: 17.29 | I36: 0.36 | J36: 2490 | K36: 102 | L36: 35 | M36: 1 | N36: 3.9 | O36: 7.8 | P36: 0.02 | Q36: 0.04
A37: 8 | B37: ТЕР16-05-001-02 | C37: Установка вентилей, задвижек, затворов, клапанов обратных, кранов проходных на трубопроводах из стальных труб диаметром до 50 мм | D37: 1 шт. | E37: 7 | F37: 138.58 | G37: 18.79 | H37: 5.32 | J37: 970 | K37: 132 | L37: 37 | N37: 1.47 | O37: 10.29
A38: 9 | B38: прайс-лист | C38: Кран шаровый фланцевый v565 Вroen Д40 Ц:2950/1,18/5,59х1.02х1.003 | D38: шт | E38: 1 | F38: 457,54 2950/1,18/5,59*1,02*1,003 | J38: 458
A39: 10 | B39: прайс-лист | C39: Кран шаровый фланцевый v565 Вroen Д50 Ц:3490/1,18/5,59х1.02х1.003 | D39: шт | E39: 6 | F39: 541,29 3490/1,18/5,59*1,02*1,003 | J39: 3248
A40: 11 | B40: ТЕР16-05-001-03 | C40: Установка вентилей, задвижек, затворов, клапанов обратных, кранов проходных на трубопроводах из стальных труб диаметром до 100 мм | D40: 1 шт. | E40: 5 | F40: 278.39 | G40: 37.19 | H40: 11.67 | I40: 0.36 | J40: 1392 | K40: 186 | L40: 58 | M40: 2 | N40: 2.91 | O40: 14.55 | P40: 0.02 | Q40: 0.1
A41: 12 | B41: прайс-лист | C41: Кран шаровый фланцевый v565 Вroen Д80 Ц:7250/1,18/5,59х1.02х1.003 | D41: шт | E41: 5 | F41: 1124,46 7250/1,18/5,59*1,02*1,003 | J41: 5622
A42: 13 | B42: ТСЦ-302-1483 | C42: Кран шаровой В-В размером 1/2" | D42: шт. | E42: 2 | F42: 57.79 | J42: 116
A43: 14 | B43: ТСЦ-302-1484 | C43: Кран шаровой В-В размером 3/4" | D43: шт. | E43: 18 | F43: 84.98 | J43: 1530
A44: 15 | B44: ТЕР18-06-007-04 | C44: Установка фильтров диаметром 50 мм | D44: 10 фильтров | E44: 0.1 | F44: 9078.62 | G44: 129.85 | H44: 90.84 | I44: 0.91 | J44: 908 | K44: 13 | L44: 9 | N44: 9.92 | O44: 0.99 | P44: 0.05 | Q44: 0.01
A45: 16 | B45: ТЕР18-06-007-06 | C45: Установка фильтров диаметром 80 мм | D45: 10 фильтров | E45: 0.2 | F45: 11408.69 | G45: 196.87 | H45: 151.47 | I45: 4 | J45: 2282 | K45: 39 | L45: 30 | M45: 1 | N45: 15.04 | O45: 3.01 | P45: 0.22 | Q45: 0.04
A46: 17 | B46: ТСЦ-302-0471 | C46: Краны регулирующие трехходовые КРТПП, латунные диаметром 15 мм | D46: шт. | E46: 11 | F46: 29.76 | J46: 327
A47: 18 | B47: ТЕР18-07-001-02 | C47: Установка манометров с трехходовым краном | D47: 1 компл. | E47: 17 | F47: 244.31 | G47: 3.07 | J47: 4153 | K47: 52 | N47: 0.22 | O47: 3.74
A48: 19 | B48: ТЕР18-07-001-04 | C48: Установка термометров в оправе прямых и угловых | D48: 1 компл. | E48: 10 | F48: 365.03 | G48: 4.11 | J48: 3650 | K48: 41 | N48: 0.31 | O48: 3.1
A49: 20 | B49: ТЕРм12-10-001-01 | C49: Бобышки, штуцеры на условное давление до 10 МПа | D49: 100 шт. | E49: 0.27 | F49: 3444.75 | G49: 886.17 | H49: 492.2 | J49: 930 | K49: 239 | L49: 133 | N49: 65.4 | O49: 17.66
A50: 21 | B50: ТЕР16-05-001-02 | C50: Установка вентилей, задвижек, затворов, клапанов обратных, кранов проходных на трубопроводах из стальных труб диаметром до 50 мм | D50: 1 шт. | E50: 1 | F50: 138.58 | G50: 18.79 | H50: 5.32 | J50: 139 | K50: 19 | L50: 5 | N50: 1.47 | O50: 1.47
A51: 22 | B51: прайс-лист | C51: Обратный клапан межфланцевый v275-Н Вroen Д50 Ц:3693/1,18/5,59х1.02х1.003 | D51: шт | E51: 1 | F51: 572,78 3693/1,18/5,59*1,02*1,003 | J51: 573
A52: 23 | B52: ТСЦ-507-0996 | C52: Фланцы стальные плоские приварные из стали ВСт3сп2, ВСт3сп3, давлением 1,6 МПа (16 кгс/см2), диаметром 20 мм | D52: шт. | E52: 6 | F52: 20.43 | J52: 123
A53: 24 | B53: ТСЦ-507-0998 | C53: Фланцы стальные плоские приварные из стали ВСт3сп2, ВСт3сп3, давлением 1,6 МПа (16 кгс/см2), диаметром 32 мм | D53: шт. | E53: 2 | F53: 27.73 | J53: 55
A54: 25 | B54: ТСЦ-507-0999 | C54: Фланцы стальные плоские приварные из стали ВСт3сп2, ВСт3сп3, давлением 1,6 МПа (16 кгс/см2), диаметром 40 мм | D54: шт. | E54: 8 | F54: 30.07 | J54: 241
A55: 26 | B55: ТСЦ-507-1000 | C55: Фланцы стальные плоские приварные из стали ВСт3сп2, ВСт3сп3, давлением 1,6 МПа (16 кгс/см2), диаметром 50 мм | D55: шт. | E55: 14 | F55: 47.6 | J55: 666
A56: 27 | B56: ТСЦ-507-1002 | C56: Фланцы стальные плоские приварные из стали ВСт3сп2, ВСт3сп3, давлением 1,6 МПа (16 кгс/см2), диаметром 80 мм | D56: шт. | E56: 20 | F56: 71.4 | J56: 1428
A57: 28 | B57: ТЕР16-02-005-01 | C57: Прокладка трубопроводов отопления и водоснабжения из стальных электросварных труб диаметром до 40 мм | D57: 100 м трубопровода | E57: 0.095 | F57: 6013.84 | G57: 837.02 | H57: 157.48 | I57: 3.46 | J57: 571 | K57: 80 | L57: 15 | N57: 60.83 | O57: 5.78 | P57: 0.19 | Q57: 0.02
A58: 29 | B58: ТЕР16-02-005-02 | C58: Прокладка трубопроводов отопления и водоснабжения из стальных электросварных труб диаметром 50 мм | D58: 100 м трубопровода | E58: 0.2 | F58: 7239.68 | G58: 837.02 | H58: 157.48 | I58: 3.46 | J58: 1448 | K58: 167 | L58: 31 | M58: 1 | N58: 60.83 | O58: 12.17 | P58: 0.19 | Q58: 0.04
A59: 30 | B59: ТЕР16-02-005-04 | C59: Прокладка трубопроводов отопления и водоснабжения из стальных электросварных труб диаметром 80 мм | D59: 100 м трубопровода | E59: 0.5 | F59: 10756.23 | G59: 1097.36 | H59: 278 | I59: 6.73 | J59: 5378 | K59: 549 | L59: 139 | M59: 3 | N59: 79.75 | O59: 39.88 | P59: 0.37 | Q59: 0.19
A60: 31 | B60: ТЕР16-07-005-01 | C60: Гидравлическое испытание трубопроводов систем отопления, водопровода и горячего водоснабжения диаметром до 50 мм | D60: 100 м трубопровода | E60: 0.295 | F60: 104.4 | G60: 82.16 | H60: 15.29 | J60: 31 | K60: 24 | L60: 5 | N60: 5.01 | O60: 1.48
A61: 32 | B61: ТЕР16-07-005-02 | C61: Гидравлическое испытание трубопроводов систем отопления, водопровода и горячего водоснабжения диаметром до 100 мм | D61: 100 м трубопровода | E61: 0.5 | F61: 118.06 | G61: 82.16 | H61: 15.29 | J61: 59 | K61: 41 | L61: 8 | N61: 5.01 | O61: 2.51
A62: 33 | B62: ТЕР26-01-017-01 | C62: Изоляция трубопроводов изделиями из вспененного каучука («Армофлекс»), вспененного полиэтилена («Термофлекс») трубками 259,25 = 1 189,41 - 11 x 84,56 | D62: 10 м трубопровода | E62: 7 | F62: 259.25 | G62: 49.17 | H62: 28.25 | J62: 1815 | K62: 344 | L62: 198 | N62: 3.52 | O62: 24.64
A63: Уд | B63: 1. 104-0162 | C63: Трубки из вспененного полиэтилена (пенополиэтилен) «Термофлекс» диаметром 108х13 мм | D63: м | E63: 11 77 | F63: 84.56 | J63: 6511.12
A64: 34 | B64: ТСЦ-104-1332 | C64: Цилиндры минераловатные кашированные алюминиевой фольгой толщиной 40 мм, диаметром 54 мм (ROCKWOOL) | D64: м | E64: 6.6 | F64: 75.68 | J64: 499
A65: 35 | B65: ТСЦ-104-1338 | C65: Цилиндры минераловатные кашированные алюминиевой фольгой толщиной 40 мм, диаметром 89 мм (ROCKWOOL) | D65: м | E65: 55 | F65: 97.01 | J65: 5336
A66: 36 | B66: ТСЦ-104-0289 | C66: Трубки из вспененного полиэтилена, внутренний диаметр 54 мм, толщина 20 мм | D66: м | E66: 15.4 | F66: 51.7 | J66: 796
A67: 37 | B67: ТЕР09-03-039-01 | C67: Монтаж опорных конструкций для крепления трубопроводов внутри зданий и сооружений массой до 0,1 т | D67: 1 т конструкций | E67: 0.172 | F67: 1711.14 | G67: 1025.21 | H67: 386.58 | I67: 2 | J67: 294 | K67: 176 | L67: 66 | N67: 80.22 | O67: 13.8 | P67: 0.11 | Q67: 0.02
A68: 38 | B68: ТСЦ-201-0889 | C68: Опоры неподвижные из горячекатаных профилей для трубопроводов | D68: т | E68: 0.172 | F68: 9785 | J68: 1683
A69: 39 | B69: ТСЦ-101-3908 | C69: Болты анкерные U-образные | D69: т | E69: 0.01 | F69: 17489 | J69: 175
A70: 40 | B70: ТЕР13-03-002-04 | C70: Огрунтовка металлических поверхностей за один раз грунтовкой ГФ-021 | D70: 100 м2 окрашиваемой поверхности | E70: 0.2 | F70: 417.46 | G70: 79.65 | H70: 10.15 | I70: 0.16 | J70: 83 | K70: 16 | L70: 2 | N70: 5.31 | O70: 1.06 | P70: 0.01
A71: 41 | B71: ТЕР13-03-004-23 | C71: Окраска металлических огрунтованных поверхностей краской БТ-177 серебристой | D71: 100 м2 окрашиваемой поверхности | E71: 0.2 | F71: 388.79 | G71: 36.81 | H71: 13.3 | I71: 0.16 | J71: 78 | K71: 7 | L71: 3 | N71: 2.88 | O71: 0.58 | P71: 0.01
A72: Итого прямые затраты по разделу в ценах 2001г. | J72: 50743 | K72: 2543 | L72: 824 | M72: 9 | O72: 188.94 | Q72: 0.53
A73: Итого прямые затраты по разделу с учетом коэффициентов к итогам (Индивидуальные испытания системы отпления ОЗП=3%; ЭМ=3%; ЗПМ=3% (Поз. 2-19, 21-32)) | J73: 50809 | K73: 2596 | L73: 837 | M73: 9 | O73: 188.94 | Q73: 0.53
A74: Накладные расходы | J74: 3047
A75: Сметная прибыль | J75: 2063
A76: Итого по разделу 1 ИТП | J76: 55919 | O76: 188.94 | Q76: 0.53
A77: Раздел 2. Оборудование и материалы
A78: 42 | B78: прайс-лист | C78: Регулятор перепада давления AVP Д20 Ц:26100/1,18/5,59х1.02х1.003 | D78: шт | E78: 1 | F78: 4048,07 26100/1,18/5,59*1,02*1,003 | J78: 4048
A79: 43 | B79: прайс-лист | C79: Клапан седельный регулирующий VВ2 Д20 с эл.приводом Ц:40331,9/1,18/3,94х1.012х1.03 | D79: шт | E79: 1 | F79: 9042,49 40331,9/1,18/3,94*1,012*1,03 | J79: 9042
A80: 44 | B80: прайс-лист | C80: Клапан балансировочный MSV-F2 Д20 Ц:8820/1,18/5,59х1.02х1.003 | D80: шт | E80: 1 | F80: 1367,97 8820/1,18/5,59*1,02*1,003 | J80: 1368
A81: 45 | B81: прайс-лист | C81: Клапан балансировочный MSV-F2 Д40 Ц:12825/1,18/5,59х1.02х1.003 | D81: шт | E81: 3 | F81: 1989,14 12825/1,18/5,59*1,02*1,003 | J81: 5967
A82: 46 | B82: прайс-лист | C82: Клапан балансировочный MSV-F2 Д80 Ц:29205/1,18/5,59*1.02х1.003 | D82: шт | E82: 1 | F82: 4353,76 29205/1,18/5,59/1,02*1,003 | J82: 4354
A83: 47 | B83: прайс-лист | C83: Насос Wilo-Stratos D32|1-8 Ц:32270/1,18/3,94х1.012х1.03 | D83: шт | E83: 1 | F83: 7235 32270/1,18/3,94*1,012*1,03 | J83: 7235
A84: Итого прямые затраты по разделу в ценах 2001г. | J84: 32014
A85: Итого по разделу 2 Оборудование и материалы | J85: 32014
A86: ИТОГИ ПО СМЕТЕ:
A87: Итого прямые затраты по смете в ценах 2001г. | J87: 82757 | K87: 2543 | L87: 824 | M87: 9 | O87: 188.94 | Q87: 0.53
A88: Итого прямые затраты по смете с учетом коэффициентов к итогам (Индивидуальные испытания системы отпления ОЗП=3%; ЭМ=3%; ЗПМ=3% (Поз. 2-19, 21-32)) | J88: 82823 | K88: 2596 | L88: 837 | M88: 9 | O88: 188.94 | Q88: 0.53
A89: Накладные расходы | J89: 3047
A90: Сметная прибыль | J90: 2063
A91: Итоги по смете:
A92: Итого Строительные работы | J92: 70392 | O92: 171.28 | Q92: 0.53
A93: Итого Монтажные работы | J93: 1264 | O93: 17.66
A94: Итого Оборудование | J94: 16277
A95: Итого | J95: 87933 | O95: 188.94 | Q95: 0.53
A96: В том числе:
A97: Материалы | J97: 63113
A98: Машины и механизмы | J98: 837
A99: ФОТ | J99: 2605
A100: Оборудование | J100: 16277
A101: Накладные расходы | J101: 3047
A102: Сметная прибыль | J102: 2063
A103: ВСЕГО по смете | J103: 87933 | O103: 188.94 | Q103: 0.53
A107: Составил: ___________________________Пронина Г.С.
A108: (должность, подпись, расшифровка)
A110: Проверил: ___________________________Стрижов Ю.А.
A111: (должность, подпись, расшифровка)
...

Sheet 8
A1: СОГЛАСОВАНО: | M1: УТВЕРЖДАЮ:
A4: _________________ | M4: _________________
A5: " _____ " ________________ 2013 г. | M5: "____" ______________2013 г.
H6: ФГУП "Комбинат "Электрохимприбор" г.Лесной, Свердловской области
H7: (наименование стройки)
H9: ЛОКАЛЬНЫЙ СМЕТНЫЙ РАСЧЕТ № 8
H10: (локальная смета)
C12: на | D12: Отопление и теплоснабжение П1, П2, Автоматическая мойка цеха 013
H13: (наименование работ и затрат, наименование объекта)
D15: Основание: 13-044-01-ОВ.С
D16: Сметная стоимость _______________________________________________________________________________________________ | J16: ___________________________207,691 | L16: тыс. руб.
D17: строительных работ _______________________________________________________________________________________________ | J17: _______________________________________________________________________________________________205,491 | L17: тыс. руб.
D18: монтажных работ _______________________________________________________________________________________________ | J18: _______________________________________________________________________________________________2,200 | L18: тыс. руб.
D19: Средства на оплату труда _______________________________________________________________________________________________ | J19: ___________________________11,245 | L19: тыс. руб.
D20: Сметная трудоемкость _______________________________________________________________________________________________ | J20: _______________________________________________________________________________________________795,06 | L20: чел.час
D21: Составлен(а) в текущих (прогнозных) ценах по состоянию на ______________
A24: № пп | B24: Обосно- вание | C24: Наименование | D24: Ед. изм. | E24: Кол. | F24: Стоимость единицы, руб. | J24: Общая стоимость, руб. | N24: Т/з осн. раб.на ед. | O24: Т/з осн. раб. Всего | P24: Т/з мех. на ед. | Q24: Т/з мех. Всего
F25: Всего | G25: В том числе | J25: Всего | K25: В том числе
G26: Осн.З/п | H26: Эк.Маш | I26: З/пМех | K26: Осн.З/п | L26: Эк.Маш | M26: З/пМех
A27: 1 | B27: 2 | C27: 3 | D27: 4 | E27: 5 | F27: 6 | G27: 7 | H27: 8 | I27: 9 | J27: 10 | K27: 11 | L27: 12 | M27: 13 | N27: 14 | O27: 15 | P27: 16 | Q27: 17
A28: Раздел 1. Отопление
A29: 1 | B29: ТЕР18-03-001-02 | C29: Установка радиаторов стальных 2 426,28 = 20 364,28 - 100 x 179,38 | D29: 100 кВт радиаторов и конвекторов | E29: 0.87165 | F29: 2426.28 | G29: 828.53 | H29: 270.15 | I29: 20.22 | J29: 2115 | K29: 722 | L29: 235 | M29: 18 | N29: 65.6 | O29: 57.18 | P29: 1.28 | Q29: 1.12
A30: Уд | B30: 1. 301-0559 | C30: Радиаторы стальные панельные РСВ2-1, РСВ2-6 однорядные | D30: кВт | E30: 100 87,17 | F30: 179.38 | J30: 15636.55
A31: 2 | B31: прайс-лист | C31: Радиатор биметаллический Сантехпром БМ 500-03 Ц:1710руб (Стоимость материалов (МАТ=МАТ/1,18/5,59*1,02*1,003-МАТ)) | D31: шт | E31: 1 | F31: 265.22 | J31: 265
A32: 3 | B32: прайс-лист | C32: Радиатор биметаллический Сантехпром БМ 500-04 Ц:2279руб (Стоимость материалов (МАТ=МАТ/1,18/5,59*1,02*1,003-МАТ)) | D32: шт | E32: 1 | F32: 353.47 | J32: 353
A33: 4 | B33: прайс-лист | C33: Радиатор биметаллический Сантехпром БМ 500-11 Ц:6263руб (Стоимость материалов (МАТ=МАТ/1,18/5,59*1,02*1,003-МАТ)) | D33: шт | E33: 19 | F33: 971.38 | J33: 18456
A34: 5 | B34: прайс-лист | C34: Радиатор биметаллический Сантехпром БМ 500-13 Ц:7401руб (Стоимость материалов (МАТ=МАТ/1,18/5,59*1,02*1,003-МАТ)) | D34: шт | E34: 12 | F34: 1147.88 | J34: 13775
A35: 6 | B35: прайс-лист | C35: Радиатор биметаллический Сантехпром БМ 500-15 Ц:8541руб (Стоимость материалов (МАТ=МАТ/1,18/5,59*1,02*1,003-МАТ)) | D35: шт | E35: 5 | F35: 1324.7 | J35: 6624
A36: 7 | B36: ТЕР18-06-003-10 | C36: Установка воздухоотводчиков | D36: 1 шт. | E36: 40 | F36: 118.68 | G36: 22.24 | H36: 10.19 | I36: 0.36 | J36: 4747 | K36: 890 | L36: 408 | M36: 14 | N36: 1.66 | O36: 66.4 | P36: 0.02 | Q36: 0.8
A37: 8 | B37: ТЕРм08-03-602-01 | C37: Инфракрасный электрический обогреватель BIH-1.0 | D37: 1 шт. | E37: 2 | F37: 24.58 | G37: 16.76 | H37: 3.67 | I37: 0.18 | J37: 49 | K37: 34 | L37: 7 | N37: 1.2 | O37: 2.4 | P37: 0.01 | Q37: 0.02
A38: 81 | B38: прайс-лист | C38: Инфракрасный электрический обогреватель BIH-1.0 Ц:2700руб (Стоимость материалов (МАТ=МАТ/1,18/5,59*1,02*1,003-МАТ)) | D38: шт | E38: 2 | F38: 418.77 | J38: 838
A39: 9 | B39: ТЕРм10-01-039-06 | C39: Терморегулятор ТА2n-S | D39: 1 шт. | E39: 1 | F39: 24.5 | G39: 24.02 | J39: 25 | K39: 24 | N39: 2 | O39: 2
A40: 82 | B40: прайс-лист | C40: Терморегулятор для инфракрасного обогревателя ТА2n-S Ц:950 (Стоимость материалов (МАТ=МАТ/1,18/5,59*1,02*1,003-МАТ)) | D40: шт | E40: 1 | F40: 147.34 | J40: 147
A41: 84 | B41: прайс-лист | C41: Клапан терморегулятора RA-N Д15 Ц:690 (Стоимость материалов (МАТ=МАТ/1,18/5,59*1,02*1,003-МАТ)) | D41: шт | E41: 22 | F41: 107.02 | J41: 2354
A42: 12 | B42: прайс-лист | C42: Клапан запорный RLV Ц:340руб (Стоимость материалов (МАТ=МАТ/1,18/5,59*1,02*1,003-МАТ)) | D42: шт | E42: 22 | F42: 52.73 | J42: 1160
A43: 83 | B43: прайс-лист | C43: Ручной балансировочный клапан МSV-BD Д25 Ц:4070 (Стоимость материалов (МАТ=МАТ/1,18/5,59*1,02*1,003-МАТ)) | D43: шт | E43: 4 | F43: 631.25 | J43: 2525
A44: 85 | B44: прайс-лист | C44: Термостатический элемент RA 2940 Ц:800 (Стоимость материалов (МАТ=МАТ/1,18/5,59*1,02*1,003-МАТ)) | D44: шт | E44: 22 | F44: 124.08 | J44: 2730
A45: 86 | B45: прайс-лист | C45: Запорный клапан МSV-S Д25 Ц:1800 (Стоимость материалов (МАТ=МАТ/1,18/5,59*1,02*1,003-МАТ)) | D45: шт | E45: 4 | F45: 279.18 | J45: 1117
A46: 14 | B46: ТЕР18-06-003-10 | C46: Установка воздухосборника | D46: 1 шт. | E46: 10 | F46: 118.68 | G46: 22.24 | H46: 10.19 | I46: 0.36 | J46: 1187 | K46: 222 | L46: 102 | M46: 4 | N46: 1.66 | O46: 16.6 | P46: 0.02 | Q46: 0.2
A47: 16 | B47: ТСЦ-302-1831 | C47: Кран шаровой муфтовый 11Б27П1, диаметром 15 мм | D47: шт. | E47: 10 | F47: 25.14 | J47: 251
A48: 17 | B48: ТСЦ-302-1832 | C48: Кран шаровой муфтовый 11Б27П1, диаметром 20 мм | D48: шт. | E48: 2 | F48: 39.32 | J48: 79
A49: 18 | B49: ТЕР16-02-001-01 | C49: Прокладка трубопроводов отопления из стальных водогазопроводных неоцинкованных труб диаметром 15 мм | D49: 100 м трубопровода | E49: 1.27 | F49: 3897.38 | G49: 446.74 | H49: 69.04 | I49: 2.73 | J49: 4950 | K49: 567 | L49: 88 | M49: 3 | N49: 32.97 | O49: 41.87 | P49: 0.15 | Q49: 0.19
A50: 19 | B50: ТЕР16-02-001-02 | C50: Прокладка трубопроводов отопления из стальных водогазопроводных неоцинкованных труб диаметром 20 мм | D50: 100 м трубопровода | E50: 1.05 | F50: 4340.3 | G50: 446.74 | H50: 69.04 | I50: 2.73 | J50: 4557 | K50: 469 | L50: 72 | M50: 3 | N50: 32.97 | O50: 34.62 | P50: 0.15 | Q50: 0.16
A51: 20 | B51: ТЕР16-02-001-03 | C51: Прокладка трубопроводов отопления из стальных водогазопроводных неоцинкованных труб диаметром 25 мм | D51: 100 м трубопровода | E51: 2.52 | F51: 4893.53 | G51: 446.74 | H51: 69.04 | I51: 2.73 | J51: 12332 | K51: 1126 | L51: 174 | M51: 7 | N51: 32.97 | O51: 83.08 | P51: 0.15 | Q51: 0.38
A52: 21 | B52: ТЕР16-02-001-04 | C52: Прокладка трубопроводов отопления из стальных водогазопроводных неоцинкованных труб диаметром 32 мм | D52: 100 м трубопровода | E52: 0.4 | F52: 5528.68 | G52: 446.74 | H52: 69.04 | I52: 2.73 | J52: 2211 | K52: 179 | L52: 28 | M52: 1 | N52: 32.97 | O52: 13.19 | P52: 0.15 | Q52: 0.06
A53: 22 | B53: ТЕР16-02-001-06 | C53: Прокладка трубопроводов отопления из стальных водогазопроводных неоцинкованных труб диаметром 50 мм | D53: 100 м трубопровода | E53: 0.35 | F53: 7297.98 | G53: 554.47 | H53: 130.14 | I53: 3.46 | J53: 2554 | K53: 194 | L53: 46 | M53: 1 | N53: 40.92 | O53: 14.32 | P53: 0.19 | Q53: 0.07
A54: 23 | B54: ТЕР16-07-005-01 | C54: Гидравлическое испытание трубопроводов систем отопления, водопровода и горячего водоснабжения диаметром до 50 мм | D54: 100 м трубопровода | E54: 5.59 | F54: 104.4 | G54: 82.16 | H54: 15.29 | J54: 584 | K54: 459 | L54: 85 | N54: 5.01 | O54: 28.01
A55: 24 | B55: ТЕР26-01-017-01 | C55: Изоляция трубопроводов изделиями из вспененного каучука («Армофлекс»), вспененного полиэтилена («Термофлекс») трубками 259,25 = 1 189,41 - 11 x 84,56 | D55: 10 м трубопровода | E55: 10.4 | F55: 259.25 | G55: 49.17 | H55: 28.25 | J55: 2696 | K55: 511 | L55: 294 | N55: 3.52 | O55: 36.61
A56: Уд | B56: 1. 104-0162 | C56: Трубки из вспененного полиэтилена (пенополиэтилен) «Термофлекс» диаметром 108х13 мм | D56: м | E56: 11 114,4 | F56: 84.56 | J56: 9673.66
A57: 87 | B57: ТСЦ-104-0266 | C57: Трубки из вспененного полиэтилена, внутренний диаметр 18 мм, толщина 9 мм | D57: м | E57: 7,7 7*1,1 | F57: 7.8 | J57: 60
A58: 88 | B58: ТСЦ-104-0269 | C58: Трубки из вспененного полиэтилена, внутренний диаметр 28 мм, толщина 9 мм | D58: м | E58: 24,2 22*1,1 | F58: 9.81 | J58: 237
A59: 89 | B59: ТСЦ-104-0273 | C59: Трубки из вспененного полиэтилена, внутренний диаметр 54 мм, толщина 9 мм | D59: м | E59: 38,5 35*1,1 | F59: 26.48 | J59: 1019
A60: 90 | B60: прайс Теплый стан | C60: Трубки из вспененного полиэтилена внутренний диаметр 35, толщина 9 (Стоимость материалов (МАТ=МАТ/1,18/5,59*1,02*1,003-МАТ)) | D60: м | E60: 44 40*1,1 | F60: 13.03 | J60: 573
A61: 29 | B61: ТЕР13-03-002-04 | C61: Огрунтовка металлических поверхностей за один раз грунтовкой ГФ-021 | D61: 100 м2 окрашиваемой поверхности | E61: 0.53 | F61: 417.46 | G61: 79.65 | H61: 10.15 | I61: 0.16 | J61: 221 | K61: 42 | L61: 5 | N61: 5.31 | O61: 2.81 | P61: 0.01 | Q61: 0.01
A62: 30 | B62: ТЕР13-03-004-08 | C62: Окраска металлических огрунтованных поверхностей лаком ХВ-784 (за два раза ПЗ=2 (ОЗП=2; ЭМ=2 к расх.; ЗПМ=2; МАТ=2 к расх.; ТЗ=2; ТЗМ=2)) | D62: 100 м2 окрашиваемой поверхности | E62: 0.53 | F62: 1267.74 | G62: 63.38 | H62: 15.54 | I62: 0.32 | J62: 672 | K62: 34 | L62: 8 | N62: 4.96 | O62: 2.63 | P62: 0.02 | Q62: 0.01
A63: 31 | B63: ТСЦ-301-1224 | C63: Крепления для трубопроводов: кронштейны, планки, хомуты | D63: кг | E63: 1018 | F63: 17.02 | J63: 17326
A64: Итого прямые затраты по разделу в ценах 2001г. | J64: 108789 | K64: 5473 | L64: 1552 | M64: 51 | O64: 401.72 | Q64: 3.02
A65: Итого прямые затраты по разделу с учетом коэффициентов к итогам (Индивидуальные испытания системы отпления ОЗП=3%; ЭМ=3%; ЗПМ=3% (Поз. 1, 7, 14, 18-23)) | J65: 108971 | K65: 5618 | L65: 1589 | M65: 53 | O65: 401.72 | Q65: 3.02
A66: Накладные расходы | J66: 7063
A67: Сметная прибыль | J67: 4619
A68: Итого по разделу 1 Отопление | J68: 120653 | O68: 401.72 | Q68: 3.02
A69: Раздел 2. Теплоснабжение П1, П2
A70: 38 | B70: ТЕР18-06-003-10 | C70: Установка воздухоотводчиков | D70: 1 шт. | E70: 8 | F70: 118.68 | G70: 22.24 | H70: 10.19 | I70: 0.36 | J70: 949 | K70: 178 | L70: 82 | M70: 3 | N70: 1.66 | O70: 13.28 | P70: 0.02 | Q70: 0.16
A71: 39 | B71: ТСЦ-302-1831 | C71: Кран шаровой муфтовый 11Б27П1, диаметром 15 мм | D71: шт. | E71: 4 | F71: 25.14 | J71: 101
A72: 25 | B72: прайс-лист | C72: Ручной запорный клапан МSV-BD Д32 Ц:5140 (Стоимость материалов (МАТ=МАТ/1,18/5,59*1,02*1,003-МАТ)) | D72: шт | E72: 2 | F72: 797.21 | J72: 1594
A73: 26 | B73: прайс-лист | C73: Ручной запорный клапан МSV-BD Д40 Ц:6440 (Стоимость материалов (МАТ=МАТ/1,18/5,59*1,02*1,003-МАТ)) | D73: шт | E73: 1 | F73: 998.83 | J73: 999
A74: 27 | B74: прайс-лист | C74: Ручной запорный клапан МSV-S Д32 Ц:1120 (Стоимость материалов (МАТ=МАТ/1,18/5,59*1,02*1,003-МАТ)) | D74: шт | E74: 2 | F74: 173.71 | J74: 347
A75: 28 | B75: прайс-лист | C75: Ручной запорный клапан МSV-S Д40 Ц:5110 (Стоимость материалов (МАТ=МАТ/1,18/5,59*1,02*1,003-МАТ)) | D75: шт | E75: 1 | F75: 792.55 | J75: 793
A76: 42 | B76: ТЕР16-02-001-04 | C76: Прокладка трубопроводов отопления из стальных водогазопроводных неоцинкованных труб диаметром 32 мм | D76: 100 м трубопровода | E76: 0.25 | F76: 5528.68 | G76: 446.74 | H76: 69.04 | I76: 2.73 | J76: 1382 | K76: 112 | L76: 17 | M76: 1 | N76: 32.97 | O76: 8.24 | P76: 0.15 | Q76: 0.04
A77: 43 | B77: ТЕР16-02-001-05 | C77: Прокладка трубопроводов отопления из стальных водогазопроводных неоцинкованных труб диаметром 40 мм | D77: 100 м трубопровода | E77: 0.26 | F77: 6103.76 | G77: 446.74 | H77: 69.04 | I77: 2.73 | J77: 1587 | K77: 116 | L77: 18 | M77: 1 | N77: 32.97 | O77: 8.57 | P77: 0.15 | Q77: 0.04
A78: 44 | B78: ТЕР16-02-001-06 | C78: Прокладка трубопроводов отопления из стальных водогазопроводных неоцинкованных труб диаметром 50 мм | D78: 100 м трубопровода | E78: 0.17 | F78: 7297.98 | G78: 554.47 | H78: 130.14 | I78: 3.46 | J78: 1241 | K78: 94 | L78: 22 | M78: 1 | N78: 40.92 | O78: 6.96 | P78: 0.19 | Q78: 0.03
A79: 45 | B79: ТЕР16-07-005-01 | C79: Гидравлическое испытание трубопроводов систем отопления, водопровода и горячего водоснабжения диаметром до 50 мм | D79: 100 м трубопровода | E79: 0.68 | F79: 104.4 | G79: 82.16 | H79: 15.29 | J79: 71 | K79: 56 | L79: 10 | N79: 5.01 | O79: 3.41
A80: 46 | B80: ТЕР13-03-002-04 | C80: Огрунтовка металлических поверхностей за один раз грунтовкой ГФ-021 | D80: 100 м2 окрашиваемой поверхности | E80: 0.095 | F80: 417.46 | G80: 79.65 | H80: 10.15 | I80: 0.16 | J80: 40 | K80: 8 | L80: 1 | N80: 5.31 | O80: 0.5 | P80: 0.01
A81: 47 | B81: ТЕР13-03-004-08 | C81: Окраска металлических огрунтованных поверхностей лаком ХВ-784 (за два раза ПЗ=2 (ОЗП=2; ЭМ=2 к расх.; ЗПМ=2; МАТ=2 к расх.; ТЗ=2; ТЗМ=2)) | D81: 100 м2 окрашиваемой поверхности | E81: 0.095 | F81: 1267.74 | G81: 63.38 | H81: 15.54 | I81: 0.32 | J81: 120 | K81: 6 | L81: 1 | N81: 4.96 | O81: 0.47 | P81: 0.02
A82: 48 | B82: ТЕР26-01-017-01 | C82: Изоляция трубопроводов изделиями из вспененного каучука («Армофлекс»), вспененного полиэтилена («Термофлекс») трубками 259,25 = 1 189,41 - 11 x 84,56 | D82: 10 м трубопровода | E82: 6.8 | F82: 259.25 | G82: 49.17 | H82: 28.25 | J82: 1763 | K82: 334 | L82: 192 | N82: 3.52 | O82: 23.94
A83: Уд | B83: 1. 104-0162 | C83: Трубки из вспененного полиэтилена (пенополиэтилен) «Термофлекс» диаметром 108х13 мм | D83: м | E83: 11 74,8 | F83: 84.56 | J83: 6325.09
A84: 34 | B84: прайс Теплый стан | C84: Трубки из вспененного полиэтилена внутренний диаметр 35, толщина 9 (Стоимость материалов (МАТ=МАТ/1,18/5,59*1,02*1,003-МАТ)) | D84: м | E84: 27,5 25*1,1 | F84: 13.03 | J84: 358
A85: 32 | B85: ТСЦ-104-0271 | C85: Трубки из вспененного полиэтилена, внутренний диаметр 45 мм, толщина 9 мм | D85: м | E85: 28,6 26*1,1 | F85: 19.09 | J85: 546
A86: 33 | B86: ТСЦ-104-0273 | C86: Трубки из вспененного полиэтилена, внутренний диаметр 54 мм, толщина 9 мм | D86: м | E86: 18,7 17*1,1 | F86: 26.48 | J86: 495
A87: 52 | B87: ТСЦ-301-1224 | C87: Крепления для трубопроводов: кронштейны, планки, хомуты | D87: кг | E87: 121 | F87: 17.02 | J87: 2059
A88: Итого прямые затраты по разделу в ценах 2001г. | J88: 14445 | K88: 904 | L88: 343 | M88: 6 | O88: 65.37 | Q88: 0.27
A89: Итого прямые затраты по разделу с учетом коэффициентов к итогам (Индивидуальные испытания системы отпления ОЗП=3%; ЭМ=3%; ЗПМ=3% (Поз. 38, 42-45)) | J89: 14466 | K89: 921 | L89: 347 | M89: 6 | O89: 65.37 | Q89: 0.27
A90: Накладные расходы | J90: 1088
A91: Сметная прибыль | J91: 725
A92: Итого по разделу 2 Теплоснабжение П1, П2 | J92: 16279 | O92: 65.37 | Q92: 0.27
A93: Раздел 3. Теплоснабжение У1.5-У1.8, У2.5-У2.8
A94: 36 | B94: ТЕР18-06-004-02 | C94: Установка узлов тепловых элеваторных номером 3-5 (МАТ=0 к расх.) | D94: 1 узел | E94: 4 | F94: 216.98 | G94: 171.27 | H94: 45.71 | I94: 2.18 | J94: 868 | K94: 685 | L94: 183 | M94: 9 | N94: 12.64 | O94: 50.56 | P94: 0.12 | Q94: 0.48
A95: 58 | B95: прайс-лист | C95: Водосмесительный узел 4 Ц:14000 (Стоимость материалов (МАТ=МАТ/1,18/5,59*1,02*1,003-МАТ)) | D95: компл | E95: 4 | F95: 2171.38 | J95: 8686
A96: 59 | B96: ТЕР18-06-003-10 | C96: Установка воздухоотводчиков | D96: 1 шт. | E96: 8 | F96: 118.68 | G96: 22.24 | H96: 10.19 | I96: 0.36 | J96: 949 | K96: 178 | L96: 82 | M96: 3 | N96: 1.66 | O96: 13.28 | P96: 0.02 | Q96: 0.16
A97: 60 | B97: ТСЦ-302-1831 | C97: Кран шаровой муфтовый 11Б27П1, диаметром 15 мм | D97: шт. | E97: 24 | F97: 25.14 | J97: 603
A98: 61 | B98: ТСЦ-302-1832 | C98: Кран шаровой муфтовый 11Б27П1, диаметром 20 мм | D98: шт. | E98: 16 | F98: 39.32 | J98: 629
A99: 35 | B99: прайс-лист | C99: Ручной запорный клапан МSV-BD Д25 Ц:4070 (Стоимость материалов (МАТ=МАТ/1,18/5,59*1,02*1,003-МАТ)) | D99: шт | E99: 4 | F99: 631.25 | J99: 2525
A100: 37 | B100: прайс-лист | C100: Ручной запорный клапан МSV-S Д25 Ц:1800 (Стоимость материалов (МАТ=МАТ/1,18/5,59*1,02*1,003-МАТ)) | D100: шт | E100: 4 | F100: 279.18 | J100: 1117
A101: 63 | B101: ТЕР18-07-001-02 | C101: Установка манометров с трехходовым краном | D101: 1 компл. | E101: 8 | F101: 244.31 | G101: 3.07 | J101: 1954 | K101: 25 | N101: 0.22 | O101: 1.76
A102: 64 | B102: ТЕР18-07-001-04 | C102: Установка термометров в оправе прямых и угловых | D102: 1 компл. | E102: 8 | F102: 365.03 | G102: 4.11 | J102: 2920 | K102: 33 | N102: 0.31 | O102: 2.48
A103: 65 | B103: ТЕРм12-10-001-01 | C103: Бобышки, штуцеры на условное давление до 10 МПа | D103: 100 шт. | E103: 0.08 | F103: 3444.75 | G103: 886.17 | H103: 492.2 | J103: 276 | K103: 71 | L103: 39 | N103: 65.4 | O103: 5.23
A104: 66 | B104: ТЕР16-02-001-02 | C104: Прокладка трубопроводов отопления из стальных водогазопроводных неоцинкованных труб диаметром 20 мм | D104: 100 м трубопровода | E104: 1.3 | F104: 4340.3 | G104: 446.74 | H104: 69.04 | I104: 2.73 | J104: 5642 | K104: 581 | L104: 90 | M104: 4 | N104: 32.97 | O104: 42.86 | P104: 0.15 | Q104: 0.2
A105: 67 | B105: ТЕР16-02-001-03 | C105: Прокладка трубопроводов отопления из стальных водогазопроводных неоцинкованных труб диаметром 25 мм | D105: 100 м трубопровода | E105: 1.4 | F105: 4893.53 | G105: 446.74 | H105: 69.04 | I105: 2.73 | J105: 6851 | K105: 625 | L105: 97 | M105: 4 | N105: 32.97 | O105: 46.16 | P105: 0.15 | Q105: 0.21
A106: 68 | B106: ТЕР16-02-001-04 | C106: Прокладка трубопроводов отопления из стальных водогазопроводных неоцинкованных труб диаметром 32 мм | D106: 100 м трубопровода | E106: 0.62 | F106: 5528.68 | G106: 446.74 | H106: 69.04 | I106: 2.73 | J106: 3428 | K106: 277 | L106: 43 | M106: 2 | N106: 32.97 | O106: 20.44 | P106: 0.15 | Q106: 0.09
A107: 69 | B107: ТЕР16-02-001-06 | C107: Прокладка трубопроводов отопления из стальных водогазопроводных неоцинкованных труб диаметром 50 мм | D107: 100 м трубопровода | E107: 0.1 | F107: 7297.98 | G107: 554.47 | H107: 130.14 | I107: 3.46 | J107: 730 | K107: 55 | L107: 13 | N107: 40.92 | O107: 4.09 | P107: 0.19 | Q107: 0.02
...

Sheet 11
A1: СОГЛАСОВАНО: | M1: УТВЕРЖДАЮ:
A4: _________________ | M4: _________________
A5: " _____ " ________________ 2013 г. | M5: "____" ______________2013 г.
H6: ФГУП "Комбинат "Электрохимприбор" г.Лесной, Свердловской области
H7: (наименование стройки)
H9: ЛОКАЛЬНЫЙ СМЕТНЫЙ РАСЧЕТ № 11
H10: (локальная смета)
C12: на | D12: Силовое электрооборудование, Автоматическая мойка цеха 013
H13: (наименование работ и затрат, наименование объекта)
D15: Основание: 13-044-01-ЭМ.С
D16: Сметная стоимость _______________________________________________________________________________________________ | J16: ___________________________177,779 | L16: тыс. руб.
D17: монтажных работ _______________________________________________________________________________________________ | J17: _______________________________________________________________________________________________102,599 | L17: тыс. руб.
D18: оборудования _______________________________________________________________________________________________ | J18: _______________________________________________________________________________________________75,180 | L18: тыс. руб.
D19: Средства на оплату труда _______________________________________________________________________________________________ | J19: ___________________________9,693 | L19: тыс. руб.
D20: Сметная трудоемкость _______________________________________________________________________________________________ | J20: _______________________________________________________________________________________________532,41 | L20: чел.час
D21: Составлен(а) в текущих (прогнозных) ценах по состоянию на ______________
A24: № пп | B24: Обосно- вание | C24: Наименование | D24: Ед. изм. | E24: Кол. | F24: Стоимость единицы, руб. | J24: Общая стоимость, руб. | N24: Т/з осн. раб.на ед. | O24: Т/з осн. раб. Всего | P24: Т/з мех. на ед. | Q24: Т/з мех. Всего
F25: Всего | G25: В том числе | J25: Всего | K25: В том числе
G26: Осн.З/п | H26: Эк.Маш | I26: З/пМех | K26: Осн.З/п | L26: Эк.Маш | M26: З/пМех
A27: 1 | B27: 2 | C27: 3 | D27: 4 | E27: 5 | F27: 6 | G27: 7 | H27: 8 | I27: 9 | J27: 10 | K27: 11 | L27: 12 | M27: 13 | N27: 14 | O27: 15 | P27: 16 | Q27: 17
A28: Раздел 1.
A29: 1 | B29: ТЕРм08-03-572-06 | C29: Блок управления шкафного исполнения или распределительный пункт (шкаф), устанавливаемый на полу, высота и ширина до 200х1000 мм | D29: 1 шт. | E29: 1 | F29: 552.93 | G29: 48.76 | H29: 94.76 | I29: 5.46 | J29: 553 | K29: 49 | L29: 95 | M29: 5 | N29: 3.49 | O29: 3.49 | P29: 0.3 | Q29: 0.3
A30: 2 | B30: ТЕРм08-03-572-03 | C30: Блок управления шкафного исполнения или распределительный пункт (шкаф), устанавливаемый на стене, высота и ширина до 600х600 мм | D30: 1 шт. | E30: 1 | F30: 316.86 | G30: 32.41 | H30: 36.13 | I30: 1.82 | J30: 317 | K30: 32 | L30: 36 | M30: 2 | N30: 2.32 | O30: 2.32 | P30: 0.1 | Q30: 0.1
A31: 3 | B31: ТЕРм08-03-532-05 | C31: Пост управления кнопочный общего назначения, устанавливаемый на конструкции на стене или колонне, количество элементов поста до 6 | D31: 1 шт. | E31: 1 | F31: 132.94 | G31: 31.76 | H31: 1.28 | J31: 133 | K31: 32 | L31: 1 | N31: 2.37 | O31: 2.37
A32: 4 | B32: ФССЦ-509-1493 | C32: Посты управления кнопочные ПКЕ212-1 У3 (Приведение расценок ФЕР к территориальному уровню (Письмо УРЦЦС Ц-297 от 12.04.2011) ОЗП=1,41; ЭМ=1,242; ЗПМ=1,41; МАТ=1,052) | D32: шт. | E32: 1 | F32: 37.88 | J32: 38
A33: 5 | B33: ТЕРм08-03-532-04 | C33: Пост управления кнопочный общего назначения, устанавливаемый на конструкции на стене или колонне, количество элементов поста до 3 | D33: 1 шт. | E33: 3 | F33: 122.2 | G33: 24.12 | H33: 1.28 | J33: 367 | K33: 72 | L33: 4 | N33: 1.8 | O33: 5.4
A34: 6 | B34: прайс-лист | C34: ПКУ 15-21.131-54У2 Ц:662,57 (Стоимость материалов (МАТ=МАТ/1,18/5,59*1,02*1,003-МАТ)) | D34: шт | E34: 3 | F34: 102.76 | J34: 308
A35: 7 | B35: ТЕРм08-03-573-04 | C35: Шкаф (пульт) управления навесной, высота, ширина и глубина до 600х600х350 мм | D35: 1 шт. | E35: 2 | F35: 99.26 | G35: 33.11 | H35: 62.05 | I35: 4.71 | J35: 199 | K35: 66 | L35: 124 | M35: 9 | N35: 2.37 | O35: 4.74 | P35: 0.29 | Q35: 0.58
A36: 8 | B36: ФССЦ-503-0517прим | C36: Устройство комплектное низковольтное управления и распределения электроэнергии Я5111-2674 (Приведение расценок ФЕР к территориальному уровню (Письмо УРЦЦС Ц-297 от 12.04.2011) ОЗП=1,41; ЭМ=1,242; ЗПМ=1,41; МАТ=1,052) | D36: шт. | E36: 2 | F36: 840.36 | J36: 1681
A37: 9 | B37: ТЕРм08-03-591-11 | C37: Розетка штепсельная трехполюсная | D37: 100 шт. | E37: 0.07 | F37: 1829.4 | G37: 1025.4 | H37: 35.07 | I37: 2.18 | J37: 128 | K37: 72 | L37: 2 | N37: 73.4 | O37: 5.14 | P37: 0.12 | Q37: 0.01
A38: 10 | B38: ФССЦ-503-0471 | C38: Розетка открытой проводки с заземлением (Приведение расценок ФЕР к территориальному уровню (Письмо УРЦЦС Ц-297 от 12.04.2011) ОЗП=1,41; ЭМ=1,242; ЗПМ=1,41; МАТ=1,052) | D38: шт. | E38: 3 | F38: 9.46 | J38: 28
A39: 11 | B39: ФССЦ-503-0470 | C39: Розетка открытой проводки двухгнездная с заземлением (Приведение расценок ФЕР к территориальному уровню (Письмо УРЦЦС Ц-297 от 12.04.2011) ОЗП=1,41; ЭМ=1,242; ЗПМ=1,41; МАТ=1,052) | D39: шт. | E39: 4 | F39: 23.17 | J39: 93
A40: 12 | B40: ТЕРм08-03-526-01 | C40: Автомат одно-, двух-, трехполюсный, устанавливаемый на конструкции на стене или колонне, на ток до 25 А | D40: 1 шт. | E40: 3 | F40: 174.77 | G40: 20.9 | H40: 1.28 | J40: 524 | K40: 63 | L40: 4 | N40: 1.56 | O40: 4.68
A41: 13 | B41: прайс Амперкин | C41: Выключатели автоматические 3P IC60N-10A цена=919 (Стоимость материалов (МАТ=МАТ/1,18/5,59*1,02*1,003-МАТ)) | D41: шт | E41: 1 | F41: 142.54 | J41: 143
A42: 14 | B42: прайс Амперкин | C42: Выключатели автоматические 1 P IC60N-0.5A цена=1764 (Стоимость материалов (МАТ=МАТ/1,18/5,59*1,02*1,003-МАТ)) | D42: шт | E42: 2 | F42: 273.59 | J42: 547
A43: 15 | B43: ТЕРм08-03-530-04 | C43: Пускатель магнитный общего назначения отдельно стоящий, устанавливаемый на конструкции на стене или колонне, на ток до 40 А | D43: 1 шт. | E43: 1 | F43: 168.71 | G43: 41.5 | H43: 4.2 | I43: 0.18 | J43: 169 | K43: 42 | L43: 4 | N43: 3.17 | O43: 3.17 | P43: 0.01 | Q43: 0.01
A44: 16 | B44: прайс КЭАЗ | C44: Пускатели электромагнитные нереверсивные без теплового реле, с кнопками управления ПМ12-010233 10А 380 цена=1198,88 (Стоимость материалов (МАТ=МАТ/1,18/5,59*1,02*1,003-МАТ)) | D44: шт | E44: 1 | F44: 185.94 | J44: 186
A45: 17 | B45: ТЕРм08-03-573-04 | C45: Шкаф (пульт) управления навесной, высота, ширина и глубина до 600х600х350 мм | D45: 1 шт. | E45: 3 | F45: 99.26 | G45: 33.11 | H45: 62.05 | I45: 4.71 | J45: 298 | K45: 99 | L45: 186 | M45: 14 | N45: 2.37 | O45: 7.11 | P45: 0.29 | Q45: 0.87
A46: 18 | B46: прайс-лист | C46: Корпус модульный КМПн Ц:413.4 (Стоимость материалов (МАТ=МАТ/1,18/5,59*1,02*1,003-МАТ)) | D46: шт | E46: 3 | F46: 64.12 | J46: 192
A47: 19 | B47: ТЕРм11-03-001-01 | C47: Приборы, устанавливаемые на металлоконструкциях, щитах и пультах, масса до 5 кг | D47: 1 шт. | E47: 2 | F47: 8.41 | G47: 7.26 | J47: 17 | K47: 15 | N47: 0.52 | O47: 1.04
A48: 20 | B48: прайс-лист | C48: IF-модуль Ц:4500 (Стоимость материалов (МАТ=МАТ/1,18/5,59*1,02*1,003-МАТ)) | D48: шт | E48: 2 | F48: 697.94 | J48: 1396
A49: 21 | B49: ТЕРм08-02-411-05 | C49: Ввод гибкий | D49: 1 ввод | E49: 1 | F49: 38.37 | G49: 13.65 | J49: 38 | K49: 14 | N49: 1.03 | O49: 1.03
A50: 22 | B50: прайс-лист | C50: Комплект гибких вводов ВГ22У2,5 Ц:5700 (Стоимость материалов (МАТ=МАТ/1,18/5,59*1,02*1,003-МАТ)) | D50: шт | E50: 1 | F50: 884.06 | J50: 884
A51: 23 | B51: ТЕРм08-02-397-01 | C51: Профиль перфорированный монтажный длиной 2 м | D51: 100 м | E51: 0.4 | F51: 1392.25 | G51: 141.78 | H51: 242.87 | I51: 57.25 | J51: 557 | K51: 57 | L51: 97 | M51: 23 | N51: 10.7 | O51: 4.28 | P51: 3.61 | Q51: 1.44
A52: 24 | B52: ТСЦ-509-1070 | C52: Планка Z-образная оцинкованная | D52: шт. | E52: 16 | F52: 57.86 | J52: 926
A53: 25 | B53: ТСЦ-509-0066 | C53: Профиль монтажный перфорированный | D53: шт. | E53: 4 | F53: 82.59 | J53: 330
A54: 26 | B54: ФССЦ-503-0535 | C54: Разветвительная коробка У-995 (Приведение расценок ФЕР к территориальному уровню (Письмо УРЦЦС Ц-297 от 12.04.2011) ОЗП=1,41; ЭМ=1,242; ЗПМ=1,41; МАТ=1,052) | D54: шт. | E54: 8 | F54: 52.54 | J54: 420
A55: 27 | B55: ТЕРм08-02-396-05 | C55: Короб металлический по стенам и потолкам, длина 2 м | D55: 100 м | E55: 0.3 | F55: 1840.21 | G55: 498.2 | H55: 788.16 | I55: 202.95 | J55: 552 | K55: 149 | L55: 236 | M55: 61 | N55: 37.6 | O55: 11.28 | P55: 12.78 | Q55: 3.83
A56: 28 | B56: ТЕРм08-02-396-07 | C56: Короб металлический по стенам и потолкам, длина 6 м (блоки) | D56: 100 м | E56: 0.78 | F56: 1401.4 | G56: 325.95 | H56: 525.04 | I56: 106.18 | J56: 1093 | K56: 254 | L56: 410 | M56: 83 | N56: 24.6 | O56: 19.19 | P56: 6.62 | Q56: 5.16
A57: 29 | B57: ТСЦ-509-0066 | C57: Профиль монтажный перфорированный | D57: шт. | E57: 43 | F57: 82.59 | J57: 3551
A58: 30 | B58: ТЕРм08-02-152-13 | C58: Конструкция из профильной стали для крепления закладных подвесок, масса до 1 кг | D58: 100 шт. | E58: 0.14 | F58: 1385.95 | G58: 243.9 | H58: 128.88 | I58: 4 | J58: 194 | K58: 34 | L58: 18 | M58: 1 | N58: 18 | O58: 2.52 | P58: 0.22 | Q58: 0.03
A59: 31 | B59: ФССЦ-509-3410прим | C59: Консоль (Приведение расценок ФЕР к территориальному уровню (Письмо УРЦЦС Ц-297 от 12.04.2011) ОЗП=1,41; ЭМ=1,242; ЗПМ=1,41; МАТ=1,052) | D59: шт. | E59: 14 | F59: 7.19 | J59: 101
A60: 32 | B60: ФССЦ-101-6602 | C60: Шланг электромонтажный ШЭМ 22У2 (Приведение расценок ФЕР к территориальному уровню (Письмо УРЦЦС Ц-297 от 12.04.2011) ОЗП=1,41; ЭМ=1,242; ЗПМ=1,41; МАТ=1,052) | D60: м | E60: 17 | F60: 6.55 | J60: 111
A61: 33 | B61: ТЕРм08-02-152-05 | C61: Стойка сборных кабельных конструкций (без полок), масса до 2,4 кг | D61: 100 шт. | E61: 0.1 | F61: 1849.18 | G61: 384.82 | H61: 358.08 | I61: 10.01 | J61: 185 | K61: 38 | L61: 36 | M61: 1 | N61: 28.4 | O61: 2.84 | P61: 0.55 | Q61: 0.06
A62: 34 | B62: прайс-лист | C62: Стойка напольная К314УТ1,5 Ц:1129 (Стоимость материалов (МАТ=МАТ/1,18/5,59*1,02*1,003-МАТ)) | D62: шт | E62: 10 | F62: 175.11 | J62: 1751
A63: 35 | B63: ТСЦ-101-3774 | C63: Сталь листовая горячекатаная марки Ст3 толщиной 5,0 мм | D63: т | E63: 0.008 | F63: 7061.6 | J63: 56
A64: 36 | B64: ТЕРм08-02-407-02 | C64: Труба стальная по установленным конструкциям, по стенам с креплением скобами, диаметр до 40 мм | D64: 100 м | E64: 1.72 | F64: 3009.12 | G64: 549.88 | H64: 1234.04 | I64: 433.04 | J64: 5176 | K64: 946 | L64: 2123 | M64: 745 | N64: 41.5 | O64: 71.38 | P64: 27.6 | Q64: 47.47
A65: 37 | B65: ТСЦ-103-0004 | C65: Трубы стальные сварные водогазопроводные с резьбой черные легкие (неоцинкованные) диаметр условного прохода 32 мм, толщина стенки 2,8 мм | D65: м | E65: 142 | F65: 26.35 | J65: 3742
A66: 38 | B66: ТСЦ-103-0005 | C66: Трубы стальные сварные водогазопроводные с резьбой черные легкие (неоцинкованные) диаметр условного прохода 40 мм, толщина стенки 3 мм | D66: м | E66: 30 | F66: 32.13 | J66: 964
A67: 39 | B67: ТЕРм08-02-409-01 | C67: Труба винипластовая по установленным конструкциям, по стенам и колоннам с креплением скобами, диаметр до 25 мм | D67: 100 м | E67: 2.18 | F67: 2435.2 | G67: 315.35 | H67: 611.58 | I67: 248.83 | J67: 5309 | K67: 687 | L67: 1333 | M67: 542 | N67: 23.8 | O67: 51.88 | P67: 15.91 | Q67: 34.68
A68: 40 | B68: ТЕРм08-02-409-02 | C68: Труба винипластовая по установленным конструкциям, по стенам и колоннам с креплением скобами, диаметр до 50 мм | D68: 100 м | E68: 0.4 | F68: 2919.81 | G68: 455.8 | H68: 945.62 | I68: 373.18 | J68: 1168 | K68: 182 | L68: 378 | M68: 149 | N68: 34.4 | O68: 13.76 | P68: 23.83 | Q68: 9.53
A69: 41 | B69: ТСЦ-301-1380 | C69: Трубки защитные гофрированные | D69: м | E69: 258 | F69: 10.01 | J69: 2583
A70: 42 | B70: ТЕРм08-02-407-04 | C70: Труба стальная по установленным конструкциям, по стенам с креплением скобами, диаметр до 80 мм | D70: 100 м | E70: 0.1 | F70: 3835.55 | G70: 894.38 | H70: 1619.62 | I70: 548.19 | J70: 384 | K70: 89 | L70: 162 | M70: 55 | N70: 67.5 | O70: 6.75 | P70: 34.85 | Q70: 3.49
A71: 43 | B71: ТСЦ-103-1835 | C71: Трубы стальные прямоугольные (ГОСТ 8645-86) размером 70х50 мм, толщина стенки 4 мм | D71: м | E71: 10 | F71: 58.55 | J71: 586
A72: 44 | B72: ТЕРм08-02-472-06 | C72: Проводник заземляющий открыто по строительным основаниям из полосовой стали сечением 100 мм2 | D72: 100 м | E72: 0.45 | F72: 1351.39 | G72: 251.75 | H72: 85.67 | I72: 3.46 | J72: 608 | K72: 113 | L72: 39 | M72: 2 | N72: 19 | O72: 8.55 | P72: 0.19 | Q72: 0.09
A73: 45 | B73: ТЕРм08-02-472-09 | C73: Проводник заземляющий открыто по строительным основаниям из круглой стали диаметром 12 мм | D73: 100 м | E73: 0.4 | F73: 1397.41 | G73: 282.23 | H73: 85.67 | I73: 3.46 | J73: 559 | K73: 113 | L73: 34 | M73: 1 | N73: 21.3 | O73: 8.52 | P73: 0.19 | Q73: 0.08
A74: 46 | B74: прайс-лист | C74: Шина дополнительного уравнивания потенциала ШДУП Ц:380 (Стоимость материалов (МАТ=МАТ/1,18/5,59*1,02*1,003-МАТ)) | D74: шт | E74: 10 | F74: 58.94 | J74: 589
A75: 47 | B75: ТЕРм08-02-412-03 | C75: Затягивание провода в проложенные трубы и металлические рукава первого одножильного или многожильного в общей оплетке, суммарное сечение до 16 мм2 | D75: 100 м | E75: 7.99 | F75: 730.59 | G75: 104.15 | H75: 11.69 | I75: 0.73 | J75: 5837 | K75: 832 | L75: 93 | M75: 6 | N75: 7.86 | O75: 62.8 | P75: 0.04 | Q75: 0.32
A76: 48 | B76: ТЕРм08-02-147-01 | C76: Кабель до 35 кВ по установленным конструкциям и лоткам с креплением на поворотах и в конце трассы, масса 1 м кабеля до 1 кг | D76: 100 м кабеля | E76: 16.11 | F76: 806.06 | G76: 157.18 | H76: 456.3 | I76: 50.35 | J76: 12986 | K76: 2532 | L76: 7351 | M76: 811 | N76: 11.6 | O76: 186.88 | P76: 2.96 | Q76: 47.69
A77: 49 | B77: ФССЦ-501-8476 | C77: Кабель силовой с медными жилами с поливинилхлоридной изоляцией и оболочкой, не распространяющий горение, с низким дымо- и газовыделением марки ВВГнг-LS, с числом жил - 2 и сечением 1,5 мм2 (Приведение расценок ФЕР к территориальному уровню (Письмо УРЦЦС Ц-297 от 12.04.2011) ОЗП=1,41; ЭМ=1,242; ЗПМ=1,41; МАТ=1,052) | D77: 1000 м | E77: 0.211 | F77: 3901.19 | J77: 823
A78: 50 | B78: ФССЦ-501-8482 | C78: Кабель силовой с медными жилами с поливинилхлоридной изоляцией и оболочкой, не распространяющий горение, с низким дымо- и газовыделением марки ВВГнг-LS, с числом жил - 3 и сечением 1,5 мм2 (Приведение расценок ФЕР к территориальному уровню (Письмо УРЦЦС Ц-297 от 12.04.2011) ОЗП=1,41; ЭМ=1,242; ЗПМ=1,41; МАТ=1,052) | D78: 1000 м | E78: 0.461 | F78: 5083.39 | J78: 2343
A79: 51 | B79: ФССЦ-501-8491 | C79: Кабель силовой с медными жилами с поливинилхлоридной изоляцией и оболочкой, не распространяющий горение, с низким дымо- и газовыделением марки ВВГнг-LS, с числом жил - 4 и сечением 1,5 мм2 (Приведение расценок ФЕР к территориальному уровню (Письмо УРЦЦС Ц-297 от 12.04.2011) ОЗП=1,41; ЭМ=1,242; ЗПМ=1,41; МАТ=1,052) | D79: 1000 м | E79: 0.418 | F79: 6898.52 | J79: 2884
A80: 52 | B80: ФССЦ-501-8506 | C80: Кабель силовой с медными жилами с поливинилхлоридной изоляцией и оболочкой, не распространяющий горение, с низким дымо- и газовыделением марки ВВГнг-LS, с числом жил - 5 и сечением 1,5 мм2 (Приведение расценок ФЕР к территориальному уровню (Письмо УРЦЦС Ц-297 от 12.04.2011) ОЗП=1,41; ЭМ=1,242; ЗПМ=1,41; МАТ=1,052) | D80: 1000 м | E80: 0.848 | F80: 8363.94 | J80: 7093
A81: 53 | B81: ФССЦ-501-8483 | C81: Кабель силовой с медными жилами с поливинилхлоридной изоляцией и оболочкой, не распространяющий горение, с низким дымо- и газовыделением марки ВВГнг-LS, с числом жил - 3 и сечением 2,5 мм2 (Приведение расценок ФЕР к территориальному уровню (Письмо УРЦЦС Ц-297 от 12.04.2011) ОЗП=1,41; ЭМ=1,242; ЗПМ=1,41; МАТ=1,052) | D81: 1000 м | E81: 0.12 | F81: 7280.27 | J81: 874
A82: 54 | B82: ФССЦ-501-8507 | C82: Кабель силовой с медными жилами с поливинилхлоридной изоляцией и оболочкой, не распространяющий горение, с низким дымо- и газовыделением марки ВВГнг-LS, с числом жил - 5 и сечением 2,5 мм2 (Приведение расценок ФЕР к территориальному уровню (Письмо УРЦЦС Ц-297 от 12.04.2011) ОЗП=1,41; ЭМ=1,242; ЗПМ=1,41; МАТ=1,052) | D82: 1000 м | E82: 0.041 | F82: 12452.31 | J82: 511
A83: 55 | B83: ФССЦ-501-8508 | C83: Кабель силовой с медными жилами с поливинилхлоридной изоляцией и оболочкой, не распространяющий горение, с низким дымо- и газовыделением марки ВВГнг-LS, с числом жил - 5 и сечением 4 мм2 (Приведение расценок ФЕР к территориальному уровню (Письмо УРЦЦС Ц-297 от 12.04.2011) ОЗП=1,41; ЭМ=1,242; ЗПМ=1,41; МАТ=1,052) | D83: 1000 м | E83: 0.026 | F83: 18986.34 | J83: 494
A84: 56 | B84: ФССЦ-501-8509 | C84: Кабель силовой с медными жилами с поливинилхлоридной изоляцией и оболочкой, не распространяющий горение, с низким дымо- и газовыделением марки ВВГнг-LS, с числом жил - 5 и сечением 6 мм2 (Приведение расценок ФЕР к территориальному уровню (Письмо УРЦЦС Ц-297 от 12.04.2011) ОЗП=1,41; ЭМ=1,242; ЗПМ=1,41; МАТ=1,052) | D84: 1000 м | E84: 0.01 | F84: 26754.26 | J84: 268
A85: 57 | B85: ФССЦ-501-8510 | C85: Кабель силовой с медными жилами с поливинилхлоридной изоляцией и оболочкой, не распространяющий горение, с низким дымо- и газовыделением марки ВВГнг-LS, с числом жил - 5 и сечением 10 мм2 (Приведение расценок ФЕР к территориальному уровню (Письмо УРЦЦС Ц-297 от 12.04.2011) ОЗП=1,41; ЭМ=1,242; ЗПМ=1,41; МАТ=1,052) | D85: 1000 м | E85: 0.01 | F85: 47979.35 | J85: 480
A86: 58 | B86: ФССЦ-501-8512 | C86: Кабель силовой с медными жилами с поливинилхлоридной изоляцией и оболочкой, не распространяющий горение, с низким дымо- и газовыделением марки ВВГнг-LS, с числом жил - 5 и сечением 25 мм2 (Приведение расценок ФЕР к территориальному уровню (Письмо УРЦЦС Ц-297 от 12.04.2011) ОЗП=1,41; ЭМ=1,242; ЗПМ=1,41; МАТ=1,052) | D86: 1000 м | E86: 0.03 | F86: 115378.54 | J86: 3461
A87: 59 | B87: ФССЦ-501-8447 | C87: Кабель силовой с медными жилами с поливинилхлоридной изоляцией и оболочкой, не распространяющий горение марки ВВГнг, напряжением 0,66 кВ, с числом жил - 4 и сечением 1,5 мм2 (Приведение расценок ФЕР к территориальному уровню (Письмо УРЦЦС Ц-297 от 12.04.2011) ОЗП=1,41; ЭМ=1,242; ЗПМ=1,41; МАТ=1,052) | D87: 1000 м | E87: 0.03 | F87: 4214.26 | J87: 126
A88: 60 | B88: ФССЦ-501-1672 | C88: Кабели контрольные с медными жилами с поливинилхлоридной изоляцией, не распространяющие горение, с низким дымо- и газовыделением марки КВВГЭнг-LS, с числом жил - 4 и сечением 0,75 мм2 (Приведение расценок ФЕР к территориальному уровню (Письмо УРЦЦС Ц-297 от 12.04.2011) ОЗП=1,41; ЭМ=1,242; ЗПМ=1,41; МАТ=1,052) | D88: 1000 м | E88: 0.098 | F88: 22625.01 | J88: 2217
... A91: 63 | B91: ФССЦ-501-1736 | C91: Кабель для систем охранно-пожарной сигнализации с однопроволочными медными жилами, с изоляцией и оболочкой из ПВХ пластиката, не распространяющий горение, с низким дымо- и газовыделением марки KПCBЭВнг(A)-LS 2x2x1,0 (Приведение расценок ФЕР к территориальному уровню (Письмо УРЦЦС Ц-297 от 12.04.2011) ОЗП=1,41; ЭМ=1,242; ЗПМ=1,41; МАТ=1,052) | D91: 1000 м | E91: 0.07 | F91: 17282.55 | J91: 1210
A92: 64 | B92: ТЕРм08-02-399-02 | C92: Провод в коробах, сечением до 35 мм2 | D92: 100 м | E92: 0.76 | F92: 238.36 | G92: 62.28 | H92: 83.74 | I92: 34.9 | J92: 181 | K92: 47 | L92: 64 | M92: 27 | N92: 4.7 | O92: 3.57 | P92: 2.23 | Q92: 1.69
A93: 65 | B93: ФССЦ-502-0365прим | C93: Провода для осветительной арматуры на напряжение до 660 В термостойкие с медной жилой в изоляционно-защитной оболочке из кремнийорганической резины марки ПРКА, сечением 2,5 мм2 (Приведение расценок ФЕР к территориальному уровню (Письмо УРЦЦС Ц-297 от 12.04.2011) ОЗП=1,41; ЭМ=1,242; ЗПМ=1,41; МАТ=1,052) | D93: 1000 м | E93: 0.076 | F93: 7312.7 | J93: 556
A94: 66 | B94: ТЕРм08-03-574-01 | C94: Разводка по устройствам и подключение жил кабелей или проводов сечением до 10 мм2 | D94: 100 жил | E94: 2.13 | F94: 1652.15 | G94: 234.7 | H94: 2.92 | I94: 0.18 | J94: 3519 | K94: 500 | L94: 6 | N94: 16.8 | O94: 35.78 | P94: 0.01 | Q94: 0.02
A95: 67 | B95: ТЕРм08-03-574-03 | C95: Разводка по устройствам и подключение жил кабелей или проводов сечением до 35 мм2 | D95: 100 жил | E95: 0.05 | F95: 2187.87 | G95: 542.04 | H95: 29.15 | I95: 0.36 | J95: 109 | K95: 27 | L95: 1 | N95: 38.8 | O95: 1.94 | P95: 0.02
A96: Итого прямые затраты по разделу в ценах 2001г. | J96: 87093 | K96: 7156 | L96: 12837 | M96: 2537 | O96: 532.41 | Q96: 157.45
A97: Накладные расходы | J97: 9206
A98: Сметная прибыль | J98: 6300
A99: Итого по разделу 1 | J99: 102599 | O99: 532.41 | Q99: 157.45
A100: Раздел 2. Оборудование
A101: 68 | B101: прайс-лист | C101: ВРУ-1D-02-11-(160х160) Ц:272460/1,18/3,94х1.012х1.03 | D101: шт | E101: 1 | F101: 61086.08 | J101: 61086
A102: 69 | B102: прайс-лист | C102: ВРУ-1D-02-10-125 Ц:62865/1,18/3,94х1.012х1.03 | D102: шт | E102: 1 | F102: 14094.46 | J102: 14094
A103: Итого прямые затраты по разделу в ценах 2001г. | J103: 75180
A104: Итого по разделу 2 Оборудование | J104: 75180
A105: ИТОГИ ПО СМЕТЕ:
A106: Итого прямые затраты по смете в ценах 2001г. | J106: 162273 | K106: 7156 | L106: 12837 | M106: 2537 | O106: 532.41 | Q106: 157.45
A107: Накладные расходы | J107: 9206
A108: Сметная прибыль | J108: 6300
A109: Итоги по смете:
...

Sheet 12
A1: СОГЛАСОВАНО: | M1: УТВЕРЖДАЮ:
A4: _________________ | M4: _________________
A5: " _____ " ________________ 2013 г. | M5: "____" ______________2013 г.
H6: ФГУП "Комбинат "Электрохимприбор" г.Лесной, Свердловской области
H7: (наименование стройки)
H9: ЛОКАЛЬНЫЙ СМЕТНЫЙ РАСЧЕТ № 12
H10: (локальная смета)
C12: на | D12: Электроосвещение, Автоматическая мойка цеха 013
H13: (наименование работ и затрат, наименование объекта)
D15: Основание: 13-044-01-ЭО.С
D16: Сметная стоимость _______________________________________________________________________________________________ | J16: ___________________________71,749 | L16: тыс. руб.
D17: монтажных работ _______________________________________________________________________________________________ | J17: _______________________________________________________________________________________________56,432 | L17: тыс. руб.
D18: оборудования _______________________________________________________________________________________________ | J18: _______________________________________________________________________________________________15,317 | L18: тыс. руб.
D19: Средства на оплату труда _______________________________________________________________________________________________ | J19: ___________________________4,652 | L19: тыс. руб.
D20: Сметная трудоемкость _______________________________________________________________________________________________ | J20: _______________________________________________________________________________________________253,68 | L20: чел.час
D21: Составлен(а) в текущих (прогнозных) ценах по состоянию на ______________
A24: № пп | B24: Обосно- вание | C24: Наименование | D24: Ед. изм. | E24: Кол. | F24: Стоимость единицы, руб. | J24: Общая стоимость, руб. | N24: Т/з осн. раб.на ед. | O24: Т/з осн. раб. Всего | P24: Т/з мех. на ед. | Q24: Т/з мех. Всего
F25: Всего | G25: В том числе | J25: Всего | K25: В том числе
G26: Осн.З/п | H26: Эк.Маш | I26: З/пМех | K26: Осн.З/п | L26: Эк.Маш | M26: З/пМех
A27: 1 | B27: 2 | C27: 3 | D27: 4 | E27: 5 | F27: 6 | G27: 7 | H27: 8 | I27: 9 | J27: 10 | K27: 11 | L27: 12 | M27: 13 | N27: 14 | O27: 15 | P27: 16 | Q27: 17
A28: Раздел 1.
A29: 1 | B29: ТЕРм08-03-572-03 | C29: Блок управления шкафного исполнения или распределительный пункт (шкаф), устанавливаемый на стене, высота и ширина до 600х600 мм | D29: 1 шт. | E29: 2 | F29: 316.86 | G29: 32.41 | H29: 36.13 | I29: 1.82 | J29: 634 | K29: 65 | L29: 72 | M29: 4 | N29: 2.32 | O29: 4.64 | P29: 0.1 | Q29: 0.2
A30: 2 | B30: ТЕРм08-03-594-17 | C30: Светильник в подвесных потолках, устанавливаемый на закладных деталях, количество ламп в светильнике до 4 | D30: 100 шт. | E30: 0,13 (4+2+2+2+2+1)/100 | F30: 4831.46 | G30: 2291.08 | H30: 2395.55 | I30: 918.65 | J30: 628 | K30: 298 | L30: 311 | M30: 119 | N30: 164 | O30: 21.32 | P30: 58.55 | Q30: 7.61
A31: 37 | B31: ТЕРм08-03-594-07 | C31: Светильник отдельно устанавливаемый на подвесах (штангах) с количеством ламп в светильнике 2 | D31: 100 шт. | E31: 0.48 | F31: 8220.28 | G31: 2067.56 | H31: 2787.63 | I31: 960.77 | J31: 3946 | K31: 992 | L31: 1338 | M31: 461 | N31: 148 | O31: 71.04 | P31: 61.04 | Q31: 29.3
A32: 4 | B32: прайс-лист | C32: Светильник OWS\R418 4х18 Ц:4882 (Материалы (МАТ=МАТ/1,18/5,59*1,02*1,003-МАТ)) | D32: шт | E32: 7 | F32: 757.19 | J32: 5300
A33: 5 | B33: ФССЦ-509-2317 | C33: Светильники люминесцентные с зеркальной экранирующей решеткой встраиваемые типа ARS/R 418 (595) с ЭМПРА (Приведение расценок ФЕР к территориальному уровню (Письмо УРЦЦС Ц-297 от 12.04.2011) ОЗП=1,41; ЭМ=1,242; ЗПМ=1,41; МАТ=1,052) | D33: шт. | E33: 6 | F33: 286.46 | J33: 1719
A34: 6 | B34: прайс-лист | C34: Светильник ARCTIC SMC/SAN 236 2х36 Ц:1678 (Материалы (МАТ=МАТ/1,18/5,59*1,02*1,003-МАТ)) | D34: шт | E34: 47 | F34: 260.26 | J34: 12232
A35: 7 | B35: ТСЦ-509-1360прим | C35: Светильник STAR NBT11F218 2х18 | D35: шт. | E35: 1 | F35: 60.88 | J35: 61
A36: 8 | B36: ТЕРм08-03-596-03 | C36: Прожектор, отдельно устанавливаемый на стальной конструкции на крыше здания, с лампой мощностью 500 Вт | D36: 100 шт. | E36: 0.07 | F36: 25286.35 | G36: 5001.26 | H36: 5887.97 | I36: 2316.5 | J36: 1770 | K36: 350 | L36: 412 | M36: 162 | N36: 358 | O36: 25.06 | P36: 147.83 | Q36: 10.35
A37: 9 | B37: прайс-лист | C37: Прожектор с КЛЛ FFL/A 2х42 Ц:2144 (Материалы (МАТ=МАТ/1,18/5,59*1,02*1,003-МАТ)) | D37: шт | E37: 7 | F37: 332.53 | J37: 2328
A38: 10 | B38: ТЕРм08-03-593-10 | C38: Световые настенные указатели | D38: 100 шт. | E38: 0.05 | F38: 2523.44 | G38: 1371.85 | H38: 556.95 | I38: 20.38 | J38: 126 | K38: 69 | L38: 28 | M38: 1 | N38: 98.2 | O38: 4.91 | P38: 1.12 | Q38: 0.06
A39: 11 | B39: ФССЦ-509-4502 | C39: Оповещатель световой пожарный со встроенным источником резервного питания, марка "Блик-РП" (выход) (Приведение расценок ФЕР к территориальному уровню (Письмо УРЦЦС Ц-297 от 12.04.2011) ОЗП=1,41; ЭМ=1,242; ЗПМ=1,41; МАТ=1,052) | D39: шт. | E39: 5 | F39: 220.23 | J39: 1101
A40: 12 | B40: ФССЦ-509-1461прим | C40: Лампы люминесцентные ртутные низкого давления типа ЛБ 18 (Приведение расценок ФЕР к территориальному уровню (Письмо УРЦЦС Ц-297 от 12.04.2011) ОЗП=1,41; ЭМ=1,242; ЗПМ=1,41; МАТ=1,052) | D40: 10 шт. | E40: 5.8 | F40: 115.1 | J40: 668
A41: 13 | B41: ФССЦ-509-1463прим | C41: Лампы люминесцентные ртутные низкого давления типа ЛБ 40 (Приведение расценок ФЕР к территориальному уровню (Письмо УРЦЦС Ц-297 от 12.04.2011) ОЗП=1,41; ЭМ=1,242; ЗПМ=1,41; МАТ=1,052) | D41: 10 шт. | E41: 9 | F41: 123.36 | J41: 1110
A42: 14 | B42: ТЕРм08-02-148-01 | C42: Кабель до 35 кВ в проложенных трубах, блоках и коробах, масса 1 м кабеля до 1 кг | D42: 100 м кабеля | E42: 4.45 | F42: 798.84 | G42: 168.02 | H42: 544.81 | I42: 57.87 | J42: 3555 | K42: 748 | L42: 2424 | M42: 258 | N42: 12.4 | O42: 55.18 | P42: 3.39 | Q42: 15.09
A43: 15 | B43: ФССЦ-501-8442 | C43: Кабель силовой с медными жилами с поливинилхлоридной изоляцией и оболочкой, не распространяющий горение марки ВВГнг, напряжением 0,66 кВ, с числом жил - 3 и сечением 1,5 мм2 (Приведение расценок ФЕР к территориальному уровню (Письмо УРЦЦС Ц-297 от 12.04.2011) ОЗП=1,41; ЭМ=1,242; ЗПМ=1,41; МАТ=1,052) | D43: 1000 м | E43: 0.37 | F43: 3194.61 | J43: 1182
A44: 16 | B44: ФССЦ-501-8443 | C44: Кабель силовой с медными жилами с поливинилхлоридной изоляцией и оболочкой, не распространяющий горение марки ВВГнг, напряжением 0,66 кВ, с числом жил - 3 и сечением 2,5 мм2 (Приведение расценок ФЕР к территориальному уровню (Письмо УРЦЦС Ц-297 от 12.04.2011) ОЗП=1,41; ЭМ=1,242; ЗПМ=1,41; МАТ=1,052) | D44: 1000 м | E44: 0.075 | F44: 5064.35 | J44: 380
A45: 17 | B45: ТЕРм08-03-591-01 | C45: Выключатель одноклавишный неутопленного типа при открытой проводке | D45: 100 шт. | E45: 0.13 | F45: 758.17 | G45: 551.82 | H45: 27.07 | I45: 0.55 | J45: 99 | K45: 72 | L45: 4 | N45: 39.5 | O45: 5.14 | P45: 0.03
A46: 18 | B46: ФССЦ-509-4590прим | C46: Выключатель одноклавишный брызгозащищенный для открытой проводки, марка А1-10-141 (Приведение расценок ФЕР к территориальному уровню (Письмо УРЦЦС Ц-297 от 12.04.2011) ОЗП=1,41; ЭМ=1,242; ЗПМ=1,41; МАТ=1,052) | D46: шт. | E46: 13 | F46: 4.27 | J46: 56
A47: 19 | B47: ТЕРм08-03-591-03 | C47: Выключатель полугерметический и герметический | D47: 100 шт. | E47: 0.16 | F47: 1658.29 | G47: 1061.72 | H47: 70.85 | I47: 1.82 | J47: 265 | K47: 170 | L47: 11 | N47: 76 | O47: 12.16 | P47: 0.1 | Q47: 0.02
A48: 20 | B48: ФССЦ-509-4595прим | C48: Выключатель двухклавишный для открытой проводки серии "Прима", марка А56-029-с, цвет бежевый (Приведение расценок ФЕР к территориальному уровню (Письмо УРЦЦС Ц-297 от 12.04.2011) ОЗП=1,41; ЭМ=1,242; ЗПМ=1,41; МАТ=1,052) | D48: шт. | E48: 16 | F48: 6.04 | J48: 97
A49: 21 | B49: ТЕРм08-03-591-10 | C49: Розетка штепсельная полугерметическая и герметическая | D49: 100 шт. | E49: 0.07 | F49: 1651.95 | G49: 1063.12 | H49: 76.69 | I49: 2.18 | J49: 116 | K49: 74 | L49: 5 | N49: 76.1 | O49: 5.33 | P49: 0.12 | Q49: 0.01
A50: 22 | B50: ТСЦ-503-0470 | C50: Розетка открытой проводки двухгнездная с заземлением | D50: шт. | E50: 7 | F50: 28.35 | J50: 198
A51: 23 | B51: ТЕРм08-03-603-01 | C51: Ящик с понижающим трансформатором | D51: 1 шт. | E51: 2 | F51: 30.68 | G51: 19.98 | H51: 6.59 | I51: 0.36 | J51: 61 | K51: 40 | L51: 13 | M51: 1 | N51: 1.43 | O51: 2.86 | P51: 0.02 | Q51: 0.04
A52: 24 | B52: ТСЦ-504-0290 | C52: Ящики с понижающим трансформатором автомат. выключателем, 36в ЯТП-0,25-2 | D52: шт. | E52: 2 | F52: 487 | J52: 974
A53: 25 | B53: ТЕРм08-02-397-01 | C53: Миниканал дл=2м /20 шт/ | D53: 100 м | E53: 0.4 | F53: 1392.25 | G53: 141.78 | H53: 242.87 | I53: 57.25 | J53: 557 | K53: 57 | L53: 97 | M53: 23 | N53: 10.7 | O53: 4.28 | P53: 3.61 | Q53: 1.44
A54: 26 | B54: ФССЦ-509-5653 | C54: Мини-канал " 22x10 дл=2м (Приведение расценок ФЕР к территориальному уровню (Письмо УРЦЦС Ц-297 от 12.04.2011) ОЗП=1,41; ЭМ=1,242; ЗПМ=1,41; МАТ=1,052) | D54: м | E54: 40 | F54: 7.68 | J54: 307
A55: 27 | B55: ТЕРм10-08-019-01 | C55: Коробка ответвительная на стене | D55: 1 шт. | E55: 40 | F55: 7.32 | G55: 6.88 | J55: 293 | K55: 275 | N55: 0.5 | O55: 20
A56: 28 | B56: ФССЦ-503-0659 | C56: Коробка разветвительная для открытой проводки КР 2606 "HEGEL" размером 150x110x70 мм (Приведение расценок ФЕР к территориальному уровню (Письмо УРЦЦС Ц-297 от 12.04.2011) ОЗП=1,41; ЭМ=1,242; ЗПМ=1,41; МАТ=1,052) | D56: шт. | E56: 40 | F56: 29.07 | J56: 1163
A57: 29 | B57: ТЕРм08-02-409-01 | C57: Труба винипластовая по установленным конструкциям, по стенам и колоннам с креплением скобами, диаметр до 25 мм | D57: 100 м | E57: 0.2 | F57: 2435.2 | G57: 315.35 | H57: 611.58 | I57: 248.83 | J57: 487 | K57: 63 | L57: 122 | M57: 50 | N57: 23.8 | O57: 4.76 | P57: 15.91 | Q57: 3.18
A58: 30 | B58: ФССЦ-101-6602 | C58: Шланг электромонтажный ШЭМ 22У2 (Приведение расценок ФЕР к территориальному уровню (Письмо УРЦЦС Ц-297 от 12.04.2011) ОЗП=1,41; ЭМ=1,242; ЗПМ=1,41; МАТ=1,052) | D58: м | E58: 20 | F58: 6.55 | J58: 131
A59: 31 | B59: ТЕРм08-02-396-02 | C59: Короб металлический на конструкциях, кронштейнах, по фермам и колоннам, длина 3 м | D59: 100 м | E59: 0.4 | F59: 1882.24 | G59: 420.03 | H59: 824.1 | I59: 180.73 | J59: 753 | K59: 168 | L59: 330 | M59: 72 | N59: 31.7 | O59: 12.68 | P59: 11.31 | Q59: 4.52
A60: 32 | B60: ФССЦ-509-5554 | C60: Короб с крышкой "BAKS", ширина 200 мм, длина 3000 мм (Приведение расценок ФЕР к территориальному уровню (Письмо УРЦЦС Ц-297 от 12.04.2011) ОЗП=1,41; ЭМ=1,242; ЗПМ=1,41; МАТ=1,052) | D60: шт. | E60: 40 | F60: 156.03 | J60: 6241
A61: 33 | B61: ТЕРм08-02-152-13 | C61: Конструкция из профильной стали для крепления закладных подвесок, масса до 1 кг | D61: 100 шт. | E61: 0.24 | F61: 1385.95 | G61: 243.9 | H61: 128.88 | I61: 4 | J61: 333 | K61: 59 | L61: 31 | M61: 1 | N61: 18 | O61: 4.32 | P61: 0.22 | Q61: 0.05
A62: 34 | B62: ФССЦ-509-3410прим | C62: Консоль (Приведение расценок ФЕР к территориальному уровню (Письмо УРЦЦС Ц-297 от 12.04.2011) ОЗП=1,41; ЭМ=1,242; ЗПМ=1,41; МАТ=1,052) | D62: шт. | E62: 24 | F62: 7.19 | J62: 173
A63: Итого прямые затраты по разделу в ценах 2001г. | J63: 49044 | K63: 3500 | L63: 5198 | M63: 1152 | O63: 253.68 | Q63: 71.87
A64: Накладные расходы | J64: 4378
A65: Сметная прибыль | J65: 3010
A66: Итого по разделу 1 | J66: 56432 | O66: 253.68 | Q66: 71.87
A67: Раздел 2. Оборудование
A68: 35 | B68: прайс-лист | C68: Распределительный шкаф аварийного освещения ЩОА Ц:34337/1.18/3,94х1.012х1.03 | D68: шт | E68: 1 | F68: 7698.42 | J68: 7698
A69: 36 | B69: прайс-лист | C69: Распределительный шкаф рабочего освещения ЩО Ц:33981/1.18/3,94х1.012х1.03 | D69: шт | E69: 1 | F69: 7618.61 | J69: 7619
A70: Итого прямые затраты по разделу в ценах 2001г. | J70: 15317
A71: Итого по разделу 2 Оборудование | J71: 15317
A72: ИТОГИ ПО СМЕТЕ:
A73: Итого прямые затраты по смете в ценах 2001г. | J73: 64361 | K73: 3500 | L73: 5198 | M73: 1152 | O73: 253.68 | Q73: 71.87
A74: Накладные расходы | J74: 4378
A75: Сметная прибыль | J75: 3010
A76: Итоги по смете:
A77: Итого Монтажные работы | J77: 56432 | O77: 253.68 | Q77: 71.87
A78: Итого Оборудование | J78: 15317
A79: Итого | J79: 71749 | O79: 253.68 | Q79: 71.87
A80: В том числе:
A81: Материалы | J81: 40346
A82: Машины и механизмы | J82: 5198
A83: ФОТ | J83: 4652
A84: Оборудование | J84: 15317
A85: Накладные расходы | J85: 4378
A86: Сметная прибыль | J86: 3010
A87: ВСЕГО по смете | J87: 71749 | O87: 253.68 | Q87: 71.87
A91: Составил: ___________________________Пронина Г.С.
A92: (должность, подпись, расшифровка)
A94: Проверил: ___________________________Стрижов Ю.А.
A95: (должность, подпись, расшифровка)
A98: В том числе:
A99: Материалы | G99: 9290
A100: Машины и механизмы | G100: 1214
A101: ФОТ | G101: 1989
A102: Накладные расходы | G102: 1914
A103: Сметная прибыль | G103: 1278
A104: ВСЕГО по смете | G104: 15479 | K104: 134.45
A108: Составил инженер: ___________________________К.Н. Денисова
A109: (должность, подпись, расшифровка)
A111: Проверил нач.группы: ___________________________Т.В. Гетманова
A112: (должность, подпись, расшифровка)

Sheet 13
A1: СОГЛАСОВАНО: | M1: УТВЕРЖДАЮ:
A4: _________________ | M4: _________________
A5: " _____ " ________________ 2013 г. | M5: "____" ______________2013 г.
H6: ФГУП "Комбинат "Электрохимприбор" г.Лесной, Свердловской области
H7: (наименование стройки)
H9: ЛОКАЛЬНЫЙ СМЕТНЫЙ РАСЧЕТ № 13
H10: (локальная смета)
C12: на | D12: Автоматизация, Автоматическая мойка цеха 013
H13: (наименование работ и затрат, наименование объекта)
D15: Основание: 13-044-АТС.С
D16: Сметная стоимость _______________________________________________________________________________________________ | J16: ___________________________27,848 | L16: тыс. руб.
D17: монтажных работ _______________________________________________________________________________________________ | J17: _______________________________________________________________________________________________8,751 | L17: тыс. руб.
D18: оборудования _______________________________________________________________________________________________ | J18: _______________________________________________________________________________________________19,097 | L18: тыс. руб.
D19: Средства на оплату труда _______________________________________________________________________________________________ | J19: ___________________________1,349 | L19: тыс. руб.
D20: Сметная трудоемкость _______________________________________________________________________________________________ | J20: _______________________________________________________________________________________________77,51 | L20: чел.час
D21: Составлен(а) в текущих (прогнозных) ценах по состоянию на ______________
A24: № пп | B24: Обосно- вание | C24: Наименование | D24: Ед. изм. | E24: Кол. | F24: Стоимость единицы, руб. | J24: Общая стоимость, руб. | N24: Т/з осн. раб.на ед. | O24: Т/з осн. раб. Всего | P24: Т/з мех. на ед. | Q24: Т/з мех. Всего
F25: Всего | G25: В том числе | J25: Всего | K25: В том числе
G26: Осн.З/п | H26: Эк.Маш | I26: З/пМех | K26: Осн.З/п | L26: Эк.Маш | M26: З/пМех
A27: 1 | B27: 2 | C27: 3 | D27: 4 | E27: 5 | F27: 6 | G27: 7 | H27: 8 | I27: 9 | J27: 10 | K27: 11 | L27: 12 | M27: 13 | N27: 14 | O27: 15 | P27: 16 | Q27: 17
A28: Раздел 1.
A29: 1 | B29: ТЕРм11-02-001-01 | C29: Прибор, устанавливаемый на резьбовых соединениях, масса до 1,5 кг Термопребразователь сопративления \комплект из 2х шт\ | D29: 1 шт. | E29: 2 | F29: 15.88 | G29: 14.39 | J29: 32 | K29: 29 | N29: 1.03 | O29: 2.06
A30: 2 | B30: ТЕРм12-10-001-01 | C30: Бобышки, штуцеры на условное давление до 10 МПа | D30: 100 шт. | E30: 0.02 | F30: 3444.75 | G30: 886.17 | H30: 492.2 | J30: 69 | K30: 18 | L30: 10 | N30: 65.4 | O30: 1.31
A31: 3 | B31: ТЕРм11-02-001-01 | C31: Прибор, устанавливаемый на резьбовых соединениях, масса до 1,5 кг Пребразователь давления | D31: 1 шт. | E31: 2 | F31: 15.88 | G31: 14.39 | J31: 32 | K31: 29 | N31: 1.03 | O31: 2.06
A32: 4 | B32: ТЕРм12-10-002-02 | C32: Устройство отборное прямое | D32: 1000 шт. | E32: 0.002 | F32: 19756.97 | G32: 15176 | H32: 3865.21 | J32: 40 | K32: 30 | L32: 8 | N32: 1120 | O32: 2.24
A33: 5 | B33: ТЕРм11-02-022-04 | C33: Ротаметр, счетчик, преобразователь, устанавливаемые на фланцевых соединениях, диаметр условного прохода до 50 мм | D33: 1 шт. | E33: 2 | F33: 60.7 | G33: 38.07 | H33: 12.01 | J33: 121 | K33: 76 | L33: 24 | N33: 3.09 | O33: 6.18
A34: 7 | B34: ТЕРм11-06-001-01 | C34: Щиты и пульты, масса до 50 кг Тепловычислитель | D34: 1 шт. | E34: 1 | F34: 159.05 | G34: 64.27 | H34: 13.7 | I34: 0.73 | J34: 159 | K34: 64 | L34: 14 | M34: 1 | N34: 5.15 | O34: 5.15 | P34: 0.04 | Q34: 0.04
A35: 8 | B35: ТЕРм11-02-001-01 | C35: Прибор, устанавливаемый на резьбовых соединениях, масса до 1,5 кг Датчик температуры погружной | D35: 1 шт. | E35: 2 | F35: 15.88 | G35: 14.39 | J35: 32 | K35: 29 | N35: 1.03 | O35: 2.06
A36: 9 | B36: ТЕРм12-10-001-01 | C36: Бобышки, штуцеры на условное давление до 10 МПа | D36: 100 шт. | E36: 0.02 | F36: 3444.75 | G36: 886.17 | H36: 492.2 | J36: 69 | K36: 18 | L36: 10 | N36: 65.4 | O36: 1.31
A37: 10 | B37: ТЕРм11-03-001-01 | C37: Приборы, устанавливаемые на металлоконструкциях, щитах и пультах, масса до 5 кг Регулятор температуры | D37: 1 шт. | E37: 1 | F37: 8.41 | G37: 7.26 | J37: 8 | K37: 7 | N37: 0.52 | O37: 0.52
A38: 11 | B38: ТЕРм11-01-001-01 | C38: Конструкции для установки приборов, масса до 1 кг | D38: 1 шт. | E38: 1 | F38: 34.2 | G38: 6.41 | H38: 7.18 | I38: 0.81 | J38: 34 | K38: 6 | L38: 7 | M38: 1 | N38: 0.52 | O38: 0.52 | P38: 0.06 | Q38: 0.06
A39: 12 | B39: ТЕРм11-03-001-01 | C39: Приборы, устанавливаемые на металлоконструкциях, щитах и пультах, масса до 5 кг Датчик температуры наружного воздуха | D39: 1 шт. | E39: 1 | F39: 8.41 | G39: 7.26 | J39: 8 | K39: 7 | N39: 0.52 | O39: 0.52
A40: 13 | B40: ТЕРм11-02-001-01 | C40: Прибор, устанавливаемый на резьбовых соединениях, масса до 1,5 кг Прессостат | D40: 1 шт. | E40: 1 | F40: 15.88 | G40: 14.39 | J40: 16 | K40: 14 | N40: 1.03 | O40: 1.03
A41: 14 | B41: ТЕРм12-10-002-02 | C41: Устройство отборное прямое | D41: 1000 шт. | E41: 0.001 | F41: 19756.97 | G41: 15176 | H41: 3865.21 | J41: 20 | K41: 15 | L41: 4 | N41: 1120 | O41: 1.12
A42: Итого прямые затраты по разделу в ценах 2001г. | J42: 640 | K42: 342 | L42: 77 | M42: 2 | O42: 26.08 | Q42: 0.1
A43: Накладные расходы | J43: 275
A44: Сметная прибыль | J44: 206
A45: Итого по разделу 1 | J45: 1121 | O45: 26.08 | Q45: 0.1
A46: Раздел 2. Оборудование
A47: 15 | B47: прайс-лист | C47: Термопребразователь сопративления КТПС Метран 206-02-60-В Ц:1150/1,18/3,94х1.012х1.03 | D47: компл | E47: 1 | F47: 257.83 | J47: 258
A48: 16 | B48: прайс-лист | C48: Пребразователь давления СДВ-И-1,0МПа Ц:2780/1,18/3,94х1.012х1.03 | D48: шт | E48: 1 | F48: 623.28 | J48: 623
A49: 17 | B49: прайс-лист | C49: Пребразователь давления СДВ-И-0,6МПа Ц:2780/1,18/3,94х1.012х1.03 | D49: шт | E49: 1 | F49: 623.28 | J49: 623
A50: 18 | B50: прайс-лист | C50: Устройство отборное прямое 16-200П-НТМ Ц:531/1,18/3,94х1.012х1.03 | D50: шт | E50: 2 | F50: 119.05 | J50: 238
A51: 19 | B51: прайс-лист | C51: Раходомер-счетчик ЭРСВ Д 40мм с источником вторичного питания Ц:14270/1,18/3,94х1.012х1.03 | D51: шт | E51: 2 | F51: 3199.32 | J51: 6399
A52: 20 | B52: прайс-лист | C52: Тепловычислитель СПТ961.1 Ц:21600/1,18/3,94х1.012х1.03 | D52: шт | E52: 1 | F52: 4842.76 | J52: 4843
A53: 21 | B53: прайс-лист | C53: Датчик температуры погружной ESMU Ц:2000/1,18/3,94х1.012х1.03 | D53: шт | E53: 2 | F53: 448.4 | J53: 897
A54: 22 | B54: прайс-лист | C54: Регулятор температуры ЕСL Comfort 110 Ц:17862/1,18/3,94х1.012х1.03 | D54: шт | E54: 1 | F54: 4004.7 | J54: 4005
A55: 23 | B55: прайс-лист | C55: Датчик температуры наружного воздуха ESMT Ц:2545/1,18/3,94х1.012х1.03 | D55: шт | E55: 1 | F55: 570.59 | J55: 571
A56: 24 | B56: прайс-лист | C56: Прессостат КР1 35 Ц:2325/1,18/3,94х1.012х1.03 | D56: шт | E56: 1 | F56: 521.27 | J56: 521
A57: 25 | B57: прайс-лист | C57: Устройство отборное прямое 16-200П-НТМ Ц:531/1,18/3,94х1.012х1.03 | D57: шт | E57: 1 | F57: 119.05 | J57: 119
A58: Итого прямые затраты по разделу в ценах 2001г. | J58: 19097
A59: Итого по разделу 2 Оборудование | J59: 19097
A60: Раздел 3.
A61: 27 | B61: ТЕРм08-02-400-01 | C61: Провод по перфорированным профилям, сечением до 6 мм2 | D61: 100 м | E61: 0,04 4 / 100 | F61: 227 | G61: 62.28 | H61: 77.9 | I61: 34.54 | J61: 9 | K61: 2 | L61: 3 | M61: 1 | N61: 4.7 | O61: 0.19 | P61: 2.21 | Q61: 0.09
A62: 28 | B62: ТЕРм08-02-412-01 | C62: Затягивание провода в проложенные трубы и металлические рукава первого одножильного или многожильного в общей оплетке, суммарное сечение до 2,5 мм2 | D62: 100 м | E62: 0,755 75,5 / 100 | F62: 658.05 | G62: 74.33 | H62: 2.92 | I62: 0.18 | J62: 497 | K62: 56 | L62: 2 | N62: 5.61 | O62: 4.24 | P62: 0.01 | Q62: 0.01
A63: 29 | B63: ТЕРм08-02-402-01 | C63: Кабель двух-четырехжильный по установленным конструкциям и лоткам с установкой ответвительных коробок в помещениях с нормальной средой сечением жилы до 10 мм2 | D63: 100 м | E63: 1,155 115,5 / 100 | F63: 1131.61 | G63: 202.73 | H63: 704.04 | I63: 87.33 | J63: 1307 | K63: 234 | L63: 813 | M63: 101 | N63: 15.3 | O63: 17.67 | P63: 5.28 | Q63: 6.1
A64: 30 | B64: прайс | C64: Кабель МКШ 2х0,5 цена=8,38 | D64: м | E64: 140 | F64: 1,3 8,38/1,18/5,59*1,02*1,003 | J64: 182
A65: 31 | B65: прайс | C65: Кабель МКШ 5х0,5 цена=17,72 | D65: м | E65: 9 | F65: 2,75 17,72/1,18/5,59*1,02*1,003 | J65: 25
A66: 32 | B66: прайс | C66: Кабель МКЭШ 2х0,5 цена=14,9 | D66: м | E66: 36 | F66: 2,31 14,9/1,18/5,59*1,02*1,003 | J66: 83
A67: 33 | B67: ФССЦ-502-0514 | C67: Провода силовые для электрических установок на напряжение до 450 В с медной жилой марки ПВ3, сечением 1,5 мм2 (Приведение расценок ФЕР к территориальному уровню (Письмо УРЦЦС Ц-297 от 12.04.2011) ОЗП=1,41; ЭМ=1,242; ЗПМ=1,41; МАТ=1,052) | D67: 1000 м | E67: 0.006 | F67: 1522.13 | J67: 9
A68: 34 | B68: ФССЦ-502-0499 | C68: Провода силовые для электрических установок на напряжение до 450 В с медной жилой марки ПВ1, сечением 4 мм2 (Приведение расценок ФЕР к территориальному уровню (Письмо УРЦЦС Ц-297 от 12.04.2011) ОЗП=1,41; ЭМ=1,242; ЗПМ=1,41; МАТ=1,052) | D68: 1000 м | E68: 0.004 | F68: 3388.19 | J68: 14
A69: 35 | B69: ФССЦ-501-1740 | C69: Кабели контрольные с медными жилами с поливинилхлоридной изоляцией и оболочкой, не распространяющие горение, с низким дымо- и газовыделением (ГОСТ Р 53769-2010), марки КВВГнг(А)-LS, с числом жил - 4 и сечением 1 мм2 (Приведение расценок ФЕР к территориальному уровню (Письмо УРЦЦС Ц-297 от 12.04.2011) ОЗП=1,41; ЭМ=1,242; ЗПМ=1,41; МАТ=1,052) | D69: 1000 м | E69: 0.036 | F69: 11784.75 | J69: 424
A70: 36 | B70: ТЕРм11-08-001-01 | C70: Присоединение к приборам электрических проводок под винт с оконцеванием наконечником | D70: 100 концов | E70: 0.56 | F70: 223.41 | G70: 160.12 | J70: 125 | K70: 90 | N70: 11.3 | O70: 6.33
A71: 37 | B71: ТЕРм08-02-396-05 | C71: Короб металлический по стенам и потолкам, длина 2 м | D71: 100 м | E71: 0.12 | F71: 1840.21 | G71: 498.2 | H71: 788.16 | I71: 202.95 | J71: 221 | K71: 60 | L71: 95 | M71: 24 | N71: 37.6 | O71: 4.51 | P71: 12.78 | Q71: 1.53
A72: 38 | B72: ТЕРм08-02-397-01 | C72: Профиль перфорированный монтажный длиной 2 м | D72: 100 м | E72: 0.04 | F72: 1392.25 | G72: 141.78 | H72: 242.87 | I72: 57.25 | J72: 56 | K72: 6 | L72: 10 | M72: 2 | N72: 10.7 | O72: 0.43 | P72: 3.61 | Q72: 0.14
A73: 39 | B73: ТЕРм08-02-407-02 | C73: Труба стальная по установленным конструкциям, по стенам с креплением скобами, диаметр до 40 мм | D73: 100 м | E73: 0.005 | F73: 3009.12 | G73: 549.88 | H73: 1234.04 | I73: 433.04 | J73: 15 | K73: 3 | L73: 6 | M73: 2 | N73: 41.5 | O73: 0.21 | P73: 27.6 | Q73: 0.14
A74: 40 | B74: ТЕРм08-02-409-01 | C74: Труба винипластовая по установленным конструкциям, по стенам и колоннам с креплением скобами, диаметр до 25 мм | D74: 100 м | E74: 0.75 | F74: 2435.2 | G74: 315.35 | H74: 611.58 | I74: 248.83 | J74: 1826 | K74: 237 | L74: 459 | M74: 187 | N74: 23.8 | O74: 17.85 | P74: 15.91 | Q74: 11.93
A75: 41 | B75: ФССЦ-509-1836 | C75: Кабель-канал (короб) "Электропласт" 60x40 мм | D75: м | E75: 12 | F75: 6.8 | J75: 82
A76: 42 | B76: ФССЦ-509-3548 | C76: Угол внутренний изменяемый для короба 60x40 мм | D76: шт. | E76: 2 | F76: 7.34 | J76: 15
A77: 43 | B77: ФССЦ-509-3560 | C77: Угол внешний изменяемый для короба 60x40 мм | D77: шт. | E77: 2 | F77: 13.05 | J77: 26
A78: 44 | B78: ФССЦ-509-3602 | C78: Соединение на стык для короба | D78: шт. | E78: 10 | F78: 2.91 | J78: 29
A79: 45 | B79: ФССЦ-509-3593 | C79: Заглушка для короба 60x40 мм | D79: шт. | E79: 1 | F79: 7.33 | J79: 7
A80: 46 | B80: ФССЦ-509-3584 | C80: Тройник для короба 60x40 мм | D80: шт. | E80: 3 | F80: 13.78 | J80: 41
A81: 47 | B81: ФССЦ-509-3542 | C81: Перегородка для короба высотой 40 мм | D81: м | E81: 12 | F81: 8.61 | J81: 103
A82: 48 | B82: ФССЦ-509-2912 | C82: Держатель кабелей | D82: шт. | E82: 11 | F82: 6 | J82: 66
A83: 49 | B83: ФССЦ-509-0106 | C83: Скобы СО-19 | D83: 10 шт. | E83: 3 | F83: 4.5 | J83: 14
A84: 50 | B84: ФССЦ-509-5771прим | C84: Профиль зетовый оцинкованный ПZ 25х25 длиной 2000 мм | D84: шт. | E84: 1 | F84: 59.78 | J84: 60
A85: 51 | B85: ТСЦ-301-1380 | C85: Трубки защитные гофрированные | D85: м | E85: 75 | F85: 10.01 | J85: 751
A86: 52 | B86: ФССЦ-509-3633 | C86: Швеллер оцинкованный, сечение 25x25 мм длиной 2000 мм | D86: шт. | E86: 1 | F86: 36.68 | J86: 37
A87: 53 | B87: ТСЦ-103-0005 | C87: Трубы стальные сварные водогазопроводные с резьбой черные легкие (неоцинкованные) диаметр условного прохода 40 мм, толщина стенки 3 мм | D87: м | E87: 0.5 | F87: 32.13 | J87: 16
A88: Итого прямые затраты по разделу в ценах 2001г. | J88: 6040 | K88: 688 | L88: 1388 | M88: 317 | O88: 51.43 | Q88: 19.94
A89: Накладные расходы | J89: 941
A90: Сметная прибыль | J90: 649
A91: Итого по разделу 3 | J91: 7630 | O91: 51.43 | Q91: 19.94
A92: ИТОГИ ПО СМЕТЕ:
A93: Итого прямые затраты по смете в ценах 2001г. | J93: 25777 | K93: 1030 | L93: 1465 | M93: 319 | O93: 77.51 | Q93: 20.04
A94: Накладные расходы | J94: 1216
A95: Сметная прибыль | J95: 855
A96: Итоги по смете:
A97: Итого Монтажные работы | J97: 8751 | O97: 77.51 | Q97: 20.04
A98: Итого Оборудование | J98: 19097
A99: Итого | J99: 27848 | O99: 77.51 | Q99: 20.04
A100: В том числе:
A101: Материалы | J101: 4185
A102: Машины и механизмы | J102: 1465
A103: ФОТ | J103: 1349
A104: Оборудование | J104: 19097
A105: Накладные расходы | J105: 1216
A106: Сметная прибыль | J106: 855
A107: ВСЕГО по смете | J107: 27848 | O107: 77.51 | Q107: 20.04
...

Sheet 14
A1: СОГЛАСОВАНО: | M1: УТВЕРЖДАЮ:
A4: _________________ | M4: _________________
A5: " _____ " ________________ 2013 г. | M5: "____" ______________2013 г.
H6: ФГУП "Комбинат "Электрохимприбор" г.Лесной, Свердловской области
H7: (наименование стройки)
H9: ЛОКАЛЬНЫЙ СМЕТНЫЙ РАСЧЕТ № 14
H10: (локальная смета)
C12: на | D12: Пожарная сигнализация и оповещение, Автоматическая мойка цеха 013
H13: (наименование работ и затрат, наименование объекта)
D15: Основание: 13-044-01-СС.С
D16: Сметная стоимость _______________________________________________________________________________________________ | J16: ___________________________20,149 | L16: тыс. руб.
D17: строительных работ _______________________________________________________________________________________________ | J17: _______________________________________________________________________________________________0,019 | L17: тыс. руб.
D18: монтажных работ _______________________________________________________________________________________________ | J18: _______________________________________________________________________________________________17,502 | L18: тыс. руб.
D19: оборудования _______________________________________________________________________________________________ | J19: _______________________________________________________________________________________________2,628 | L19: тыс. руб.
D20: Средства на оплату труда _______________________________________________________________________________________________ | J20: ___________________________4,076 | L20: тыс. руб.
D21: Сметная трудоемкость _______________________________________________________________________________________________ | J21: _______________________________________________________________________________________________243,01 | L21: чел.час
D22: Составлен(а) в текущих (прогнозных) ценах по состоянию на ______________
A25: № пп | B25: Обосно- вание | C25: Наименование | D25: Ед. изм. | E25: Кол. | F25: Стоимость единицы, руб. | J25: Общая стоимость, руб. | N25: Т/з осн. раб.на ед. | O25: Т/з осн. раб. Всего | P25: Т/з мех. на ед. | Q25: Т/з мех. Всего
F26: Всего | G26: В том числе | J26: Всего | K26: В том числе
G27: Осн.З/п | H27: Эк.Маш | I27: З/пМех | K27: Осн.З/п | L27: Эк.Маш | M27: З/пМех
A28: 1 | B28: 2 | C28: 3 | D28: 4 | E28: 5 | F28: 6 | G28: 7 | H28: 8 | I28: 9 | J28: 10 | K28: 11 | L28: 12 | M28: 13 | N28: 14 | O28: 15 | P28: 16 | Q28: 17
A29: Раздел 1. Пожарная сигнализация и оповещение
A30: 1 | B30: ТЕРм10-08-001-01 | C30: Приборы ПС приемно-контрольные, пусковые, концентратор блок базовый на 10 лучей | D30: 1 шт. | E30: 1 | F30: 117.52 | G30: 102.02 | H30: 0.46 | J30: 118 | K30: 102 | N30: 7.2 | O30: 7.2
A31: 2 | B31: ТЕРм10-08-003-06 | C31: Устройство оптико-(фото)электрическое, блок питания и контроля | D31: 1 шт. | E31: 1 | F31: 97.17 | G31: 84.04 | H31: 0.49 | J31: 97 | K31: 84 | N31: 5.76 | O31: 5.76
A32: 25 | B32: ТЕРм10-08-001-12 | C32: Устройства промежуточные на количество лучей 5 | D32: 1 шт. | E32: 2 1+1 | F32: 126.21 | G32: 116.72 | H32: 0.37 | J32: 252 | K32: 233 | L32: 1 | N32: 8 | O32: 16
A33: 3 | B33: ТЕРм10-08-003-05 | C33: Устройство оптико-(фото)электрическое, прибор оптико-электрический в одноблочном исполнении | D33: 1 шт. | E33: 12 | F33: 86.32 | G33: 78.05 | H33: 0.37 | J33: 1036 | K33: 937 | L33: 4 | N33: 5.76 | O33: 69.12
A34: 5 | B34: ТЕРм10-08-002-06 | C34: Конструкция для установки извещателя | D34: 1 шт. | E34: 12 | F34: 8.84 | G34: 4.74 | H34: 1.08 | J34: 106 | K34: 57 | L34: 13 | N34: 0.35 | O34: 4.2
A35: 26 | B35: прайс | C35: Монтаж.ус-во к ИП 212-45 (исп.УМ-5) пластик_x000D_ Комплект монтажный для установки извещателей в подвесной потолок цена=26 руб | D35: шт | E35: 12 | F35: 4,03 26/1,18/5,59*1,02*1,003 | J35: 48
A36: 4 | B36: ТЕРм10-08-002-02 | C36: Извещатель ПС автоматический дымовой, фотоэлектрический, радиоизотопный, световой в нормальном исполнении | D36: 1 шт. | E36: 1 | F36: 28.38 | G36: 22.76 | H36: 0.46 | J36: 28 | K36: 23 | N36: 1.68 | O36: 1.68
A37: 6 | B37: ТСЦ-509-0584 | C37: Резисторы | D37: шт. | E37: 10 | F37: 1.19 | J37: 12
A38: 7 | B38: ТЕРм10-08-003-02 | C38: Устройство ультразвуковое, прибор ультразвуковой в одноблочном исполнении | D38: 1 шт. | E38: 8 | F38: 57.07 | G38: 51.77 | H38: 0.26 | J38: 457 | K38: 414 | L38: 2 | N38: 3.6 | O38: 28.8
A39: 8 | B39: ФССЦ-509-4483 | C39: Оповещатель звуковой, марка "Маяк-12-3М" (Приведение расценок ФЕР к территориальному уровню (Письмо УРЦЦС Ц-297 от 12.04.2011) ОЗП=1,41; ЭМ=1,242; ЗПМ=1,41; МАТ=1,052) | D39: шт. | E39: 8 | F39: 26.18 | J39: 209
A40: 9 | B40: ТЕРм08-03-593-10 | C40: Световые настенные указатели | D40: 100 шт. | E40: 0.02 | F40: 2523.44 | G40: 1371.85 | H40: 556.95 | I40: 20.38 | J40: 50 | K40: 27 | L40: 11 | N40: 98.2 | O40: 1.96 | P40: 1.12 | Q40: 0.02
A41: 11 | B41: ТЕРм08-02-397-01 | C41: Профиль перфорированный монтажный длиной 2 м | D41: 100 м | E41: 0.02 | F41: 1392.25 | G41: 141.78 | H41: 242.87 | I41: 57.25 | J41: 28 | K41: 3 | L41: 5 | M41: 1 | N41: 10.7 | O41: 0.21 | P41: 3.61 | Q41: 0.07
A42: 12 | B42: ФССЦ-509-2963 | C42: Кабель-канал пластиковый 2100x40x20 мм (Приведение расценок ФЕР к территориальному уровню (Письмо УРЦЦС Ц-297 от 12.04.2011) ОЗП=1,41; ЭМ=1,242; ЗПМ=1,41; МАТ=1,052) | D42: м | E42: 2 | F42: 9.75 | J42: 20
A43: 13 | B43: прайс-лист | C43: Коробка УК-2П Ц:12/1,18/5,59х1.02х1.003 | D43: шт | E43: 10 | F43: 1,86 12/1,18/5,59*1,02*1,003 | J43: 19
A44: 14 | B44: ТЕРм08-02-148-01 | C44: Кабель до 35 кВ в проложенных трубах, блоках и коробах, масса 1 м кабеля до 1 кг | D44: 100 м кабеля | E44: 1.7 | F44: 798.84 | G44: 168.02 | H44: 544.81 | I44: 57.87 | J44: 1358 | K44: 286 | L44: 926 | M44: 98 | N44: 12.4 | O44: 21.08 | P44: 3.39 | Q44: 5.76
A45: 10 | B45: ТЕРм08-02-401-01 | C45: Кабель двух-четырехжильный сечением жилы до 16 мм2 с креплением накладными скобами, полосками с установкой ответвительных коробок | D45: 100 м | E45: 1,68 (170-2) / 100 | F45: 4032.86 | G45: 683.7 | H45: 957.86 | I45: 390.47 | J45: 6775 | K45: 1149 | L45: 1609 | M45: 656 | N45: 51.6 | O45: 86.69 | P45: 24.95 | Q45: 41.92
A46: 15 | B46: ТЕРм08-02-402-01 | C46: Кабель двух-четырехжильный по установленным конструкциям и лоткам с установкой ответвительных коробок в помещениях с нормальной средой сечением жилы до 10 мм2 | D46: 100 м | E46: 0,02 2 / 100 | F46: 1131.61 | G46: 202.73 | H46: 704.04 | I46: 87.33 | J46: 23 | K46: 4 | L46: 14 | M46: 2 | N46: 15.3 | O46: 0.31 | P46: 5.28 | Q46: 0.11
A47: 16 | B47: прайс | C47: Кабель КПСэНГ FRLS 1х2х0,5 цена=5555,39/200м | D47: м | E47: 170 | F47: 4,31 5555,39/200/1,18/5,59*1,02*1,003 | J47: 733
A48: Итого прямые затраты по разделу в ценах 2001г. | J48: 11369 | K48: 3319 | L48: 2585 | M48: 757 | O48: 243.01 | Q48: 47.88
A49: Накладные расходы | J49: 3595
A50: Сметная прибыль | J50: 2557
A51: Итого по разделу 1 Пожарная сигнализация и оповещение | J51: 17521 | O51: 243.01 | Q51: 47.88
A52: Раздел 2. Оборудование
A53: 17 | B53: прайс-лист | C53: Прибор приемно-контрольный ВЭРС-ПК2 Ц:1640/1,18/3,94х1.012х1.03 | D53: шт | E53: 1 | F53: 367.69 | J53: 368
A54: 18 | B54: прайс-лист | C54: Аккумулятор свинцовый ДТ12045 Ц:621/1,18/3,94х1.012х1.03 | D54: шт | E54: 1 | F54: 139.23 | J54: 139
A55: 19 | B55: прайс-лист | C55: Передатчик тревожной сигнализации РифСтринг RS-202NF Ц:5040/1,18/3,94х1.012х1.03 | D55: шт | E55: 1 | F55: 1129.98 | J55: 1130
A56: 20 | B56: прайс-лист | C56: Устройство коммутационное УК-ВК2 Ц:430/1,18/3,94х1.012х1.03 | D56: шт | E56: 1 | F56: 96.41 | J56: 96
A57: 21 | B57: прайс-лист | C57: Извещатель пожарный дымовой оптикоэлектронный ИП212-45 с кольцом Ц:250/1,18/3,94х1.012х1.03 | D57: шт | E57: 12 | F57: 56.05 | J57: 673
A58: 22 | B58: прайс-лист | C58: Извещатель пожарный ручной ИПР-3СУ Ц:122,85/1,18/3,94х1.012х1.03 | D58: шт | E58: 1 | F58: 27.54 | J58: 28
A59: 23 | B59: прайс-лист | C59: Тревожная кнопка ИО101-2 \КНФ-1\ Ц:203/1,18/3,94х1.012х1.03 | D59: шт | E59: 2 | F59: 45.51 | J59: 91
A60: 24 | B60: прайс-лист | C60: Оповещатель пожарный Световой Молния -12 Маяк-12-3 Ц:157/1,18/3,94х1.012х1.03 | D60: шт | E60: 2 | F60: 51.57 | J60: 103
A61: Итого прямые затраты по разделу в ценах 2001г. | J61: 2628
A62: Итого по разделу 2 Оборудование | J62: 2628
A63: ИТОГИ ПО СМЕТЕ:
A64: Итого прямые затраты по смете в ценах 2001г. | J64: 13997 | K64: 3319 | L64: 2585 | M64: 757 | O64: 243.01 | Q64: 47.88
A65: Накладные расходы | J65: 3595
A66: Сметная прибыль | J66: 2557
A67: Итоги по смете:
A68: Итого Строительные работы | J68: 19
A69: Итого Монтажные работы | J69: 17502 | O69: 243.01 | Q69: 47.88
A70: Итого Оборудование | J70: 2628
A71: Итого | J71: 20149 | O71: 243.01 | Q71: 47.88
A72: В том числе:
A73: Материалы | J73: 5465
A74: Машины и механизмы | J74: 2585
A75: ФОТ | J75: 4076
A76: Оборудование | J76: 2628
A77: Накладные расходы | J77: 3595
A78: Сметная прибыль | J78: 2557
A79: ВСЕГО по смете | J79: 20149 | O79: 243.01 | Q79: 47.88
A83: Составил: ___________________________Пронина Г.С.
A84: (должность, подпись, расшифровка)
A86: Проверил: ___________________________Стрижов Ю.А.
A87: (должность, подпись, расшифровка)
A89: 39 | B89: ТЕР01-02-061-02 Постан.Правит.Свердл.обл. от 10.11.10 №1616-ПП | C89: Засыпка вручную траншей, пазух котлованов и ям, группа грунтов 2 | D89: 100 м3 грунта | E89: 0.03 | F89: 1027.4 | G89: 1027.4 | K89: 31 | L89: 31 | O89: 97.2 | P89: 2.92
A90: 40 | B90: ТЕР01-01-022-15 Постан.Правит.Свердл.обл. от 10.11.10 №1616-ПП | C90: Разработка грунта в траншеях экскаватором «обратная лопата» с ковшом вместимостью 0,5 (0,5-0,63) м3, группа грунтов 3 | D90: 1000 м3 грунта | E90: 0.0054 | F90: 6443.25 | H90: 6443.25 | I90: 755.7 | K90: 35 | M90: 35 | N90: 4
A91: 41 | B91: СЦП3-3-9-1 | C91: Перевозка грузов автомобилями-самосвалами (работающими вне карьеров): расстояние 9 км, класс груза I | D91: т | E91: 10.422 | F91: 12.27 | H91: 12.27 | K91: 128 | M91: 128
A92: 42 | B92: ТЕР01-01-016-02 Постан.Правит.Свердл.обл. от 10.11.10 №1616-ПП | C92: Работа на отвале, группа грунтов 2-3 | D92: 1000 м3 грунта | E92: 0.0054 | F92: 478.65 | G92: 40.11 | H92: 433.44 | I92: 67.17 | K92: 3 | M92: 2 | O92: 3.65 | P92: 0.02
A93: 43 | B93: ТЕР01-01-037-01 Постан.Правит.Свердл.обл. от 10.11.10 №1616-ПП | C93: Засыпка траншей и котлованов предварительно разрыхленным скальным грунтом с перемещением до 10 м бульдозерами мощностью 79 кВт (108 л.с.) | D93: 1000 м3 грунта | E93: 0.0042 | F93: 2346.08 | H93: 2346.08 | I93: 372.24 | K93: 10 | M93: 10 | N93: 2
A94: 44 | B94: ТСЦ-408-0015 Постан.Правит.Свердл.обл. от 10.11.10 №1616-ПП | C94: Щебень из природного камня для строительных работ марка 800, фракция 20-40 мм | D94: м3 | E94: 4.2 | F94: 127.52 | K94: 536
A95: Итого прямые затраты по разделу в ценах 2001г. | K95: 857 | L95: 145 | M95: 175 | N95: 6 | P95: 13.36
A96: Накладные расходы | K96: 122
A97: Сметная прибыль | K97: 68
A98: Итого по разделу 3 Земляные работы | K98: 1047 | P98: 13.36
A99: Раздел 4. Строительные работы
A100: 45 | B100: ТЕР23-01-001-01 Постан.Правит.Свердл.обл. от 10.11.10 №1616-ПП | C100: Устройство основания под трубопроводы песчаного | D100: 10 м3 основания | E100: 0.12 | F100: 1636.02 | G100: 117.4 | H100: 26.91 | I100: 5.47 | K100: 196 | L100: 14 | M100: 3 | N100: 1 | O100: 10.2 | P100: 1.22
A101: 46 | B101: ТЕР22-01-011-01 Постан.Правит.Свердл.обл. от 10.11.10 №1616-ПП прим | C101: Укладка стальных водопроводных труб с гидравлическим испытанием диаметром 50 мм | D101: 1 км трубопровода | E101: 0.042 | F101: 45604.08 | G101: 4639.62 | H101: 2412.61 | I101: 302.08 | K101: 1915 | L101: 195 | M101: 101 | N101: 13 | O101: 318 | P101: 13.36
A102: 47 | B102: ТЕР07-01-055-08 Постан.Правит.Свердл.обл. от 10.11.10 №1616-ПП прим | C102: Устройство калиток с установкой столбов металлических | D102: 100 шт. | E102: 0.14 | F102: 12672.15 | G102: 11953.43 | H102: 441.05 | I102: 1.25 | K102: 1774 | L102: 1673 | M102: 62 | O102: 855.65 | P102: 119.79
A103: 48 | B103: НИКИРЭТ г.Заречный 2013г | C103: Грибок постовой. Цена (8700+560)/1,18/5,53*1,03*1,0075 | D103: 1 шт. | E103: 14 | F103: 1472.6 | K103: 20616
A104: 49 | B104: ТЕР06-01-001-01 Постан.Правит.Свердл.обл. от 10.11.10 №1616-ПП | C104: Устройство бетонной подготовки | D104: 100 м3 бетона, бутобетона и железобетона в деле | E104: 0.07 | F104: 9627.53 | G104: 1978.2 | H104: 4648.35 | I104: 327.6 | K104: 674 | L104: 138 | M104: 325 | N104: 23 | O104: 180 | P104: 12.6
A105: 50 | B105: ТСЦ-401-0026 Постан.Правит.Свердл.обл. от 10.11.10 №1616-ПП | C105: Бетон тяжелый, крупность заполнителя более 40 мм, класс В15 (М200) | D105: м3 | E105: 7.14 | F105: 563.13 | K105: 4021
A106: 51 | B106: ТЕР06-01-001-04 Постан.Правит.Свердл.обл. от 10.11.10 №1616-ПП | C106: Устройство бетонных фундаментов общего назначения под колонны объемом более 5 м3 | D106: 100 м3 бетона, бутобетона и железобетона в деле | E106: 0.012 | F106: 13887.65 | G106: 3944.56 | H106: 5922.19 | I106: 420.82 | K106: 167 | L106: 47 | M106: 71 | N106: 5 | O106: 328.44 | P106: 3.94
A107: 52 | B107: ТСЦ-401-0026 Постан.Правит.Свердл.обл. от 10.11.10 №1616-ПП | C107: Бетон тяжелый, крупность заполнителя более 40 мм, класс В15 (М200) | D107: м3 | E107: 1.224 | F107: 563.13 | K107: 689
A108: Итого прямые затраты по разделу в ценах 2001г. | K108: 30052 | L108: 2067 | M108: 562 | N108: 42 | P108: 150.91
A109: Накладные расходы | K109: 2689
A110: Сметная прибыль | K110: 1758
A111: Итого по разделу 4 Строительные работы | K111: 34499 | P111: 150.91
A112: Раздел 5. Материалы не учтенные ценником
...

Sheet 15
A1: СОГЛАСОВАНО: | M1: УТВЕРЖДАЮ:
A4: _________________ | M4: _________________
A5: " _____ " ________________ 2013 г. | M5: "____" ______________2013 г.
H6: ФГУП "Комбинат "Электрохимприбор" г.Лесной, Свердловской области
H7: (наименование стройки)
H9: ЛОКАЛЬНЫЙ СМЕТНЫЙ РАСЧЕТ № 15
H10: (локальная смета)
C12: на | D12: Наружное освещение, Автоматическая мойка цеха 013
H13: (наименование работ и затрат, наименование объекта)
D15: Основание: 13-044-00-ЭН.С
D16: Сметная стоимость монтажных работ _______________________________________________________________________________________________ | J16: ___________________________26,128 | L16: тыс. руб.
